Workbook
Name _Toc90463093: 'Toelichting op elk element'!#REF!
Name _Toc90463094: 'Toelichting op elk element'!#REF!
Name _Toc90463095: 'Toelichting op elk element'!#REF!
Name _Toc90463096: 'Toelichting op elk element'!#REF!
Name _Toc90463097: 'Toelichting op elk element'!$B$2
Name _Toc90463098: 'Toelichting op elk element'!$B$3
Name _Toc90463099: 'Toelichting op elk element'!$B$5
Name _Toc90463100: 'Toelichting op elk element'!$B$7
Name _Toc90463101: 'Toelichting op elk element'!$B$12
Name _Toc90463102: 'Toelichting op elk element'!$B$13
Name _Toc90463103: 'Toelichting op elk element'!$B$15
Name _Toc90463104: 'Toelichting op elk element'!$B$17
Name _Toc90463105: 'Toelichting op elk element'!$B$22
Name _Toc90463106: 'Toelichting op elk element'!$B$23
Name _Toc90463107: 'Toelichting op elk element'!$B$25
Name _Toc90463108: 'Toelichting op elk element'!$B$27
Name _Toc90463109: 'Toelichting op elk element'!$B$32
Name _Toc90463110: 'Toelichting op elk element'!$B$33
Name _Toc90463111: 'Toelichting op elk element'!$B$35
Name _Toc90463112: 'Toelichting op elk element'!$B$37
Name _Toc90463113: 'Toelichting op elk element'!$B$40
Name _Toc90463114: 'Toelichting op elk element'!$B$41
Name _Toc90463115: 'Toelichting op elk element'!$B$43
Name _Toc90463116: 'Toelichting op elk element'!$B$45
Name _Toc90463117: 'Toelichting op elk element'!$B$48
Name _Toc90463118: 'Toelichting op elk element'!$B$49
Name _Toc90463119: 'Toelichting op elk element'!$B$51
Name _Toc90463120: 'Toelichting op elk element'!$B$53
Name _Toc90463121: 'Toelichting op elk element'!$B$56
Name _Toc90463122: 'Toelichting op elk element'!$B$57
Name _Toc90463123: 'Toelichting op elk element'!$B$59
Name _Toc90463124: 'Toelichting op elk element'!$B$61
Name _Toc90463125: 'Toelichting op elk element'!$B$65
Name _Toc90463126: 'Toelichting op elk element'!$B$66
Name _Toc90463127: 'Toelichting op elk element'!$B$68
Name _Toc90463128: 'Toelichting op elk element'!$B$70
Name _Toc90463129: 'Toelichting op elk element'!$B$73
Name _Toc90463130: 'Toelichting op elk element'!$B$74
Name _Toc90463131: 'Toelichting op elk element'!$B$76
Name _Toc90463132: 'Toelichting op elk element'!$B$78
Name _Toc90463133: 'Toelichting op elk element'!$B$83
Name _Toc90463134: 'Toelichting op elk element'!$B$84
Name _Toc90463135: 'Toelichting op elk element'!$B$86
Name _Toc90463136: 'Toelichting op elk element'!$B$88
Name _Toc90463137: 'Toelichting op elk element'!$B$91
Name _Toc90463138: 'Toelichting op elk element'!$B$92
Name _Toc90463139: 'Toelichting op elk element'!$B$94
Name _Toc90463140: 'Toelichting op elk element'!$B$96
Name _Toc90463141: 'Toelichting op elk element'!$B$99
Name _Toc90463142: 'Toelichting op elk element'!$B$100
Name _Toc90463143: 'Toelichting op elk element'!$B$102
Name _Toc90463144: 'Toelichting op elk element'!$B$104
Name _Toc90463145: 'Toelichting op elk element'!$B$107
Name _Toc90463146: 'Toelichting op elk element'!$B$108
Name _Toc90463147: 'Toelichting op elk element'!$B$110
Name _Toc90463148: 'Toelichting op elk element'!$B$112
Name _Toc90463149: 'Toelichting op elk element'!$B$115
Name _Toc90463150: 'Toelichting op elk element'!$B$116
Name _Toc90463151: 'Toelichting op elk element'!$B$118
Name _Toc90463152: 'Toelichting op elk element'!$B$122

Sheet opmerkingen voor Marcel en Henk
A1: De tabbladen per kostprijs staan klaar.
G6: Dit is volgens mij een onjuiste verwijzing
G8: Ik zie nog steeds die verwijzing staan anders:
A17: gewijzigd in:
G24: Waar je het dan hebt gewijzigd, zie ik zo niet staan. Het maakt volgens mij ook helemaal niet uit, omdat je alleen de
G25: ZVW overhoudt bovenop het bruto loon als KP, premies en pensioenen zijn 0. Ik denk dat ik hem daarom niet
G26: opnieuw had berekend en er naar verwees.
A34: Kostprijsfactoren normale uren | D34: Kostprijsfactoren overige uren
A35: Wil jij alle verwijzingen onder deze rode balk nalopen?
A36: Het is nu -behalve de wijziging die ik hierboven heb weergegeven- op alle tabbladen hetzelfde als bij IA
A38: 41939 | B38: Het is mij niet helemaal duidelijk welke regels er onder de rode balk weggekaten mogen worden.
B39: Wil jij ze verwijderen waar dat moet?
A40: 41940 | B40: Die verwijzing naar IA was fout. Ik heb dat aangepast. Op IB+IIB moet het verwijzen naar IB+IIB, etc.
B41: Ik snap niet goed wat je hier nog zou willen verwijderen. De combinaties die er nu staan, kunnen als contractvorm en dus ook als kostprijs voorkomen.
A42: 41940 | B42: Afgehandeld
A44: Ik vind dat we dit moeten inbouwen. Dit staat zo knullig
A45: Op de grondslag moet eigenlijk het werknemersdeel pensioenpremie en het werknemersdeel van de zw-aanvullend
A46: in mindering worden gebracht. Om de berekening niet te ingewikkeld te maken, is dat niet gedaan
A47: Ik niet. Kán ook niet, omdat het netto premiepercentage afhankelijk is van het uurloon. Bij een uurloon van 10,- heb je door de franchise een heel ander percentage dan bij 20,-. Dus gewoon melden in de tekst melden. Het is een commerciële kostprijs die hier wordt berekend, geen verloning.
A49: 41939 | B49: Ik heb er deze tekst van gemaakt:
B50: Door de franchise op het werknemersdeel van de pensioenpremie en zw-aanvullend is de exacte grondslag afhankelijk van het feitelijke uurloon.
B51: Hier is dus geen generieke berekening mogelijk. De franchise is buiten beschouwing gelaten en leidt tot een gering voordeel in de nacalculatorische kostprijs.
A52: 41940 | B52: Prachtig!
A53: 41940 | B53: Afgehandeld
A55: Ik heb de oude kostprijsbladen nog niet verwijderd.
A56: Dat moeten we pas doen na volledige check juistheid nieuwe bladen.
A57: Oude tabbladen zijn verwijderd
A60: Beveiliging bestand:
A61: 41939 | B61: Ik denk dat het bij dit bestand belangrijk is dat we de beveiliging optimaal maken.
B62: Met Visual Basic kan ik de bladen verbergen, maar er dan geen wachtwoord opzetten…tenzij…
B63: ik Excel laat denken dat er een macro aanwezig is, dan kan ik een wachtwoordbeveiliging maken in Visual Basic.
B64: Enige nadeel daarvan is, dat als een klant de kostprijzen van ons toegestuurd krijgt, dat er een melding verschijnt
B71: Of de macro's door de klant worden ingeschakeld of niet, maakt voor het resultaat van de worksheets niet uit.
B73: Hoe we het meest makkelijk, en met een goed beveiligd bestand kunnen werken:
B74: Klant krijgt eerst Excel bestand met pagina In te vullen gegevens en verborgen (met Visual Basic) de vaste waarden. Daar zit geen zware beveiliging op het verborgen tabblad, dus geen melding over uitgeschakelde macro's.
B75: Ingevulde bestand komt retour.
B76: Enige wat er moet worden gedaan is de pagina In te vullen gegevens kopieren/plakken in een Excel binair bestand, waar al de juiste pagina's zichtbaar zijn, EN een goede beveiliging.
B77: Bestand opslaan als - naam klant
B78: Verzenden per e-mail.
B79: Klaar
B81: NB. Er komt naast de beveiliging op verborgen tabbladen uiteraard een beveiliging dat alleen de cellen die ingevuld moeten worden te benaderen zijn.
A83: 41940 | B83: We doen het op de manier die jij het beste vindt. Maar als we dan nog steeds moeten knippen en plakken, kunnen we toch ook een bestand sturen met één tabblad, namelijk de in te vllen gegevens?
B84: Of is dat dan toch meer werk voor ons? Geen idee namelijk wat een 'binair bestand' is…
A85: 41940 | B85: Inderdaad, alleen de in te vullen gegevens versturen, die wordt "gevoed" door blad vaste gegevens. Vandaar die verbergen.
B86: Komt helemaal in orde
A87: Wachtdag bij NBBU in IB+IIB
A88: 41940 | B88: De CAO van de NBBU biedt theoretisch de mogelijkheid om bij overeenkomsten zonder beding te kiezen voor 0, 1 of 2 wachtdagen. Bij twee wachtdagen moet er weer wachtdagcompensatie
B89: worden gegeven. Deze optie ondersteunen we nu niet. Dat moeten we denk ik wel melden bij de in te vullen gegevens. Of jij moet de behoefte voelen dat nog in te bouwen...
A90: 41940 | B90: Ik vind dat dit ingebouwd moet worden (heb ik net gedaan op de in te vullen gegevens…..)
B91: Als cao = NBBU:
B92: 0 wachtdagen: | D92: huidige berekening ok
B93: 1 wachtdag | D93: welk percentage compensatie?
B94: 2 wachtdagen | D94: welk percentage compensatie?
A95: 41940 | B95: Antwoord:
B96: 0 wachtdagen: | D96: huidige berekening ok, namelijk 0
B97: 1 wachtdag | D97: huidige berekening ok, namelijk 0
B98: 2 wachtdagen | D98: percentage wachtdagcompensatie gelijk aan dat van overeenkomsten met uitzendbeding, dus 0,71 bij IB en 1,16 bij IIB
A99: 41940 | B99: VOLGENS MIJ MOET DIT 'M ZIJN
A100: 41941 | B100: Gezien de tekst in B5, verwacht ik een percentage, niet een aantal dagen. Kun je hem uitbreiden met de volgende tekst:
B101: Gewenste aantal wachtdagen bij overeenkomsten zonder uitzendbeding'
A102: 41941 | B102: Die tekst die je noemt, had ik staan in C5. Wil je 'm daar weghebben en verplaatsen naar B5? Dat kan hoor…
A103: 41942 | B103: Waar ik mee zit is dat er in B5 geen duidelijke link is met overeenkomsten zonder beding. Dus dan denk ik dat iedereen daar verwacht dat het over wdc bij ovk mét beding gaat. Als je het
B104: aan B5 toevoegt, verdwijnt het netjes als je ABU invult. Nu blijft het staan en dan is het nig verwarrenden, want je kunt nog wel 2 invullen.
B106: Bij keuze ABU, blijft tekst C staan, moet dan weg. Bij toelichting nog aangeven: n.v.t.
A107: 41943 | B107: aangepast
A108: 41945 | B108: Akkoord
A109: tabblad A-1-2a zonder beding
A120: 41940 | B120: Volgens mij heb ik hier foutieve soort werkn. en moet de tekst zijn: Uzk Fase A zonder beding. Heb ik aangepast.
A121: 41941 | B121: Bij NBBU moet de tekst verwijzen naar fase 1 en 2a. Ook gaat het mis bij tabblad voor fase 3 en 4, daar staat dan ook fase 1/2
A128: 41941 | B128: aangepast. Ik zag dat bij keuze ABU er ook eentje onjuist was.
A129: 41942 | B129: Zouden we te term soort werknemer niet moeten vervangen door 'Fase' en dan Uzk weghalen? Alle soorten staan namelijk onderaan genoemd.
B131: B4 soort wn, wordt Fase
B132: C4 Uzk weg
A133: 41943 | B133: aangepast. Tekst: Fase en soort
A134: 41945 | B134: Gaat nog mis in. Hier staat fase A
A141: Vaksectoren
A142: 41940 | B142: Welk tabblad als vertrekpunt nemen?
B143: Waarde invulveld F40, cq F41, cq F42, in welke cel plaatsen bij de kostprijzen? --> D21
A144: 41940 | B144: Antwoord: | C144: inderdaad, in D21
A145: 41940 | B145: Ik heb de tabbladen voor de 1e vaksector (van de 3 die in te vullen zijn) gemaakt. Als dit akkoord is, dan maak ik de anderen ook.
A146: 41941 | B146: Het is mooi dat je het zo aanbiedt, maar dan moet je ook extra opties bieden voor de werkhervattingskas. Is het niet eenvoudiger om als ze dit invullen, zelf een leeg exemplaar
B147: te nemen en voor elke sector een extra set aan te leveren waar we dan de tabs met beding verbergen/verwijderen?
A148: 41941 | B148: Dit moeten we even telf afstemmen. Ik begrijp je niet helemaal
A151: Dit in de kop toegevoegd bij vaksector
A156: Deze tekst verschijnt op de tabbladen met de vaksectoren als er geen vaksector is geselecteerd.
A159: De waardes laat ik er dan bewust raar uitzien:
A168: 41945 | B168: We weten welke % sectorpremie geldt voor welke vaksector. Die zouden we toe kunnen voegen aan blad vaste waarden en ze dan terug laten komen in de 'in te vullen gegevens' en de berekening. Als ik ze toevoeg, kun jij die koppeling dan leggen?
A170: Eenvoudige kostprijsberekening
A171: 41940 | B171: Wat bedoel je eigenlijk met deze koptekst?
A172: 41941 | B172: vroeger was die heel eenvoudig: 1 tabblad en steeds allles opnieuw invullen voor elke soort kandidaat en urensoort.
A173: 41941 | B173: Zullen we als kop nemen: | E173: Kostprijsberekening
A174: 41942 | B174: akkoord
A175: 41943 | B175: aangepast
A176: 41945 | B176: Akkoord
A177: Bladen verbergen:
A178: 41941 | B178: Mijn idee voor de verzending:
B179: Iemand bestelt onze kostprijs.
B180: Het staat bij ons klaar als standaard document. bruine tabbladen zijn dan al verborgen, net als nu.
B181: Op de pagina Bedrijfsnaam vul je de naam van de klant in.
B183: Vul ook het juiste pad in
...

Sheet Bedrijfswaardes
B1: Door ons in te vullen bedrijfswaardes
B8: Bedrijfsgegevens
B9: Naam inlener | C9: Stichting Hanzehogeschool Groningen
B10: Naam uitlener | C10: Inschrijvende partij
B11: ABU of NBBU | C11: ABU
B12: WGA | C12: =Variabelen!F26 -> 0
B13: ZW-flex | C13: 0
B14: Totale Whk | C14: =C12+C13 -> 0
B15: Hoge of lage premie AOF | C15: 0.0763
B22: Deze tool is alleen bedoeld om de kosten van de arbeidsvoorwaarden bij de opdrachtgever in kaart te brengen en niet om op een of andere manier de gelijkwaardigheid
B23: van de beloning te bepalen. Ons advies is om waar mogelijk te gaan voor gelijke beloning, dus hetzelfde aantal feestdagen, vakantiedagen, hetzelfde percentage vakantiegeld, etc.
B24: als bij de opdrachtgever.
B26: Deze tool is een hulpmiddel en heeft als doel de commerciële kostprijs van arbeidsvoorwaarden vast te stellen, maar kan geen rekening houden met álle verschillende grondslagen
B27: die kunnen voorkomen. We hebben de meest gangbare grondslagen als uitgangspunt genomen en je kunt zelf aangeven waarover je vakantiegeld wilt berekenen. Er zullen echter zeker
B28: CAO's en regelingen zijn die hierdoor niet volledig gedekt zijn. Houd daar rekening mee bij het vaststellen van de uiteindelijke kostprijsfactor!
B30: FlexKnowledge is nooit aansprakelijk voor de gevolgen van een berekening die uiteindelijk onjuist of onvolledig blijkt te zijn.
A33: Dit bestand bevat tabbladen voor de verschillende contractsoorten. Per contractsoort zijn verschillende types uitzendkracht te definiëren en verschillende urensoorten.
A34: - | B34: Tabblad RG I, fase A/1+2 staat voor administratieve en medische functies in contracten zowel met als zonder uitzendbeding in fase A of 1+2
A35: - | B35: Tabblad RG II, fase A-1+2 staat voor technische en productiefuncties in contracten zowel met als zonder uitzendbeding in fase A of 1+2
A36: - | B36: Tabblad IB+IIB B-3 staat voor alle functies in contracten zonder uitzendbeding in fase B of 3
A37: - | B37: Tabblad IB+IIB C-4 staat voor alle functies in contracten zonder uitzendbeding in fase C of 4
A38: Veel van de waardes in de kostprijsopbouw volgen uit wet- en regelgeving en/of de CAO voor Uitzendkrachten en/of de Beloningsregeling van de inlener en zijn daarom niet te wijzigen.
A39: De keuzes die zijn gemaakt, zijn in overleg met FlexKnowledge gemaakt.
A41: U kunt in het tabblad Variabelen alleen de paarse velden in het bovenste blok bewerken. De waardes die u invult worden waar nodig doorgekopieerd naar andere urensoorten of types werknemers.
A42: Alle kostprijsfactoren worden op 4 cijfers achter de komma afgerond en zijn verzameld in het tabblad 'Opgave tarief'. Op dat tabblad kunt u ook de bureaumarge invullen en samen leidt dit tot de tarieffactor die u offreert
A46: Copyright © FlexKnowledge, 2026.
A47: Dit model en de bijbehorende inhoud zijn beschermd. Het is niet toegestaan dit document, geheel of gedeeltelijk, te kopiëren, te vermenigvuldigen, te verspreiden of op andere wijze te gebruiken zonder voorafgaande schriftelijke toestemming van FlexKnowledge B.V.
A48: Ongeoorloofd gebruik kan leiden tot juridische stappen.

Sheet Bedrijfsnaam
D8: Pad waar dit bestand moet worden opgeslagen: LET OP: altijd afsluiten met een \
D9: C:\Users\mreij\Dropbox\Flexknowledge\1. Projecten\1. Ingevulde kostprijsdocumenten\2023-2024\
D11: Bestandsnaam (daarachter komt de bedrijfsnaam)
D12: FK131019D001 -FlexKnowledge Kostprijsberekening 2026 StiPP
D14: Vul bedrijfsnaam klant in
D15: =Bedrijfswaardes!C9 -> Stichting Hanzehogeschool Groningen
C22: D1-D07 | D22: voorbereidende versies
C23: R1 | D23: eerste versie, uitgeleverd aan helpdeskabonnees
C24: R2 | D24: niet uitgeleverd
C25: R3 | D25: kolommen verbreed, tekst uitbereid op tabblad Pensioen, diverse teksten aangepast
D26: pensioencompensatie verhuisd van niveau EJU naar TV, i.v.m, grondslag. Dus ook over vergoedingen
D27: pc alleen opgenomen als er ook pensioenopbouw is
D28: berekening netto wg-premie stipp uitgebreid met vg over pc
D29: kv/bv toegevoegd aan grondslag vakantiegeld
D30: vakantiewerkers en AOW met pensioen verborgen
D31: naamgeving grondslag gecorrigeerd in rekenbladen
D32: Teksten toelichting op elk element geupdate aan nieuwe cao
C33: R4 | D33: Pensioencompensatie over alle urensoorten
C34: R5 | D34: Pensioencompensatie verhoogd met percentage SV
C35: R5a | D35: Franchise overwerk aangepast
C36: R6 | D36: Extra tabblad toegevoegd met alle factoren om te kopiëren
C37: D001 | D37: Tekst in paarse blok bovenaan aangepast van met beding naar MUB odf ZUB
D38: Maandloon verborgen, WIA compensaties verborgen
D39: Uurloon gekoppeld aan netto werkgeverspremie pensioen en op 8% gezet als er geen uurloon is ingevuld.
D40: Tekst bij overige directe kosten op tabblad variabalen aangepast
D41: Pensioenpremie in Overwerk gekoppeld aan maximum pensioengevend loon
D42: Jongeren t/m 17 jaar toegevoegd, gelijk aan regulier minus pensioen
C46: D100 | D46: Kopie van D001, maar dan voor uitleners
D47: Variabelen aangepast aan beschikbare velden in oude model inlener
D48: Anders: overige kosten over hele kostprijs en niet meer alleen over loon + reserveringen
D49: Verzuimkosten AOW aangepast
C50: D101 | D50: Berekening pensioencompensatie aangepast. Factor 0,853 gingdubbel
D55: Voor Amsterdam en Sappi moeten in de definitieve versie de waardes voor pensioen in overwerk worden aangepast naar 15,9%
D56: Voor Amsterdam scholing ui fase B en C halen en alleen over normale uren.
D57: Waar nodig directe kosten aanpassen naar alleen NU
D58: Verzuimkosten AOW aangepast
C59: D101 | D59: Berekening pensioencompensatie aangepast. Factor 0,853 gingdubbel
C60: D102 | D60: Pensioencompensatie volledig opnieuw opgezet
C61: D103 | D61: Grondslag scholing aangepast in IIA en foute verzijzingen in bruto vergoedingen aangepast
D62: Scholingsdagen liepen dubbel mee in opbouw
D64: Voor Amsterdam en Sappi moeten in de definitieve versie de waardes voor pensioen in overwerk worden aangepast naar 15,9%
D65: Voor Amsterdam scholing ui fase B en C halen en alleen over normale uren.
D66: Waar nodig directe kosten aanpassen naar alleen NU
C68: R1 | D68: voorlopige premies van 2026 toegevoegd, tabbladen vergrendeld, kleuren verwijderd van prijzenbladen
C70: R2 | D70: Enkele inconsistenties bij AOW aangepast
C73: R3 | D73: Specifiek voor opdrachtgeversversie
D74: teksten in toelichting aangepast
D75: pensioenpremie toegevoegd aan pensioencompensatie incl. SV
D76: pensioenpremie overwerk op 15,9% gezet
D77: verwijzingen naar voetnoten verwijderd
D78: Prijzenbladen 1, 2 en 3 toegevoegd (%marge, tarieffactor en nominaal)
D79: transitievergoeding en pensioencompensatie gesplitst
D80: transitievergoeding uit de factor voor bruto vergoeding gehaald
D81: Weergave PC op P&ZW-A 4 cijfers achter de komma
D82: Weergave percentages op IA in 4 cijfers achter de komma
D83: kort verzuim en WAZO-verlof toegevoegd aan grondslag vakantiegeld
D84: Ook op tabbladen voor uitleners aangepast
D85: PC voor fase B en C gekoppeld aan gemiddelde loon in B en C
... D92: Sociaal fonds toegevoegd aan sociale lasten tbv. PC, hulpblad B29

Sheet Overzicht van invoer
B1: Kostprijzen 2026
B2: Component, zie ook het tabblad 'Toelichting op elk element' | F2: Waardes | H2: Toelichting, zie ook het tabblad 'Toelichting op elk element'
B3: Naam van uw organisatie | C3: =Bedrijfswaardes!C9 -> Stichting Hanzehogeschool Groningen | D3: =IF(#REF!=0,"√","←") -> #REF!
B4: Toepasselijke CAO | F4: =Bedrijfswaardes!C11 -> ABU
B5: =IF(F4="ABU",#REF!,IF(F4="NBBU",#REF!,)) -> #REF! | C5: =IF(F4="NBBU","Gewenste aantal wachtdagen bij overeenkomsten zonder uitzendbeding","") | F5: 1 | H5: =IF(F4="NBBU",#REF!,IF(F4="ABU","Deze vraag niet beantwoorden.",)) -> Deze vraag niet beantwoorden.
B6: ZW-aanvullend voor I (adm/medisch) | C6: Totaal | D6: Zie tabblad Pensioen & ZW-A | F6: =Variabelen!F13 -> 0 | H6: ='Vaste waarden'!F11 -> Adviespremie van verzekeraar: 2,2%. Je kunt zelf bepalen welk percentage je invult. Zie ook het tabblad Pensioen & ZW-A
C7: Werknemerspremie | D7: =IF(M7>0,N7," ") | F7: ='Vaste waarden'!B13 -> 0.003 | H7: ='Vaste waarden'!F13 -> Maximum inhouding: 0,3%. | K7: ='Vaste waarden'!B13*100 -> 0.3 | L7: =F7*100 -> 0.3 | M7: =L7-K7 -> 0 | N7: Te hoog percentage!
C8: Werkgeverspremie | F8: =Variabelen!F15 -> 0 | H8: --> Dit percentage wordt opgenomen in de kostprijsberekening.
B9: ZW-aanvullend voor II (prod/technisch) | C9: Totaal | D9: Zie tabblad Pensioen & ZW-A | F9: =Variabelen!F16 -> 0 | H9: ='Vaste waarden'!F15 -> Adviespremie van verzekeraar: 3,96%. Je kunt zelf bepalen welk percentage je invult.Zie ook het tabblad Pensioen & ZW-A
C10: Werknemerspremie | D10: =IF(M10>0,N10," ") | F10: ='Vaste waarden'!B17 -> 0.007 | H10: ='Vaste waarden'!F17 -> Maximum inhouding: 0,7%. | K10: ='Vaste waarden'!B17*100 -> 0.7 | L10: =F10*100 -> 0.7 | M10: =L10-K10 -> 0 | N10: Te hoog percentage!
C11: Werkgeverspremie | F11: =Variabelen!F18 -> 0 | H11: --> Dit percentage wordt opgenomen in de kostprijsberekening.
B12: Pensioenpremie in fase A/1+2 | C12: Netto werkgeversdeel van de premie | D12: Zie tabblad Pensioen & ZW-A | F12: =Variabelen!F19 -> 0.10402828 | H12: ='Vaste waarden'!F36 -> Let op: Dit percentage wordt gebruikt voor fase A/1+2! De werkgeverspremie voor de regeling is 15,9%. Hier gaat de franchise van €9,24 per uur vanaf. De netto premie is dus lager. Geef hier het percentage in dat je in de kostprijs wilt opnemen.
B13: Pensioenpremie in fase B/C/3/4 | C13: Netto werkgeversdeel van de premie | D13: Zie tabblad Pensioen & ZW-A | F13: =Variabelen!F20 -> 0.10402828 | H13: ='Vaste waarden'!F37 -> Let op: Dit percentage wordt gebruikt voor fase B-C/3-4! De werkgeverspremie voor de regeling is 15,9%. Hier gaat de franchise van €0,159 per uur vanaf. De netto premie is dus lager. Geef hier het percentage in dat je in de kostprijs wilt opnemen.
B14: Premie WGA-vast | C14: Totaal | F14: 0 | H14: Percentage overnemen uit beschikking van de belastingdienst. Onderdeel van de premie Werkhervattingskas.
C15: Aandeel werknemer (max. 50%) | D15: 50 | E15: %
C16: Werknemerspremie | F16: =F14*D15/100 -> 0
C17: Werkgeverspremie | F17: =F14-F16 -> 0 | H17: --> Dit percentage wordt opgenomen in de kostprijsberekening.
B18: Werkhervattingskas, kosten verzuim ná dienstverband
B19: Premie WGA | C19: Totaal | F19: =Bedrijfswaardes!C12 -> 0 | H19: Dit percentage is overgenomen uit de beschikking van de belastingdienst. Onderdeel van de premie Werkhervattingskas.
C20: Aandeel werknemer (max. 50%) | D20: =Variabelen!F92 -> 0.5 | E20: %
C21: Werknemerspremie | F21: =F19*D20 -> 0
C22: Werkgeverspremie | F22: =F19-F21 -> 0 | H22: --> Dit percentage wordt opgenomen in de kostprijsberekening.
B23: Premie ZW indien géén ERD | F23: =Bedrijfswaardes!C13 -> 0 | H23: Dit percentage is overgenomen uit beschikking van de belastingdienst. Onderdeel van de premie Werkhervattingskas.
B24: Premie ZW indien wél ERD | C24: Uitbetaling via verzekeraar, wg-lasten meeverzekerd | D24: Premie voor fase A/1+2 RG I | F24: =Variabelen!F22 -> 0 | H24: Premie die je betaalt aan Acture, FlexCom4, Boval, etc.
D25: Premie voor fase A/1+2 RG II | F25: =Variabelen!F23 -> 0 | H25: Premie die je betaalt aan Acture, FlexCom4, Boval, etc.
D26: Premie voor B/C/3/4 | F26: =Variabelen!F25 -> 0 | H26: Premie die je betaalt aan Acture, FlexCom4, Boval, etc.
B27: Premie ZW indien wél ERD | C27: Als je zelf de volledige kosten van het ERD draagt | D27: Voorziening voor IA (MUB) | H27: Betreft schatting kosten ziekengeld bij "ziek uit dienst".
D28: Voorziening voor IIA (MUB)
D29: Voorziening voor IB+IIB (ZUB)
B30: Verzuim tijdens dienstverband contracten fase A/1+2
B31: Verwacht ziekteverzuim, verzekerd | C31: Kosten verzuim tijdens het dienstverband, meestal max. 4 weken | D31: Premie voor RG I | F31: =Variabelen!F30 -> 0 | H31: Neem de premie over uit de verzekeringspolis. Vergeet eventuele extra kosten van bijv. de arbo-begeleiding niet!
D32: Premie voor RG II | F32: =Variabelen!F31 -> 0
B33: Verwacht ziekteverzuim , niet verzekerd | C33: Kosten verzuim tijdens het dienstverband, meestal max. 4 weken | D33: Voorziening voor RG I | F33: =Variabelen!F32*Variabelen!F91 -> 0 | H33: Maak een schatting van het verzuimpercentage bij overeenkomsten met uitzendbeding voor de eerste 4 weken. Vergeet de kosten van de arbo-begeleiding niet!
D34: Voorziening voor RG II | F34: =Variabelen!F33*Variabelen!F91 -> 0
B35: Verzuim tijdens dienstverband contracten fase B/C/3/4
C36: Uitbetaling via verzekeraar, wg-lasten meeverzekerd | D36: Premie voor fase A/1+2 | H36: Neem de premie over uit de verzekeringspolis. Vergeet eventuele extra kosten van bijv. de arbo-begeleiding niet!
B37: Verwacht ziekteverzuim, verzekerd | D37: Premie voor fase B/C/3/4 | F37: =Variabelen!F41 -> 0
C38: Als u zelf volledige loondoorbetaling bij ziekte betaalt | D38: Voorziening fase A/1+2 | H38: Maak een schatting van het verzuimpercentage bij overeenkomsten zonder uitzendbeding (tijdens de duur van het dienstverband). Vergeet de kosten van de arbo-begeleiding niet!
B39: Verwacht ziekteverzuim, niet verzekerd | D39: Voorziening fase B/C/3/4 | F39: =Variabelen!F42*Variabelen!F91 -> 0 | H39: Maak een schatting van het verzuimpercentage bij overeenkomsten zonder uitzendbeding (tijdens de duur van het dienstverband). Vergeet de kosten van de arbo-begeleiding niet!
B40: Overig
B41: ADV in tijd | F41: =Variabelen!F85 -> 0 | H41: Als u ADV in tijd wilt reserveren vult u hier het aantal ADV dagen op jaarbasis in. Dat wordt omgerekend naar een percentage en verwerkt in de berekeningen. Let op: als u ADV in geld betaalt, hier altijd 0 invullen!
B42: Alle componenten met dezelfde grondslag als het vakantiegeld. Denk aan EJU, 13e maand, 14e periode, IKB, etc. | F42: =Variabelen!F67+Variabelen!F70 -> 0.083 | H42: Kosten hiervan worden berekend over het loon + de reserveringen voor vakantiedagen, feestdagen en kort verzuim. Dus niet het vakantiegeld! Dit is de meest voorkomende situatie, maar het kán bij jouw inlener anders zijn. Check dit altijd goed!
B43: Voorziening transitievergoeding | F43: =Variabelen!$F$45 -> 0 | H43: De pensioencompensatie wordt in de berekening verhoogd met de sociale lasten. Dat gebeurt niet voor de transitievergoeding
B44: Pensioencompensatie, incl. SV-premies en pensioenpremie over de compensatie | F44: ='Hulpblad pensioenpremie'!$N$2 -> 0.037532107 | H44: De pensioencompensatie wordt in de berekening verhoogd met de sociale lasten. Dat gebeurt niet voor de transitievergoeding
B45: Verwachte WAB-leegloop | F45: =Variabelen!F46 -> 0 | H45: wordt niet meer gebruikt in berekeningen. Bladen verwijzen nu rechstreeks naar Variabalen
B46: Verwachte leegloop voor 'bankzitten' | H46: wordt niet meer gebruikt in berekeningen. Bladen verwijzen nu rechstreeks naar Variabalen
B47: Nog niet genoemde kosten (in %) en diverse bovenwettelijke verlofregelingen | F47: =Variabelen!F102+Variabelen!F50 -> 0 | H47: Als u nog extra kosten op wilt nemen, kunt u die hier vermelden.
B51: Franchise StiPP | F51: =Variabelen!F10 -> 9.24
B53: Gegevens t.b.v kosptrijsberekening in geld | D53: Percentages | H53: Toelichting
B54: uurloon | F54: =Variabelen!F61 -> 22.98
B55: aantal normale uren per week | D55: 1 | F55: =Variabelen!F60 -> 36
B56: ADV in geld als % van uurloon | D56: =Variabelen!D112 -> 0 | F56: =D56*F55 -> 0
B57: Waarvan toeslaguren, percentage en aantal uur per week | D57: =Variabelen!D114 -> 0 | F57: =Variabelen!F114 -> 0 | H57: vermeld hier alleen de toeslag, bijv. 15%
B58: Waarvan toeslaguren, percentage en aantal uur per week | D58: =Variabelen!D115 -> 0 | F58: =Variabelen!F115 -> 0 | H58: vermeld hier alleen de toeslag, bijv. 15%
B59: Waarvan toeslaguren, percentage en aantal uur per week | D59: =Variabelen!D116 -> 0 | F59: =Variabelen!F116 -> 0 | H59: vermeld hier alleen de toeslag, bijv. 15%
B60: Overwerk, percentage en aantal uur per week | D60: =Variabelen!D117 -> 0 | F60: =Variabelen!F117 -> 0 | H60: vermeld hier alleen de toeslag, bijv. 15%
B61: Overwerk, percentage en aantal uur per week | D61: =Variabelen!D118 -> 0 | F61: =Variabelen!F118 -> 0 | H61: vermeld hier alleen de toeslag, bijv. 15%
B62: Overwerk, percentage en aantal uur per week | D62: =Variabelen!D119 -> 0 | F62: =Variabelen!F119 -> 0 | H62: vermeld hier alleen de toeslag, bijv. 15%
B63: Netto vergoedingen | F63: =Variabelen!F77 -> 0 | H63: Deze worden opgeteld bij de loonkosten
B64: Nog niet genoemde bruto vergoedingen teruggerekend naar week, bijv. een bonus | F64: =Variabelen!F76 -> 0 | H64: Deze worden opgeteld bij de loonkosten
B65: Nog niet genoemde netto vergoedingen teruggerekend naar een week: leaseauto | F65: =Variabelen!F77 -> 0 | H65: Deze worden opgeteld bij de loonkosten
B69: Gegevens t.b.v tariefberekening in geld | H69: Toelichting
B70: Gewenste marge normale uren en ADV | D70: =Variabelen!D126 -> 0
B71: Gewenste marge toeslagdeel van toeslaguren | D71: =Variabelen!D127 -> 0 | H71: het 100% deel van de toeslaguren heeft dezelfde kostprijs (en tarief) als een normaal uur
B72: Gewenste marge overwerk | D72: =Variabelen!D128 -> 0
B73: Gewenste marge bruto vergoedingen | D73: =Variabelen!D129 -> 0
B77: Disclaimer
B78: Hoewel FlexKnowledge dit document met de grootst mogelijke zorgvuldigheid heeft samengesteld, is FlexKnowledge niet verantwoordelijk voor eventuele fouten in de berekeningen.
B79: U bent altijd zelf volledig verantwoordelijk voor de goede berekening en toepassing van uw kostprijs.
H83: ="franchise voor "&#REF!&" is € "&#REF!&" per uur" -> #REF!

Sheet Vaste waarden
A1: Sociale Zekerheid | F1: Begeleidende teksten bij In te vullen gegevens
A2: WW, laag | B2: 0.0274
A3: WW, hoog | B3: 0.0774
A4: AOF, laag | B4: 0.0627
A5: AOF, hoog | B5: 0.0763
A6: Kinderopvang | B6: 0.005
A7: ZVW | B7: 0.061
A9: CAO Uitzendkrachten
A10: PAWW en aanvullend | B10: =C10+D10 -> 0 | C10: 0 | D10: =Variabelen!F98+Variabelen!F99+Variabelen!F100 -> 0 | F10: hier staan de (verborgen WIA-aanvulling en WGA-excedent regelingen
A11: IA ZW-aanvullend totaal | B11: 0.022 | F11: ="Adviespremie van verzekeraar: "&B11*100&"%. Je kunt zelf bepalen welk percentage je invult. Zie ook het tabblad Pensioen & ZW-A" -> Adviespremie van verzekeraar: 2,2%. Je kunt zelf bepalen welk percentage je invult. Zie ook het tabblad Pensioen & ZW-A
A12: IB ZW-aanvullend totaal | B12: =B11 -> 0.022 | F12: =F11 -> Adviespremie van verzekeraar: 2,2%. Je kunt zelf bepalen welk percentage je invult. Zie ook het tabblad Pensioen & ZW-A
A13: I max inhouding | B13: 0.003 | F13: ="Maximum inhouding: "&B13*100&"%." -> Maximum inhouding: 0,3%.
A15: IIA ZW-aanvullend totaal | B15: 0.0396 | F15: ="Adviespremie van verzekeraar: "&B15*100&"%. Je kunt zelf bepalen welk percentage je invult.Zie ook het tabblad Pensioen & ZW-A" -> Adviespremie van verzekeraar: 3,96%. Je kunt zelf bepalen welk percentage je invult.Zie ook het tabblad Pensioen & ZW-A
A16: IIB ZW-aanvullend totaal | B16: =B15 -> 0.0396 | F16: =F15 -> Adviespremie van verzekeraar: 3,96%. Je kunt zelf bepalen welk percentage je invult.Zie ook het tabblad Pensioen & ZW-A
A17: II max inhouding | B17: 0.007 | F17: ="Maximum inhouding: "&B17*100&"%." -> Maximum inhouding: 0,7%.
A19: Duurzame inzetbaarheid | B19: =Variabelen!F96 -> 0.0122
A20: SFU | B20: 0.002
A22: Reserveringen
A23: Werkbare dagen | B23: 261
A24: Vakantiedagen | B24: =Variabelen!F81+Variabelen!F82 -> 30.42 | C24: =B24/$B$29 -> 0.13192818
A25: Vakantiedagen vakantiewerker | B25: 20 | C25: =B25/$B$30 -> 0.082987552
A26: Feestdagen | B26: =Variabelen!F83+Variabelen!F84 -> 0 | C26: =B26/$B$29 -> 0
A27: ADV in tijd | B27: ='Overzicht van invoer'!F41 -> 0 | C27: =B27/$B$29 -> 0
A28: Kort verzuim en WAZO als werkbare dagen | B28: =E31 -> 0 | C28: =B28/$B$29 -> 0
A29: Netto werkbare dagen regulier en aow | B29: =B23-B24-B26-B27-B28 -> 230.58
A30: Netto werkbare dagen vakantiewerker | B30: =B23-B25-B27 -> 241
A31: Kort verzuim/wazo in % en dagen | B31: =C28 -> 0 | C31: =B31 -> 0 | D31: =Variabelen!F49*'Vaste waarden'!B23 -> 0 | E31: =D31 -> 0 | F31: NB: kort verzuim is altijd gebaseerd op B23 om kringverwijzing te voorkomen
A32: Vakantiegeld | C32: =Variabelen!F64 -> 0.08
A34: Pensioen
A35: Franchise STiPP | B35: ='Overzicht van invoer'!F51 -> 9.24
A36: Basisregeling | B36: 0.159 | F36: ="Let op: Dit percentage wordt gebruikt voor fase A/1+2! De werkgeverspremie voor de regeling is "&B36*100&"%. Hier gaat de franchise van €"&B35&" per uur vanaf. De netto premie is dus lager. Geef hier het percentage in dat je in de kostprijs wilt opnemen. " -> Let op: Dit percentage wordt gebruikt voor fase A/1+2! De werkgeverspremie voor de regeling is 15,9%. Hier gaat de franchise van €9,24 per uur vanaf. De netto premie is dus lager. Geef hier het percentage in dat je in de kostprijs wilt opnemen.
A37: Plusregeling | B37: =B36 -> 0.159 | F37: ="Let op: Dit percentage wordt gebruikt voor fase B-C/3-4! De werkgeverspremie voor de regeling is "&B37*100&"%. Hier gaat de franchise van €"&B36&" per uur vanaf. De netto premie is dus lager. Geef hier het percentage in dat je in de kostprijs wilt opnemen. " -> Let op: Dit percentage wordt gebruikt voor fase B-C/3-4! De werkgeverspremie voor de regeling is 15,9%. Hier gaat de franchise van €0,159 per uur vanaf. De netto premie is dus lager. Geef hier het percentage in dat je in de kostprijs wilt opnemen.
A38: Werkgeversdeel | B38: =B36 -> 0.159
A39: Werknemersdeel | B39: 0.075
A40: Correctiefactor artikel 46 | B40: =C40*(1+'RG I (adm-med) fase A-1+2'!D32) -> 1.0404041 | C40: 0.853 | F40: Correctiefactor verhoogd met sociale lasten om die bij de compensatie op te tellen | M40: Berekening pensioencompensatie:
A44: Keuzelijsten
A45: =B5 -> 0.0763 | B45: AOF, hoog | D45: ja | E45: factureerbaar | G45: Fase A-1+2, RG I | H45: fase
A46: =B4 -> 0.0627 | B46: AOF, laag | D46: nee | G46: Fase A,-1+2 RG II
G47: Fase B-3
A48: ABU | B48: Versie | G48: Fase C-4
A49: NBBU
A51: Kandidaat met pensioen | B51: uitvallijst kostprijsfactoren
A52: Jongere t/m 17 jaar
A53: AOW-er
A55: Fase A RG I, t/m 17 jaar | B55: Uitvallijst tariefberekening contractvorm
A56: Fase A RG I, 18 t/m 66 jaar
A57: Fase A RG I, vanaf 67 jaar
A58: Fase A RG II, t/m 17 jaar
A59: Fase A RG II, 18 t/m 66 jaar
A60: Fase A RG II, vanaf 67 jaar
A61: Fase B, 18 t/m 66 jaar
A62: Fase B, vanaf 67 jaar
A63: Fase C, 18 t/m 66 jaar
A64: Fase C, vanaf 67 jaar
A66: Tarieffactor | B66: uitvallijst tariefberekening
A67: Vast tarief
A68: Marge percentage
A69: Marge per uur

Sheet Toelichting op elk element
B2: Reservering vakantiedagen / feestdagen / kort verzuim en bijzonder verlof
B3: Welke contractvorm?
B4: · Alle
B5: Wat is het?
B6: · Net als ‘gewone’ werknemers hebben uitzendkrachten recht op doorbetaalde vakantiedagen. Gewone werknemers krijgen van u het loon tijdens de vakantie doorbetaald, net als bij feestdagen, kort verzuim of bijzonder verlof of arbeidsongeschiktheid. Ook een uitlener moet het loon dan in de meeste gevallen doorbetalen, maar kan dat op dat moment niet factureren aan de opdrachtgever: die betaalt alleen voor de gewerkte uren. Om hier ‘potjes’ voor op te bouwen, nemen uitleners reserveringen op in de kostprijs waaruit deze dagen worden doorbetaald. Afhankelijk van de contractvorm kunnen de rechten van de kandidaat op doorbetaling wat verschillen.
B7: Welke percentages?
B8: · Uitzendkrachten hebben recht op hetzelfde percentage vakantiegeld als werknemers bij de opdrachtgevers over dezelfde grondslag.
B9: · Een uitzendkracht heeft recht op hetzelfde aantal vakantiedagen als werknemers bij de opdrachtgever. Dat geldt ook voor doorbetaalde feestdagen. De reserveringspercentages voor vakantiedagen en feestdagen fluctueren jaarlijks, afhankelijk van het aantal werkbare dagen in dat jaar.
B10: · Voor kort verzuim en bijzonder verlof wordt meestal standaard 0,6% gereserveerd in de kostprijs. Dit komt overeen met ongeveer 1,5 dag op jaarbasis, maar ook hier geldt dat de uitzendkracht dezelfde rechten heeft als werknemers van de opdrachtgever, dus een ander percentage kan voorkomen.
B12: Premie ZW-aanvullend, ook wel ZW-A of Aanvulling Ziektewet
B13: Welke contractvorm?
B14: · Fase A/1/2, zowel met als zonder uitzendbeding
... B123: Of en hoeveel procent er voor leegloop wordt opgenomen, is vooral afhankelijk van de afspraken die er verder worden gemaakt: worden de kosten door de opdrachtgever betaald als ze zich voordoen? Dan is 0% de norm in de opbouw. Moet de uitlener de kosten op zich nemen, dan zien we percentages van minder dan 1% voor WAB-leegloop en rond de 3% voor bankzit-leegloop.

Sheet Variabelen
B2: Naam inlener | C2: =Bedrijfswaardes!C9 -> Stichting Hanzehogeschool Groningen
B3: Naam uitlener | C3: =Bedrijfswaardes!C10 -> Inschrijvende partij
B4: CAO | C4: =Bedrijfswaardes!C11 -> ABU
B5: Jaar | C5: 2026
B9: Bedrijfsspecifieke waardes | J9: Afspraken die worden gemaakt over aanspraken
B10: Franchise StiPP | F10: 9.24 | H10: AANPASSEN ALS DE PREMIE GEPUBLICEERD IS!!!
B11: Component | F11: Waardes | H11: Toelichting | L11: Bedrag | M11: Frequentie | N11: Factor
B12: Toepasselijke CAO | F12: =C4 -> ABU
B13: ZW-aanvullend voor I (adm/medisch) | C13: Totaal | F13: =(F22/0.7*0.3)*(100/90) -> 0 | H13: Dit percentage is gekoppeld aan de waarde die je invult voor de ZW-flex | J13: Jubileumuitkering | N13: BV
C14: Werknemersdeel | F14: 0 | H14: Geen inhouding bij de werknemer | J14: Aanvullend geboorteverlof, 100% doorbetaling van dagloon i.p.v. 70%. Het verschil mag worden gefactueerd | N14: NU
C15: Werkgeversdeel | D15: =(F22/0.7*0.2)-0.3% -> -0.003 | F15: =IF(D15>0,D15,0) -> 0 | H15: --> Dit percentage wordt opgenomen in de kostprijsberekening. | J15: Extra uitkering bovenop de wettelijjke overlijdensuitkering | N15: Netto
B16: ZW-aanvullend voor II (prod/technisch) | C16: Totaal | F16: =(F23/0.7*0.3)*(100/90) -> 0 | H16: Dit percentage is gekoppeld aan de waarde die je invult voor de ZW-flex | J16: Gendertransitieverlof, mag worden apart gefactureerd | N16: NU
C17: Werknemerspremie | F17: 0 | H17: Geen inhouding bij de werknemer | J17: Duurzame inzetbaarheidsuren waaronder ook professionaliseringsuren, mogen mits vooraf akkoord is gegeven, apart worden gefactureerd | N17: NU
C18: Werkgeverspremie | D18: =(F23/0.7*0.2)-0.7% -> -0.007 | F18: =IF(D18>0,D18,0) -> 0 | H18: --> Dit percentage wordt opgenomen in de kostprijsberekening. | J18: Regeling Werktijdvermindering Senioren zal door de randvoorwaarden (bijna) niet voor kunnen komen. | N18: -
B19: Pensioenpremie in fase A/1+2 | C19: Netto werkgeversdeel van de premie | F19: ='Pensioen & ZW-A'!F16 -> 0.10402828 | H19: Deze waarde wordt berekend op basis van het uurloon dat je op regel 43 invult. Zie ook tabblad Pensioen & ZW-A, óf | J19: Pofessionaliseringsuren gelden alleen voor docenten, dus n.v.t. | N19: -
B20: Pensioenpremie in fase B/C/3/4 | C20: Netto werkgeversdeel van de premie | F20: ='Pensioen & ZW-A'!F17 -> 0.10402828 | H20: vul hier de netto werkgeverspremie in die je in de kostprijs wilt opnemen, zie ook tabblad Pensioen & ZW-A | J20: Opleidingen en (bij)scholing dient uit de 1,22% van regel 96 betaald te worden | N20: -
B21: Werkhervattingskas | F21: % | J21: De fietsregeling is bruto/netto, dit dient de uitlener zelf te organiseren
B22: Premie ZW-Flex indien via UWV, voorziening ZW-Flex indien ERD | D22: Premie voor fase A/1+2 RG I | H22: Dit percentage mag nooit hoger zijn dan het geldende maximum bij het UWV voor sector 52 | J22: Deelname fiscale regeling reiskosten is bruto/netto, dit dienst de uitlener zelf te organiseren
D23: Premie voor fase A/1+2 RG II | H23: Dit percentage mag nooit hoger zijn dan het geldende maximum bij het UWV voor sector 52 | J23: Verhuiskostenregeling is n.v.t.
D24: Premie voor B/3 | H24: Dit percentage mag nooit hoger zijn dan het geldende maximum bij het UWV voor sector 52 | J24: Laptop met toebehoren is geen arbeidsvoorwaarde, dus blijft buiten beschouwing
D25: Premie voor C/4 | H25: Dit percentage mag nooit hoger zijn dan het geldende maximum bij het UWV voor sector 52 | J25: Vakbondscontributie is bruto/netto dit dient de uitlener zelf organiseren
B26: Premie WGA | H26: Vul hier 100% van de premie in | J26: De sportvergoeding kan gelden na 6 maanden dienstverband + aanvullende randvoorwaarden. Als daaraan is voldaan, mag het gefactureerd worden | N26: BV of Netto
J28: Het kopen/verkopen van verlof moet de uitlener zelf regelen
B29: Verzuim tijdens dienstverband contracten fase A/1+2 | F29: % | J29: Aanvulling IVA-uitkering tot 100%. Mag apart worden gefactureerd als het zich voordoet | N29: NU
B30: Verwacht ziekteverzuim, verzekerd | C30: Kosten verzuim tijdens het dienstverband, meestal max. 4 weken | D30: Premie voor RG I | H30: Neem de premie over uit de verzekeringspolis. Vergeet eventuele extra kosten van bijv. de arbo-begeleiding niet!
D31: Premie voor RG II
B32: Verwacht ziekteverzuim t/m 66 jaar | C32: Kosten verzuim tijdens het dienstverband, meestal max. 4 weken | D32: Voorziening voor RG I | H32: Vul hier de kosten voor verzuim tijdens dienstverband in. | J32: Voor de collectieve zorgverzekering dient de uitlener zelf een aanbod te organiseren
D33: Voorziening voor RG II | H33: Vul hier de kosten voor verzuim tijdens dienstverband in. | J33: Voor de arbeidsongeschiktheidverzekering moet de uitlener zelf een aanbod organiseren, vanaf 2027 is er vanuit de Hanze geen werkgeversbijdrage meer
B34: Verwacht ziekteverzuim AOW'ers, loondoorbetaling max 6 weken | C34: Kan zowel tijdens als na dienstverband zijn | D34: Voorziening AOW'ers RG I | H34: Vul hier de kosten voor verzuim tijdens dienstverband in. | J34: De WS-regeling zal door de randvoorwaarden niet voor kunnen komen
B35: Verwacht ziekteverzuim AOW'ers, loondoorbetaling max 6 weken | C35: Kan zowel tijdens als na dienstverband zijn | D35: Voorziening AOW'ers RG II | H35: Vul hier de kosten voor verzuim tijdens dienstverband in. | J35: Artikel 39 van de CAO vereist aanvulling van de ZW-uitkering tot 100% van het loon bij ziek uit dienst. In het model is formule voor de ZW-A op regel 13
B36: Verzuim tijdens dienstverband contracten fase B/3 | F36: % | J36: daarom aangepast zodat hij geen 20%, maar 30% aanvult. In fase B en C is de ZW-A als extra component toegevoegd.
B37: Verwacht ziekteverzuim, verzekerd | D37: Premie voor fase B/C/3/4 | H37: Neem de premie over uit de verzekeringspolis. Vergeet eventuele extra kosten van bijv. de arbo-begeleiding niet!
B38: Verwacht ziekteverzuim t/m 66 jaar | D38: Voorziening fase B/3 | H38: Vul hier de kosten voor verzuim tijdens dienstverband in.
B39: Verwacht ziekteverzuim AOW'ers, loondoorbetaling max 6 weken | C39: Kan zowel tijdens als na dienstverband zijn | D39: Voorziening AOW'ers fase B/3 | H39: Vul hier de kosten voor verzuim zowel tijdens als na het dienstverband in.
B40: Verzuim tijdens dienstverband contracten fase C/4 | F40: %
B41: Verwacht ziekteverzuim, verzekerd | D41: Premie voor fase B/C/3/4 | H41: Neem de premie over uit de verzekeringspolis. Vergeet eventuele extra kosten van bijv. de arbo-begeleiding niet!
B42: Verwacht ziekteverzuim t/m 66 jaar | D42: Voorziening fase C/4 | H42: Vul hier de kosten voor verzuim tijdens dienstverband in.
B43: Verwacht ziekteverzuim AOW'ers, loondoorbetaling max 6 weken | C43: Kan zowel tijdens als na dienstverband zijn | D43: Voorziening AOW'ers fase C/4 | H43: Vul hier de kosten voor verzuim zowel tijdens als na het dienstverband in.
B44: Overig | F44: %
B45: Voorziening transitievergoeding
B46: Verwachte WAB-leegloop in fase A/1+2 | H46: WAB-leegloop voor oproepcontracten of niet-aan-de-vaste-uren-komen in fase A/1+2
B47: Verwachte leegloop voor 'bankzitten' in fase B/3 | H47: Leegloop bij overeenkomsten in fase B/3.
B48: Verwachte leegloop voor 'bankzitten' C/4 | H48: Leegloop bij overeenkomsten in fase C/4
B49: Kort verzuim, bijzonder verlof, geboorteverlof | H49: Bovenwettelijke aanvullingen op WAZO-verlof mogen apart worden gefactureerd, dus hier niet opnemen!
B50: Overige directe kosten | H50: Deze kosten moeten worden gemotiveerd
B54: CAO Hoger Onderwijs/ De Hanze
B56: De jubileumuitkering mag worden gefactureerd als die zich voordoet | J56: Deze vergoedingen mogen apart worden gefactureerd indien ze voor vergoeding in aanmerking komen
B57: Aan de opdracht gerelateerde waardes | D57: Bron | F57: Waardes | H57: Toelichting | J57: Bruto vergoedingen | L57: Bedrag | M57: Frequentie | N57: Factor
J58: Overwerk toelage | N58: OV
B59: Maandloon | D59: CAO | H59: Relevant voor berekeningen in geld, op de factor heeft het geen invloed. Je kunt hem ook leeg laten
B60: Normale arbeidsduur | D60: CAO | F60: 36 | H60: Standaard duur van de werkweek bij de opdrachtgever | J60: Toelage onregelmatige dienst | N60: ORT
B61: Verwacht gemiddeld uurloon in fase A/1+2 | D61: CAO | F61: 22.98 | H61: Wordt gebruikt om de netto werkgeverspremie van StiPP en de pensioencompensatie te berekenen. | J61: BHV-toelage | L61: 11.34 | M61: maand | N61: BV
B62: Verwacht gemiddeld uurloon in fase B/C/3/4 | D62: CAO | F62: 22.98 | H62: Wordt gebruikt om de netto werkgeverspremie van StiPP en de pensioencompensatie te berekenen. | J62: BHV ploegleiderstoelage | L62: 25 | M62: maand | N62: BV
J63: Internetvergoeding | L63: 15 | M63: mnd/rato | N63: BV
B64: Vakantiegeld. | C64: Let op: de tool houdt er geen rekening mee dat in sommige cao's een minimaal bedrag aan vakantiegeld is afgesproken! | D64: CAO | F64: 0.08 | H64: Als percentage van uurloon, opgenomen in kostprijs normale uren, grondslag gelijk aan die van vakantiegeld | J64: Tegemoetkoming ziektekosten van €300,- per jaar is teruggerekend naar een vergoeding per uur, gebaseerd op een 36-urige werkweek | L64: 0.16 | M64: uur | N64: BV
B65: Maak keuze voor grondslag: ook over Toeslagen? | C65: nee | D65: CAO | F65: =IF($C$65 ="ja",$F$64, 0) -> 0 | H65: Als percentage van uurloon, opgenomen in kostprijs Toeslagen, grondslag gelijk aan die van vakantiegeld
B66: Maak keuze voor grondslag: ook over Overwerk? | C66: nee | D66: CAO | F66: =IF($C$66 ="ja",$F$64, 0) -> 0 | H66: Als percentage van uurloon, opgenomen in kostprijs Overwerk, grondslag gelijk aan die van vakantiegeld
B67: Eindejaarsuitkering, Winstdeling, bonus, 13e maand, 14e periode, etc. | D67: CAO | F67: 0.083 | H67: Als percentage van uurloon, opgenomen in kostprijs normale uren, grondslag gelijk aan die van vakantiegeld
B68: Maak keuze voor grondslag: ook over Toeslagen? | C68: nee | D68: CAO | F68: =IF($C$68 ="ja",$F$67, 0) -> 0 | H68: Als percentage van uurloon, opgenomen in kostprijs Toeslagen, grondslag gelijk aan die van vakantiegeld
B69: Maak keuze voor grondslag: ook over Overwerk? | C69: nee | D69: CAO | F69: =IF($C$69 ="ja",$F$67, 0) -> 0 | H69: Als percentage van uurloon, opgenomen in kostprijs Overwerk, grondslag gelijk aan die van vakantiegeld
B70: Individueel Keuzebudget. Komt vaak i.p.v. vakantiegeld, EJU en/of bovenwettelijke vakantiedagen. Die moet je dan aanpassen. | D70: CAO | F70: 0 | H70: Als percentage van uurloon, opgenomen in kostprijs normale uren, grondslag gelijk aan die van vakantiegeld
B71: Maak keuze voor grondslag: ook over Toeslagen? | C71: nee | D71: CAO | F71: =IF($C$71 ="ja",$F$70, 0) -> 0 | H71: Als percentage van uurloon, opgenomen in kostprijs Toeslagen, grondslag gelijk aan die van vakantiegeld
B72: Maak keuze voor grondslag: ook over Overwerk? | C72: nee | D72: CAO | F72: =IF($C$72 ="ja",$F$70, 0) -> 0 | H72: Als percentage van uurloon, opgenomen in kostprijs Overwerk, grondslag gelijk aan die van vakantiegeld
F73: 0
F74: 0
B75: Mobiliteitsbudget is een bruto vergoeding | C75: Zie de hulpschermen | D75: CAO | H75: Als je deze apart factureert, hier geen waarde invullen! Vergoedingen zijn teruggerekend naar een week
B76: Diverse bruto vergoedingen, zoals diplomatoeslag, consignatie, etc. | C76: Zie de hulpschermen | D76: CAO | H76: Als je deze apart factureert, hier geen waarde invullen! Vergoedingen zijn teruggerekend naar een week
B77: Diverse netto vergoedingen | C77: Zie de hulpschermen | D77: CAO | H77: Als je deze apart factureert, hier geen waarde invullen! Vergoedingen zijn teruggerekend naar een week
B81: Vakantiedagen | D81: CAO | F81: 30.42 | H81: Opgenomen in kostprijs normale uren en kostprijs structurele vergoedingen, vermindert aantal werkbare dagen | J81: Deze vergoedingen mogen apart worden gefactureerd indien ze voor vergoeding in aanmerking komen
B82: Seniorendagen | D82: CAO | F82: 0 | H82: opgenomen in kostprijs normale uren en kostprijs structurele vergoedingen, vermindert de werkbare dagen | J82: Netto vergoedingen | L82: Bedrag | M82: Frequentie | N82: Factor
B83: Doorbetaalde feestdagen (zowel op werkdagen als in weekend) | C83: Alleen feestdagen meetellen waarop wegens de feestdag niet wordt gewerkt. Wordt er in het weekend nooit gewerkt, dan feestdagen in weekend niet meetellen! | D83: CAO | F83: 0 | H83: Opgenomen in kostprijsnormale uren, vermindert de werkbare dagen | J83: Reiskostenvergoeding, verschilt per vervoerswijze | N83: Netto
B84: Verplichte opleidingsdagen | D84: CAO | F84: 0 | H84: Opgenomen in kostprijsnormale uren, vermindert de werkbare dagen | J84: Thuiswerkvergoeding | L84: 2.45 | M84: dag | N84: Netto
B85: ADV in tijd | D85: CAO | F85: 0 | H85: Opgenomen in kostprijs normale uren en kostprijs structurele vergoedingen, vermindert aantal werkbare dagen | J85: Internervergoeding | L85: 15 | M85: mnd/rato
B86: kort verzuim, bijzonder verlof | D86: Schatting | H86: ='Vaste waarden'!F31 -> NB: kort verzuim is altijd gebaseerd op B23 om kringverwijzing te voorkomen
B87: Partnerverlof | D87: Schatting | H87: =H86 -> NB: kort verzuim is altijd gebaseerd op B23 om kringverwijzing te voorkomen
B88: Andere (bovenwettelijke) verlofregelingen | D88: Schatting | H88: =H86 -> NB: kort verzuim is altijd gebaseerd op B23 om kringverwijzing te voorkomen
B91: Percentage loondoorbetaling bij ziekte | D91: CAO | F91: 1 | H91: Voor de uiteindelijke verzuimkosten in de kostprijs wordt het percentage in cel F23, F 24 en F27 hiermee vermenigvuldigd
B92: Inhouding premie WGA bij de werknemer | D92: CAO | F92: 0.5 | H92: De wet staat 50% toe, maar de opdrachtgever houdt dit percentage in bij zijn eigen werknemers. U dient dit ook te doen
B93: Bruto werkgeversdeel pensioenregeling opdrachtgever | D93: Pensioenregeling | F93: 0.196 | H93: Werkgeverspremie ABP + werkgeversdeel AOP voor Hoger Onderwijs
B94: bruto werkgeversdeel StiPP | D94: StiPP | F94: ='Vaste waarden'!B38 -> 0.159
B95: Te compenseren in salaris | D95: Berekening | F95: =MAX(0,F93-F94) -> 0.037 | H95: Als percentage van uurloon, opgenomen in alle kostprijsfactoren. De grondslag is gelijk aan die van STiPP, dus SV-loon. Zie de gebruikte berekeningsmethode in het tabblad Pensioen & ZW-A, dit is de methode volgens artikel 46 lid 1 uit de CAO. U dient deze methode ook te gebruiken voor de compensatie aan de uitzendkrachten
B96: Scholing, duurzame inzetbaarheid e.d. | D96: CAO | F96: 0.0122 | H96: Opgenomen in alle kostprijsfactoren, grondslag is SV-loon
B97: Sociaal fonds | D97: CAO | H97: Opgenomen in alle kostprijsfactoren, grondslag is SV-loon
B98: Compensatie PAWW bij opdrachtgever | D98: CAO | F98: 0 | H98: Opgenomen in alle kostprijsfactoren, grondslag is SV-loon
B99: WGA-excedent verzekering | C99: Alleen werkgeverspremie opnemen! | D99: CAO | F99: 0 | H99: Opgenomen in alle kostprijsfactoren, grondslag is SV-loon
B100: WGA-hiaat verzekering | C100: Alleen werkgeverspremie opnemen! | D100: CAO | F100: 0 | H100: Opgenomen in alle kostprijsfactoren, grondslag is SV-loon
B102: Niet direct in geld te waarderen loonelementen / Overige directe kosten | D102: Schatting | H102: Dit zijn kosten die niet vaak voorkomen en/of niet voor alle werknemers zullen gelden. Als deze apart mogen worden gefactureerd, dan hier niets invullen!
B109: Gegevens t.b.v kostprijsberekening in geld | D109: Percentages | H109: Toelichting
B110: uurloon | F110: =F61 -> 22.98
B111: aantal normale uren per week | D111: 1 | F111: =F60 -> 36
B112: ADV in geld als % van uurloon | F112: =D112*F111 -> 0
D113: Percentages | E113: Aantal uur | H113: Toelichting
B114: Waarvan toeslaguren, percentage en aantal uur per week | H114: vermeld hier alleen de toeslag, bijv. 15%
B115: Waarvan toeslaguren, percentage en aantal uur per week | H115: vermeld hier alleen de toeslag, bijv. 15%
B116: Waarvan toeslaguren, percentage en aantal uur per week | H116: vermeld hier alleen de toeslag, bijv. 15%
B117: Overwerk, percentage en aantal uur per week | H117: vermeld hier alleen de toeslag, bijv. 15%
B118: Overwerk, percentage en aantal uur per week | H118: vermeld hier alleen de toeslag, bijv. 15%
B119: Overwerk, percentage en aantal uur per week | H119: vermeld hier alleen de toeslag, bijv. 15%
B120: Bruto vergoedingen teruggerekend naar week | F120: =F76 -> 0 | H120: Deze worden opgeteld bij de loonkosten
B121: Netto vergoedingen teruggerekend naar een week | F121: =F77 -> 0 | H121: Deze worden opgeteld bij de loonkosten
...

Sheet Pensioen & ZW-A
B1: Pensioenregeling
B2: Dit is een hulpmiddel om het het wg-deel van de pensioenpremie te berekenen.
B3: Als u gebruik wilt maken van dit hulpmiddel, kunt u dat op twee manieren doen:
B4: A: Betaalde premie 2016
B5: B: Bruto loon per "soort" uitzendkracht. Het invullen kost meer tijd, maar leidt mogelijk tot een nauwkeuriger uitkomst.
B6: U kunt de premie Pluspensioen ook invullen op het tabblad "In te vullen gegevens" zonder gebruik te maken van dit hulpmiddel.
B7: A: Betaalde premie 2015
B8: Totale premie Pluspensioen 2016 | F8: Totale premie Pluspensioen 2017 | H8: =IF(C9>0,(C8/C9)*(1-(#REF!/#REF!-1))*(1+C10)*C9,0) -> 0
B9: Loonsom 2016 uk's met Pluspensioen | F9: Werknemersdeel | H9: =H8*(1-#REF!) -> #REF!
B10: Verwachte stijging uurlonen 2017 t.o.v. 2016 | C10: 0 | F10: WG-deel Pluspensioen t.b.v. kostprijs 2017 | H10: =H8-H9 -> #REF!
H12: =IF(C9>0,(C8/C9*#REF!)*(1-(#REF!/#REF!-1))*(1+C10),0) -> 0
F13: =#REF! -> #REF!
F14: =#REF! -> #REF!
B15: Zet het percentage in het tabblad 'In te vullen gegevens' | C15: Bruto (uur)loon | D15: Uren | E15: WG deel v.d. premie over loon incl. resreveringen | F15: In % van bruto loon incl. reserveringen | G15: Pensioencompensatie incl. werkgeverslasten in % van bruto uurloon
B16: Waarde uit tabblad variabelen, gemiddeld loon fase A/1+2 | C16: =Variabelen!F61 -> 22.98 | D16: 1 | E16: ='Hulpblad pensioenpremie'!X2 -> 3.1470237 | F16: ='Hulpblad pensioenpremie'!Z2 -> 0.10402828 | G16: ='Hulpblad pensioenpremie'!N2 -> 0.037532107
B17: Waarde uit tabblad variabelen, gemiddeld loon fase B/C/3/4 | C17: =Variabelen!F62 -> 22.98 | D17: 1 | E17: ='Hulpblad pensioenpremie'!X3 -> 3.1470237 | F17: ='Hulpblad pensioenpremie'!Z3 -> 0.10402828 | G17: ='Hulpblad pensioenpremie'!N3 -> 0.037532107
B18: 14.71 | C18: =B18 -> 14.71 | D18: 1 | E18: ='Hulpblad pensioenpremie'!X4 -> 1.4160071 | F18: ='Hulpblad pensioenpremie'!Z4 -> 0.073123031 | G18: ='Hulpblad pensioenpremie'!N4 -> 0.026381879
B19: 15 | C19: =B19 -> 15 | D19: 1 | E19: ='Hulpblad pensioenpremie'!X5 -> 1.4767078 | F19: ='Hulpblad pensioenpremie'!Z5 -> 0.074783319 | G19: ='Hulpblad pensioenpremie'!N5 -> 0.02698089
B20: 16 | C20: =B20 -> 16 | D20: 1 | E20: ='Hulpblad pensioenpremie'!X6 -> 1.6860206 | F20: ='Hulpblad pensioenpremie'!Z6 -> 0.080046862 | G20: ='Hulpblad pensioenpremie'!N6 -> 0.028879911
B21: 17 | C21: =B21 -> 17 | D21: 1 | E21: ='Hulpblad pensioenpremie'!X7 -> 1.8953334 | F21: ='Hulpblad pensioenpremie'!Z7 -> 0.084691164 | G21: ='Hulpblad pensioenpremie'!N7 -> 0.030555518
B22: 18 | C22: =B22 -> 18 | D22: 1 | E22: ='Hulpblad pensioenpremie'!X8 -> 2.1046461 | F22: ='Hulpblad pensioenpremie'!Z8 -> 0.088819433 | G22: ='Hulpblad pensioenpremie'!N8 -> 0.032044945
B23: 19 | C23: =B23 -> 19 | D23: 1 | E23: ='Hulpblad pensioenpremie'!X9 -> 2.3139589 | F23: ='Hulpblad pensioenpremie'!Z9 -> 0.092513147 | G23: ='Hulpblad pensioenpremie'!N9 -> 0.033377592
B24: 20 | C24: =B24 -> 20 | D24: 1 | E24: ='Hulpblad pensioenpremie'!X10 -> 2.5232717 | F24: ='Hulpblad pensioenpremie'!Z10 -> 0.095837489 | G24: ='Hulpblad pensioenpremie'!N10 -> 0.034576973
B25: 21 | C25: =B25 -> 21 | D25: 1 | E25: ='Hulpblad pensioenpremie'!X11 -> 2.7325844 | F25: ='Hulpblad pensioenpremie'!Z11 -> 0.098845228 | G25: ='Hulpblad pensioenpremie'!N11 -> 0.035662128
B26: 22 | C26: =B26 -> 22 | D26: 1 | E26: ='Hulpblad pensioenpremie'!X12 -> 2.9418972 | F26: ='Hulpblad pensioenpremie'!Z12 -> 0.10157954 | G26: ='Hulpblad pensioenpremie'!N12 -> 0.036648632
B27: 23 | C27: =B27 -> 23 | D27: 1 | E27: ='Hulpblad pensioenpremie'!X13 -> 3.15121 | F27: ='Hulpblad pensioenpremie'!Z13 -> 0.10407608 | G27: ='Hulpblad pensioenpremie'!N13 -> 0.037549353
B28: 24 | C28: =B28 -> 24 | D28: 1 | E28: ='Hulpblad pensioenpremie'!X14 -> 3.3605227 | F28: ='Hulpblad pensioenpremie'!Z14 -> 0.10636457 | G28: ='Hulpblad pensioenpremie'!N14 -> 0.038375014
B29: 25 | C29: =B29 -> 25 | D29: 1 | E29: ='Hulpblad pensioenpremie'!X15 -> 3.5698355 | F29: ='Hulpblad pensioenpremie'!Z15 -> 0.10846999 | G29: ='Hulpblad pensioenpremie'!N15 -> 0.039134622
... B31: 27 | C31: =B31 -> 27 | D31: 1 | E31: ='Hulpblad pensioenpremie'!X17 -> 3.988461 | F31: ='Hulpblad pensioenpremie'!Z17 -> 0.11221296 | G31: ='Hulpblad pensioenpremie'!N17 -> 0.040485037
D32: 1
B33: Maximum premiegevend uurloon | C33: 42.42 | D33: 1 | E33: ='Hulpblad pensioenpremie'!X19 -> 7.2160638 | F33: ='Hulpblad pensioenpremie'!Z19 -> 0.12922041 | G33: ='Hulpblad pensioenpremie'!N19 -> 0.046621115
B35: In de berekening houden we rekening met het feit dat je over uitbetaling van vakantiegeld en ADV de volledige pensioenpremie moet betalen,
B36: daarvoor geldt geen franchise. Dat heeft tot gevolg dat als je de berekening narekent, je een lager percentage zult krijgen dan je hier ziet staan.
B37: Hieronder de exacte berekening:
B39: uurloon | C39: vakantiedagen | E39: feestdagen | F39: KV/BV | G39: ADV | H39: vakantiegeld/EJU | I39: totaal pensioengevend
B40: ='Hulpblad pensioenpremie'!A2 -> 22.98 | C40: ='Hulpblad pensioenpremie'!B2 -> 3.0317096 | E40: ='Hulpblad pensioenpremie'!C2 -> 0 | F40: ='Hulpblad pensioenpremie'!D2 -> 0 | G40: ='Hulpblad pensioenpremie'!E2 -> 0 | H40: ='Hulpblad pensioenpremie'!F2 -> 4.2399087 | I40: ='Hulpblad pensioenpremie'!G2 -> 30.251618
B41: premie over uurloon | C41: premie vd | E41: premie fd | F41: premie kv | G41: premie ADV | H41: premie vg | I41: totaal premie | K41: netto premie
B42: ='Hulpblad pensioenpremie'!Q2 -> 2.18466 | C42: ='Hulpblad pensioenpremie'!R2 -> 0.28821822 | E42: ='Hulpblad pensioenpremie'!S2 -> 0 | F42: ='Hulpblad pensioenpremie'!T2 -> 0 | G42: ='Hulpblad pensioenpremie'!U2 -> 0 | H42: ='Hulpblad pensioenpremie'!V2 -> 0.67414548 | I42: ='Hulpblad pensioenpremie'!X2 -> 3.1470237
B44: Premie als percentage over pensioengevend loon: | E44: =I42/I40 -> 0.10402828
B46: De pensioencompensatie wordt berekend door van de grondslag van het loon incl. reserveringen de franchise af te trekken (het pensioengevend loon) en daar de premie over te berekenen.
B47: Het bedrag dat dan overblijft wordt gedeeld door het uurloon en dat levert dan het percentage pensioencompensatie voor de kostprijsberekening. Dit is de methode uit artikel 46 ld 1 van de CAO.
B48: Hieronder de exacte berekening, waarbij PC staat voor pensioencompensatie:
B50: Verschil in werkgeverspremies: | C50: =Variabelen!F95 -> 0.037 | E50: Voor de pensioencompensatie wordt gerekend met 0,835 x deze waarde.
B51: uurloon | C51: PC uurloon | E51: PC vd | F51: PC fd | G51: PC kv | H51: PC ADV | I51: PC vg
B52: ='Hulpblad pensioenpremie'!I25 -> 22.98 | C52: ='Hulpblad pensioenpremie'!J25 -> 0.43364814 | E52: ='Hulpblad pensioenpremie'!K25 -> 0.05721041 | F52: ='Hulpblad pensioenpremie'!L25 -> 0 | G52: ='Hulpblad pensioenpremie'!M25 -> 0 | H52: ='Hulpblad pensioenpremie'!N25 -> 0 | I52: ='Hulpblad pensioenpremie'!O25 -> 0.13381576
B53: PC totaal | C53: als % van loon | E53: compensatie incl. SV en premie StiPP | G53: als % van loon incl. SV en StiPP
B54: ='Hulpblad pensioenpremie'!K2 -> 0.62467431 | C54: ='Hulpblad pensioenpremie'!L2 -> 0.02718339 | E54: ='Hulpblad pensioenpremie'!M2 -> 0.86248782 | G54: ='Hulpblad pensioenpremie'!N2 -> 0.037532107
B56: Deze waarde wordt in de tool opgeteld bij de waarde voor de transitievergoeding: | E56: =G54 -> 0.037532107
B58: Aanvulling Ziektewet, ook wel ZW-A of ZW-Aanvullend genoemd
B59: Voor uitzendkrachten in fase A/1+2 die ziek uit dienst gaan, moet je het eerste jaar 20% op het dagloon aanvullen en het tweede jaar 10%
B72: In de kostprijsopbouw is een directe relatie gelegd tussen de ZW-flex en de aanvulling.
B73: Het hulpmiddel hieronder hieronder rekent het percentag ZW-flex of ERD ZW om naar het percentage voor de aanvulling dat in de kostprijs wordt opgenomen.
B74: Het scherm hieronder hieronder rekent het percentag ZW-flex of ERD ZW om naar het percentage voor de aanvulling dat in de kostprijs wordt opgenomen.
C76: Individueel risico | D76: Uren | E76: Benodigd voor ZW-A
B77: Gebruik deze regel als je de beschikking gebruikt | C77: =#REF!/B77 -> #REF! | D77: 1 | E77: =D77/0.7*0.2 -> 0.28571429
B79: Waarde ZW-flex RG I in tabblad Variabelen | C79: =Bedrijfswaardes!C13+Variabelen!F22 -> 0 | E79: =C79/0.7*0.2 -> 0
B80: Waarde ZW-flex RG II in tabblad Variabelen | C80: =Bedrijfswaardes!C13+Variabelen!F23 -> 0 | E80: =C80/0.7*0.2 -> 0
B85: Copyright © FlexKnowledge, 2026.
B86: Dit model en de bijbehorende inhoud zijn beschermd. Het is niet toegestaan dit document, geheel of gedeeltelijk, te kopiëren, te vermenigvuldigen, te verspreiden of op andere wijze te gebruiken zonder voorafgaande schriftelijke toestemming van FlexKnowledge B.V.
B87: Ongeoorloofd gebruik kan leiden tot juridische stappen.

Sheet Gegevens 4e vaksector
B1: Kostprijzen 2015, Vaksectoren
B2: Vragen | F2: Antwoorden | H2: Toelichting
B3: Kies de vaksector | C3: 3a.Bouw kort | D3: =IF(#REF!=0,"√","←") -> #REF!
B4: Sectorpremie | F4: =IFERROR(VLOOKUP(C3,#REF!,2,FALSE)," ")
B5: Premie WGA-vast | C5: Totaal | G5: =IF(#REF!=0,"√","←") -> #REF! | H5: Percentage overnemen uit beschikking van de belastingdienst. Onderdeel van de premie Werkhervattingskas.
C6: Aandeel werknemer (max. 50%) | E6: % | G6: =IF(#REF!=0,"√","←") -> #REF!
C7: Werknemerspremie | F7: =F5*D6/100 -> 0
C8: Werkgeverspremie | F8: =F5-F7 -> 0 | H8: --> Dit percentage wordt opgenomen in de kostprijsberekening.
B9: Premie WGA-flex | C9: Totaal | G9: =IF(#REF!=0,"√","←") -> #REF! | H9: Percentage overnemen uit beschikking van de belastingdienst. Onderdeel van de premie Werkhervattingskas.
C10: Aandeel werknemer (max. 50%) | E10: % | G10: =IF(#REF!=0,"√","←") -> #REF!
C11: Werknemerspremie | F11: =F9*D10/100 -> 0
C12: Werkgeverspremie | F12: =F9-F11 -> 0 | H12: --> Dit percentage wordt opgenomen in de kostprijsberekening.
B13: Premie ZW indien géén ERD | G13: =IF(#REF!=0,"√","←") -> #REF! | H13: Percentage overnemen uit beschikking van de belastingdienst. Onderdeel van de premie Werkhervattingskas.
B14: Premie ZW indien wél ERD | C14: Uitbetaling via verzekeraar, wg-lasten meeverzekerd | D14: Premie | G14: =IF(#REF!=0,"√","←") -> #REF! | H14: Premie die u betaalt aan Acture, FlexCom4, Boval, etc.
C15: Als u zelf volledige loondoorbetaling bij ziekte betaalt | D15: Voorziening | G15: =IF(#REF!=0,"√","←") -> #REF! | H15: Betreft schatting kosten ziekgengeld bij "ziek uit dienst".
B17: =IF(#REF!=0,#REF!,#REF!) -> #REF!

Sheet Gegevens 5e vaksector
B1: Kostprijzen 2015, Vaksectoren
B2: Vragen | F2: Antwoorden | H2: Toelichting
B3: Kies de vaksector | C3: 5.Houtindustrie | D3: =IF(#REF!=0,"√","←") -> #REF!
B4: Sectorpremie | F4: =IFERROR(VLOOKUP(C3,#REF!,2,FALSE)," ")
B5: Premie WGA-vast | C5: Totaal | G5: =IF(#REF!=0,"√","←") -> #REF! | H5: Percentage overnemen uit beschikking van de belastingdienst. Onderdeel van de premie Werkhervattingskas.
C6: Aandeel werknemer (max. 50%) | E6: % | G6: =IF(#REF!=0,"√","←") -> #REF!
C7: Werknemerspremie | F7: =F5*D6/100 -> 0
C8: Werkgeverspremie | F8: =F5-F7 -> 0 | H8: --> Dit percentage wordt opgenomen in de kostprijsberekening.
B9: Premie WGA-flex | C9: Totaal | G9: =IF(#REF!=0,"√","←") -> #REF! | H9: Percentage overnemen uit beschikking van de belastingdienst. Onderdeel van de premie Werkhervattingskas.
C10: Aandeel werknemer (max. 50%) | E10: % | G10: =IF(#REF!=0,"√","←") -> #REF!
C11: Werknemerspremie | F11: =F9*D10/100 -> 0
C12: Werkgeverspremie | F12: =F9-F11 -> 0 | H12: --> Dit percentage wordt opgenomen in de kostprijsberekening.
B13: Premie ZW indien géén ERD | G13: =IF(#REF!=0,"√","←") -> #REF! | H13: Percentage overnemen uit beschikking van de belastingdienst. Onderdeel van de premie Werkhervattingskas.
B14: Premie ZW indien wél ERD | C14: Uitbetaling via verzekeraar, wg-lasten meeverzekerd | D14: Premie | G14: =IF(#REF!=0,"√","←") -> #REF! | H14: Premie die u betaalt aan Acture, FlexCom4, Boval, etc.
C15: Als u zelf volledige loondoorbetaling bij ziekte betaalt | D15: Voorziening | G15: =IF(#REF!=0,"√","←") -> #REF! | H15: Betreft schatting kosten ziekgengeld bij "ziek uit dienst".
B17: =IF(#REF!=0,#REF!,#REF!) -> #REF!

Sheet Hulpblad pensioenpremie
A1: uurloon | B1: vakantiedagen | C1: feestdagen | D1: KV/BV | E1: ADV | F1: vakantiegeld/EJU | G1: Totaal | K1: Compensatie | L1: Als % van loon | M1: compensatie incl. SV en pensioenpremie | N1: als % van loon incl. SV | Q1: premie uurloon | R1: premie vd | S1: premie fd | T1: premie kv | U1: premie ADV | V1: premie vg | X1: Totaal | Z1: netto premie | AB1: oud | AD1: verschil
A2: ='Pensioen & ZW-A'!C16 -> 22.98 | B2: =$B$21*A2 -> 3.0317096 | C2: =$B$22*A2 -> 0 | D2: =$B$23*A2 -> 0 | E2: =$B$24*A2 -> 0 | F2: =($B$25+$B$26)*(A2+B2+C2+D2+E2) -> 4.2399087 | G2: =SUM(A2:F2) -> 30.251618 | K2: =P25 -> 0.62467431 | L2: =K2/A2 -> 0.02718339 | M2: =(K2*$B$29)+($B$28*K2) -> 0.86248782 | N2: =M2/A2 -> 0.037532107 | Q2: =(A2-$B$27)*$B$28 -> 2.18466 | R2: =(B2-$B$21*$B$27)*$B$28 -> 0.28821822 | S2: =(C2-$B$22*$B$27)*$B$28 -> 0 | T2: =(D2-$B$23*$B$27)*$B$28 -> 0 | U2: =(E2*$B$28) -> 0 | V2: =F2*$B$28 -> 0.67414548 | X2: =SUM(Q2:V2) -> 3.1470237 | Z2: =X2/G2 -> 0.10402828 | AB2: 0.029058026 | AD2: =Z2-AB2 -> 0.07497025
A3: ='Pensioen & ZW-A'!C17 -> 22.98 | B3: =$B$21*A3 -> 3.0317096 | C3: =$B$22*A3 -> 0 | D3: =$B$23*A3 -> 0 | E3: =$B$24*A3 -> 0 | F3: =($B$25+$B$26)*(A3+B3+C3+D3+E3) -> 4.2399087 | G3: =SUM(A3:F3) -> 30.251618 | K3: =P26 -> 0.62467431 | L3: =K3/A3 -> 0.02718339 | M3: =(K3*$B$29)+($B$28*K3) -> 0.86248782 | N3: =M3/A3 -> 0.037532107 | Q3: =(A3-$B$27)*$B$28 -> 2.18466 | R3: =(B3-$B$21*$B$27)*$B$28 -> 0.28821822 | S3: =(C3-$B$22*$B$27)*$B$28 -> 0 | T3: =(D3-$B$23*$B$27)*$B$28 -> 0 | U3: =(E3*$B$28) -> 0 | V3: =F3*$B$28 -> 0.67414548 | X3: =SUM(Q3:V3) -> 3.1470237 | Z3: =X3/G3 -> 0.10402828 | AB3: 0.029925926 | AD3: =Z3-AB3 -> 0.07410235
A4: ='Pensioen & ZW-A'!C18 -> 14.71 | B4: =$B$21*A4 -> 1.9406635 | C4: =$B$22*A4 -> 0 | D4: =$B$23*A4 -> 0 | E4: =$B$24*A4 -> 0 | F4: =($B$25+$B$26)*(A4+B4+C4+D4+E4) -> 2.7140582 | G4: =SUM(A4:F4) -> 19.364722 | K4: =P27 -> 0.28107297 | L4: =K4/A4 -> 0.019107612 | M4: =(K4*$B$29)+($B$28*K4) -> 0.38807744 | N4: =M4/A4 -> 0.026381879 | Q4: =(A4-$B$27)*$B$28 -> 0.86973 | R4: =(B4-$B$21*$B$27)*$B$28 -> 0.1147419 | S4: =(C4-$B$22*$B$27)*$B$28 -> 0 | T4: =(D4-$B$23*$B$27)*$B$28 -> 0 | U4: =(E4*$B$28) -> 0 | V4: =F4*$B$28 -> 0.43153525 | X4: =SUM(Q4:V4) -> 1.4160071 | Z4: =X4/G4 -> 0.073123031 | AB4: 0.031714286 | AD4: =Z4-AB4 -> 0.041408745
A5: ='Pensioen & ZW-A'!C19 -> 15 | B5: =$B$21*A5 -> 1.9789227 | C5: =$B$22*A5 -> 0 | D5: =$B$23*A5 -> 0 | E5: =$B$24*A5 -> 0 | F5: =($B$25+$B$26)*(A5+B5+C5+D5+E5) -> 2.7675644 | G5: =SUM(A5:F5) -> 19.746487 | K5: =P28 -> 0.29312186 | L5: =K5/A5 -> 0.019541458 | M5: =(K5*$B$29)+($B$28*K5) -> 0.40471336 | N5: =M5/A5 -> 0.02698089 | Q5: =(A5-$B$27)*$B$28 -> 0.91584 | R5: =(B5-$B$21*$B$27)*$B$28 -> 0.12082511 | S5: =(C5-$B$22*$B$27)*$B$28 -> 0 | T5: =(D5-$B$23*$B$27)*$B$28 -> 0 | U5: =(E5*$B$28) -> 0 | V5: =F5*$B$28 -> 0.44004274 | X5: =SUM(Q5:V5) -> 1.4767078 | Z5: =X5/G5 -> 0.074783319 | AB5: 0.03337931 | AD5: =Z5-AB5 -> 0.041404009
A6: ='Pensioen & ZW-A'!C20 -> 16 | B6: =$B$21*A6 -> 2.1108509 | C6: =$B$22*A6 -> 0 | D6: =$B$23*A6 -> 0 | E6: =$B$24*A6 -> 0 | F6: =($B$25+$B$26)*(A6+B6+C6+D6+E6) -> 2.9520687 | G6: =SUM(A6:F6) -> 21.06292 | K6: =P29 -> 0.33466979 | L6: =K6/A6 -> 0.020916862 | M6: =(K6*$B$29)+($B$28*K6) -> 0.46207858 | N6: =M6/A6 -> 0.028879911 | Q6: =(A6-$B$27)*$B$28 -> 1.07484 | R6: =(B6-$B$21*$B$27)*$B$28 -> 0.14180169 | S6: =(C6-$B$22*$B$27)*$B$28 -> 0 | T6: =(D6-$B$23*$B$27)*$B$28 -> 0 | U6: =(E6*$B$28) -> 0 | V6: =F6*$B$28 -> 0.46937892 | X6: =SUM(Q6:V6) -> 1.6860206 | Z6: =X6/G6 -> 0.080046862 | AB6: 0.034933333 | AD6: =Z6-AB6 -> 0.045113528
A7: ='Pensioen & ZW-A'!C21 -> 17 | B7: =$B$21*A7 -> 2.2427791 | C7: =$B$22*A7 -> 0 | D7: =$B$23*A7 -> 0 | E7: =$B$24*A7 -> 0 | F7: =($B$25+$B$26)*(A7+B7+C7+D7+E7) -> 3.136573 | G7: =SUM(A7:F7) -> 22.379352 | K7: =P30 -> 0.37621771 | L7: =K7/A7 -> 0.022130454 | M7: =(K7*$B$29)+($B$28*K7) -> 0.5194438 | N7: =M7/A7 -> 0.030555518 | Q7: =(A7-$B$27)*$B$28 -> 1.23384 | R7: =(B7-$B$21*$B$27)*$B$28 -> 0.16277827 | S7: =(C7-$B$22*$B$27)*$B$28 -> 0 | T7: =(D7-$B$23*$B$27)*$B$28 -> 0 | U7: =(E7*$B$28) -> 0 | V7: =F7*$B$28 -> 0.49871511 | X7: =SUM(Q7:V7) -> 1.8953334 | Z7: =X7/G7 -> 0.084691164 | AB7: 0.036387097 | AD7: =Z7-AB7 -> 0.048304067
A8: ='Pensioen & ZW-A'!C22 -> 18 | B8: =$B$21*A8 -> 2.3747073 | C8: =$B$22*A8 -> 0 | D8: =$B$23*A8 -> 0 | E8: =$B$24*A8 -> 0 | F8: =($B$25+$B$26)*(A8+B8+C8+D8+E8) -> 3.3210773 | G8: =SUM(A8:F8) -> 23.695785 | K8: =P31 -> 0.41776564 | L8: =K8/A8 -> 0.023209202 | M8: =(K8*$B$29)+($B$28*K8) -> 0.57680902 | N8: =M8/A8 -> 0.032044945 | Q8: =(A8-$B$27)*$B$28 -> 1.39284 | R8: =(B8-$B$21*$B$27)*$B$28 -> 0.18375485 | S8: =(C8-$B$22*$B$27)*$B$28 -> 0 | T8: =(D8-$B$23*$B$27)*$B$28 -> 0 | U8: =(E8*$B$28) -> 0 | V8: =F8*$B$28 -> 0.52805129 | X8: =SUM(Q8:V8) -> 2.1046461 | Z8: =X8/G8 -> 0.088819433 | AB8: 0.03775 | AD8: =Z8-AB8 -> 0.051069433
A9: ='Pensioen & ZW-A'!C23 -> 19 | B9: =$B$21*A9 -> 2.5066354 | C9: =$B$22*A9 -> 0 | D9: =$B$23*A9 -> 0 | E9: =$B$24*A9 -> 0 | F9: =($B$25+$B$26)*(A9+B9+C9+D9+E9) -> 3.5055816 | G9: =SUM(A9:F9) -> 25.012217 | K9: =P32 -> 0.45931356 | L9: =K9/A9 -> 0.024174398 | M9: =(K9*$B$29)+($B$28*K9) -> 0.63417424 | N9: =M9/A9 -> 0.033377592 | Q9: =(A9-$B$27)*$B$28 -> 1.55184 | R9: =(B9-$B$21*$B$27)*$B$28 -> 0.20473143 | S9: =(C9-$B$22*$B$27)*$B$28 -> 0 | T9: =(D9-$B$23*$B$27)*$B$28 -> 0 | U9: =(E9*$B$28) -> 0 | V9: =F9*$B$28 -> 0.55738747 | X9: =SUM(Q9:V9) -> 2.3139589 | Z9: =X9/G9 -> 0.092513147 | AB9: 0.039030303 | AD9: =Z9-AB9 -> 0.053482844
A10: ='Pensioen & ZW-A'!C24 -> 20 | B10: =$B$21*A10 -> 2.6385636 | C10: =$B$22*A10 -> 0 | D10: =$B$23*A10 -> 0 | E10: =$B$24*A10 -> 0 | F10: =($B$25+$B$26)*(A10+B10+C10+D10+E10) -> 3.6900859 | G10: =SUM(A10:F10) -> 26.328649 | K10: =P33 -> 0.50086149 | L10: =K10/A10 -> 0.025043075 | M10: =(K10*$B$29)+($B$28*K10) -> 0.69153946 | N10: =M10/A10 -> 0.034576973 | Q10: =(A10-$B$27)*$B$28 -> 1.71084 | R10: =(B10-$B$21*$B$27)*$B$28 -> 0.22570801 | S10: =(C10-$B$22*$B$27)*$B$28 -> 0 | T10: =(D10-$B$23*$B$27)*$B$28 -> 0 | U10: =(E10*$B$28) -> 0 | V10: =F10*$B$28 -> 0.58672365 | X10: =SUM(Q10:V10) -> 2.5232717 | Z10: =X10/G10 -> 0.095837489 | AB10: 0.040235294 | AD10: =Z10-AB10 -> 0.055602195
A11: ='Pensioen & ZW-A'!C25 -> 21 | B11: =$B$21*A11 -> 2.7704918 | C11: =$B$22*A11 -> 0 | D11: =$B$23*A11 -> 0 | E11: =$B$24*A11 -> 0 | F11: =($B$25+$B$26)*(A11+B11+C11+D11+E11) -> 3.8745902 | G11: =SUM(A11:F11) -> 27.645082 | K11: =P34 -> 0.54240942 | L11: =K11/A11 -> 0.02582902 | M11: =(K11*$B$29)+($B$28*K11) -> 0.74890468 | N11: =M11/A11 -> 0.035662128 | Q11: =(A11-$B$27)*$B$28 -> 1.86984 | R11: =(B11-$B$21*$B$27)*$B$28 -> 0.24668459 | S11: =(C11-$B$22*$B$27)*$B$28 -> 0 | T11: =(D11-$B$23*$B$27)*$B$28 -> 0 | U11: =(E11*$B$28) -> 0 | V11: =F11*$B$28 -> 0.61605984 | X11: =SUM(Q11:V11) -> 2.7325844 | Z11: =X11/G11 -> 0.098845228 | AB11: 0.041371429 | AD11: =Z11-AB11 -> 0.057473799
A12: ='Pensioen & ZW-A'!C26 -> 22 | B12: =$B$21*A12 -> 2.90242 | C12: =$B$22*A12 -> 0 | D12: =$B$23*A12 -> 0 | E12: =$B$24*A12 -> 0 | F12: =($B$25+$B$26)*(A12+B12+C12+D12+E12) -> 4.0590945 | G12: =SUM(A12:F12) -> 28.961514 | K12: =P35 -> 0.58395734 | L12: =K12/A12 -> 0.026543515 | M12: =(K12*$B$29)+($B$28*K12) -> 0.8062699 | N12: =M12/A12 -> 0.036648632 | Q12: =(A12-$B$27)*$B$28 -> 2.02884 | R12: =(B12-$B$21*$B$27)*$B$28 -> 0.26766117 | S12: =(C12-$B$22*$B$27)*$B$28 -> 0 | T12: =(D12-$B$23*$B$27)*$B$28 -> 0 | U12: =(E12*$B$28) -> 0 | V12: =F12*$B$28 -> 0.64539602 | X12: =SUM(Q12:V12) -> 2.9418972 | Z12: =X12/G12 -> 0.10157954 | AB12: 0.042444444 | AD12: =Z12-AB12 -> 0.059135091
A13: ='Pensioen & ZW-A'!C27 -> 23 | B13: =$B$21*A13 -> 3.0343482 | C13: =$B$22*A13 -> 0 | D13: =$B$23*A13 -> 0 | E13: =$B$24*A13 -> 0 | F13: =($B$25+$B$26)*(A13+B13+C13+D13+E13) -> 4.2435988 | G13: =SUM(A13:F13) -> 30.277947 | K13: =P36 -> 0.62550527 | L13: =K13/A13 -> 0.027195881 | M13: =(K13*$B$29)+($B$28*K13) -> 0.86363512 | N13: =M13/A13 -> 0.037549353 | Q13: =(A13-$B$27)*$B$28 -> 2.18784 | R13: =(B13-$B$21*$B$27)*$B$28 -> 0.28863775 | S13: =(C13-$B$22*$B$27)*$B$28 -> 0 | T13: =(D13-$B$23*$B$27)*$B$28 -> 0 | U13: =(E13*$B$28) -> 0 | V13: =F13*$B$28 -> 0.6747322 | X13: =SUM(Q13:V13) -> 3.15121 | Z13: =X13/G13 -> 0.10407608 | AB13: 0.043459459 | AD13: =Z13-AB13 -> 0.060616618
... A19: ='Pensioen & ZW-A'!C33 -> 42.42 | B19: =$B$21*A19 -> 5.5963934 | C19: =$B$22*A19 -> 0 | D19: =$B$23*A19 -> 0 | E19: =$B$24*A19 -> 0 | F19: =($B$25+$B$26)*(A19+B19+C19+D19+E19) -> 7.8266721 | G19: =SUM(A19:F19) -> 55.843066 | K19: =P42 -> 1.432366 | L19: =K19/A19 -> 0.033766289 | M19: =(K19*$B$29)+($B$28*K19) -> 1.9776677 | N19: =M19/A19 -> 0.046621115 | Q19: =(A19-$B$27)*$B$28 -> 5.27562 | R19: =(B19-$B$21*$B$27)*$B$28 -> 0.69600295 | S19: =(C19-$B$22*$B$27)*$B$28 -> 0 | T19: =(D19-$B$23*$B$27)*$B$28 -> 0 | U19: =(E19*$B$28) -> 0 | V19: =F19*$B$28 -> 1.2444409 | X19: =SUM(Q19:V19) -> 7.2160638 | Z19: =X19/G19 -> 0.12922041 | AB19: 0.062331417 | AD19: =Z19-AB19 -> 0.066888993
A21: vakantiedagen | B21: ='Vaste waarden'!C24 -> 0.13192818
A22: feestdagen | B22: ='Vaste waarden'!C26 -> 0
A23: kort verzuim | B23: ='Vaste waarden'!C31 -> 0
A24: ADV | B24: ='Vaste waarden'!C27 -> 0 | I24: uurloon | J24: PC uurloon | K24: PC vd | L24: PC fd | M24: PC kv | N24: PC ADV | O24: PC vg | P24: PC Totaal
A25: vakantiegeld | B25: ='Vaste waarden'!C32 -> 0.08 | I25: =A2 -> 22.98 | J25: =(I25-$B$27)*$B$31*$B$30 -> 0.43364814 | K25: =(B2-($B$21*$B$27))*$B$31*$B$30 -> 0.05721041 | L25: =(C2-($B$22*$B$27))*$B$31*$B$30 -> 0 | M25: =(D2-($B$23*$B$27))*$B$31*$B$30 -> 0 | N25: =E2*$B$31*$B$30 -> 0 | O25: =F2*$B$31*$B$30 -> 0.13381576 | P25: =SUM(J25:O25) -> 0.62467431
A26: EJU | B26: ='Overzicht van invoer'!F42 -> 0.083 | I26: =A3 -> 22.98 | J26: =(I26-$B$27)*$B$31*$B$30 -> 0.43364814 | K26: =(B3-($B$21*$B$27))*$B$31*$B$30 -> 0.05721041 | L26: =(C3-($B$22*$B$27))*$B$31*$B$30 -> 0 | M26: =(D3-($B$23*$B$27))*$B$31*$B$30 -> 0 | N26: =E3*$B$31*$B$30 -> 0 | O26: =F3*$B$31*$B$30 -> 0.13381576 | P26: =SUM(J26:O26) -> 0.62467431
A27: franchise | B27: ='Vaste waarden'!B35 -> 9.24 | I27: =A4 -> 14.71 | J27: =(I27-$B$27)*$B$31*$B$30 -> 0.17263867 | K27: =(B4-($B$21*$B$27))*$B$31*$B$30 -> 0.022775906 | L27: =(C4-($B$22*$B$27))*$B$31*$B$30 -> 0 | M27: =(D4-($B$23*$B$27))*$B$31*$B$30 -> 0 | N27: =E4*$B$31*$B$30 -> 0 | O27: =F4*$B$31*$B$30 -> 0.08565839 | P27: =SUM(J27:O27) -> 0.28107297
A28: pensioenpremie WG | B28: ='Vaste waarden'!B38 -> 0.159 | I28: =A5 -> 15 | J28: =(I28-$B$27)*$B$31*$B$30 -> 0.18179136 | K28: =(B5-($B$21*$B$27))*$B$31*$B$30 -> 0.023983403 | L28: =(C5-($B$22*$B$27))*$B$31*$B$30 -> 0 | M28: =(D5-($B$23*$B$27))*$B$31*$B$30 -> 0 | N28: =E5*$B$31*$B$30 -> 0 | O28: =F5*$B$31*$B$30 -> 0.0873471 | P28: =SUM(J28:O28) -> 0.29312186
A29: Sociale lasten + SFU | B29: =1+'I '!C31+'I '!C17 -> 1.2217 | I29: =A6 -> 16 | J29: =(I29-$B$27)*$B$31*$B$30 -> 0.21335236 | K29: =(B6-($B$21*$B$27))*$B$31*$B$30 -> 0.028147189 | L29: =(C6-($B$22*$B$27))*$B$31*$B$30 -> 0 | M29: =(D6-($B$23*$B$27))*$B$31*$B$30 -> 0 | N29: =E6*$B$31*$B$30 -> 0 | O29: =F6*$B$31*$B$30 -> 0.09317024 | P29: =SUM(J29:O29) -> 0.33466979
A30: pensioencompensatie | B30: =Variabelen!F95 -> 0.037 | I30: =A7 -> 17 | J30: =(I30-$B$27)*$B$31*$B$30 -> 0.24491336 | K30: =(B7-($B$21*$B$27))*$B$31*$B$30 -> 0.032310974 | L30: =(C7-($B$22*$B$27))*$B$31*$B$30 -> 0 | M30: =(D7-($B$23*$B$27))*$B$31*$B$30 -> 0 | N30: =E7*$B$31*$B$30 -> 0 | O30: =F7*$B$31*$B$30 -> 0.09899338 | P30: =SUM(J30:O30) -> 0.37621771
A31: correctiefactor | B31: ='Vaste waarden'!C40 -> 0.853 | I31: =A8 -> 18 | J31: =(I31-$B$27)*$B$31*$B$30 -> 0.27647436 | K31: =(B8-($B$21*$B$27))*$B$31*$B$30 -> 0.036474759 | L31: =(C8-($B$22*$B$27))*$B$31*$B$30 -> 0 | M31: =(D8-($B$23*$B$27))*$B$31*$B$30 -> 0 | N31: =E8*$B$31*$B$30 -> 0 | O31: =F8*$B$31*$B$30 -> 0.10481652 | P31: =SUM(J31:O31) -> 0.41776564
I32: =A9 -> 19 | J32: =(I32-$B$27)*$B$31*$B$30 -> 0.30803536 | K32: =(B9-($B$21*$B$27))*$B$31*$B$30 -> 0.040638545 | L32: =(C9-($B$22*$B$27))*$B$31*$B$30 -> 0 | M32: =(D9-($B$23*$B$27))*$B$31*$B$30 -> 0 | N32: =E9*$B$31*$B$30 -> 0 | O32: =F9*$B$31*$B$30 -> 0.11063966 | P32: =SUM(J32:O32) -> 0.45931356
A33: Maximum wg-premie | B33: =((A19-B27)*B28)/A19 -> 0.12436634 | C33: t.bv. Pensioenpremie in Overwerk | I33: =A10 -> 20 | J33: =(I33-$B$27)*$B$31*$B$30 -> 0.33959636 | K33: =(B10-($B$21*$B$27))*$B$31*$B$30 -> 0.04480233 | L33: =(C10-($B$22*$B$27))*$B$31*$B$30 -> 0 | M33: =(D10-($B$23*$B$27))*$B$31*$B$30 -> 0 | N33: =E10*$B$31*$B$30 -> 0 | O33: =F10*$B$31*$B$30 -> 0.1164628 | P33: =SUM(J33:O33) -> 0.50086149
A34: Maximum pensioencompensatie | B34: =N19 -> 0.046621115 | I34: =A11 -> 21 | J34: =(I34-$B$27)*$B$31*$B$30 -> 0.37115736 | K34: =(B11-($B$21*$B$27))*$B$31*$B$30 -> 0.048966115 | L34: =(C11-($B$22*$B$27))*$B$31*$B$30 -> 0 | M34: =(D11-($B$23*$B$27))*$B$31*$B$30 -> 0 | N34: =E11*$B$31*$B$30 -> 0 | O34: =F11*$B$31*$B$30 -> 0.12228594 | P34: =SUM(J34:O34) -> 0.54240942
I35: =A12 -> 22 | J35: =(I35-$B$27)*$B$31*$B$30 -> 0.40271836 | K35: =(B12-($B$21*$B$27))*$B$31*$B$30 -> 0.053129901 | L35: =(C12-($B$22*$B$27))*$B$31*$B$30 -> 0 | M35: =(D12-($B$23*$B$27))*$B$31*$B$30 -> 0 | N35: =E12*$B$31*$B$30 -> 0 | O35: =F12*$B$31*$B$30 -> 0.12810908 | P35: =SUM(J35:O35) -> 0.58395734
I36: =A13 -> 23 | J36: =(I36-$B$27)*$B$31*$B$30 -> 0.43427936 | K36: =(B13-($B$21*$B$27))*$B$31*$B$30 -> 0.057293686 | L36: =(C13-($B$22*$B$27))*$B$31*$B$30 -> 0 | M36: =(D13-($B$23*$B$27))*$B$31*$B$30 -> 0 | N36: =E13*$B$31*$B$30 -> 0 | O36: =F13*$B$31*$B$30 -> 0.13393222 | P36: =SUM(J36:O36) -> 0.62550527
I37: =A14 -> 24 | J37: =(I37-$B$27)*$B$31*$B$30 -> 0.46584036 | K37: =(B14-($B$21*$B$27))*$B$31*$B$30 -> 0.061457471 | L37: =(C14-($B$22*$B$27))*$B$31*$B$30 -> 0 | M37: =(D14-($B$23*$B$27))*$B$31*$B$30 -> 0 | N37: =E14*$B$31*$B$30 -> 0 | O37: =F14*$B$31*$B$30 -> 0.13975536 | P37: =SUM(J37:O37) -> 0.66705319
I38: =A15 -> 25 | J38: =(I38-$B$27)*$B$31*$B$30 -> 0.49740136 | K38: =(B15-($B$21*$B$27))*$B$31*$B$30 -> 0.065621257 | L38: =(C15-($B$22*$B$27))*$B$31*$B$30 -> 0 | M38: =(D15-($B$23*$B$27))*$B$31*$B$30 -> 0 | N38: =E15*$B$31*$B$30 -> 0 | O38: =F15*$B$31*$B$30 -> 0.1455785 | P38: =SUM(J38:O38) -> 0.70860112
I39: =A16 -> 26 | J39: =(I39-$B$27)*$B$31*$B$30 -> 0.52896236 | K39: =(B16-($B$21*$B$27))*$B$31*$B$30 -> 0.069785042 | L39: =(C16-($B$22*$B$27))*$B$31*$B$30 -> 0 | M39: =(D16-($B$23*$B$27))*$B$31*$B$30 -> 0 | N39: =E16*$B$31*$B$30 -> 0 | O39: =F16*$B$31*$B$30 -> 0.15140164 | P39: =SUM(J39:O39) -> 0.75014904
I40: =A17 -> 27 | J40: =(I40-$B$27)*$B$31*$B$30 -> 0.56052336 | K40: =(B17-($B$21*$B$27))*$B$31*$B$30 -> 0.073948827 | L40: =(C17-($B$22*$B$27))*$B$31*$B$30 -> 0 | M40: =(D17-($B$23*$B$27))*$B$31*$B$30 -> 0 | N40: =E17*$B$31*$B$30 -> 0 | O40: =F17*$B$31*$B$30 -> 0.15722478 | P40: =SUM(J40:O40) -> 0.79169697
I41: =A18 -> 0 | J41: =(I41-$B$27)*$B$31*$B$30 -> -0.29162364 | K41: =(B18-($B$21*$B$27))*$B$31*$B$30 -> -0.038473376 | L41: =(C18-($B$22*$B$27))*$B$31*$B$30 -> 0 | M41: =(D18-($B$23*$B$27))*$B$31*$B$30 -> 0 | N41: =E18*$B$31*$B$30 -> 0 | O41: =F18*$B$31*$B$30 -> 0 | P41: =SUM(J41:O41) -> -0.33009702
I42: =A19 -> 42.42 | J42: =(I42-$B$27)*$B$31*$B$30 -> 1.047194 | K42: =(B19-($B$21*$B$27))*$B$31*$B$30 -> 0.1381544 | L42: =(C19-($B$22*$B$27))*$B$31*$B$30 -> 0 | M42: =(D19-($B$23*$B$27))*$B$31*$B$30 -> 0 | N42: =E19*$B$31*$B$30 -> 0 | O42: =F19*$B$31*$B$30 -> 0.2470176 | P42: =SUM(J42:O42) -> 1.432366

Sheet Alle factoren
B3: Dit tabblad kun je gebruiken om de factoren te kopiëren of om koppelingen te maken met andere bestanden. Het is daarom niet beveiligd.
B4: Let erop dat als je kopieert en plakt, je waarschijnlijk moet kiezen voor het plakken van 'waarden'.
B6: Fase A MUB en ZUB RG I, Adminstratief en Medisch
B7: Kandidaattype | C7: Factor normale uren | D7: Factor structurele toeslagen (ORT, Ploegendienst) | E7: Factor overwerk | F7: Factor kostenvergoedingen
B8: Kandidaat met pensioen | C8: ='RG I (adm-med) fase A-1+2'!C46 -> 1.8107007 | D8: ='RG I (adm-med) fase A-1+2'!F46 -> 1.6202363 | E8: ='RG I (adm-med) fase A-1+2'!J46 -> 1.3967613 | F8: ='RG I (adm-med) fase A-1+2'!L46 -> 1.431395
B9: Kandidaat t/m 17 jaar | C9: ='RG I (adm-med) fase A-1+2'!C48 -> 1.624346 | D9: ='RG I (adm-med) fase A-1+2'!F48 -> 1.3966862 | E9: ='RG I (adm-med) fase A-1+2'!J48 -> 1.2339 | F9: ='RG I (adm-med) fase A-1+2'!L48 -> 1.2339
B10: AOW-er | C10: ='RG I (adm-med) fase A-1+2'!C51 -> 1.4154282 | D10: ='RG I (adm-med) fase A-1+2'!F51 -> 1.2170492 | E10: ='RG I (adm-med) fase A-1+2'!J51 -> 1.0752 | F10: ='RG I (adm-med) fase A-1+2'!L51 -> 1.0752
B11: Transitievergoeding | C11: ='RG I (adm-med) fase A-1+2'!C55 -> 1.061
B13: Fase A MUB en ZUB RG II, Productie, Technisch en Logistiek
B14: Kandidaattype | C14: Factor normale uren | D14: Factor structurele toeslagen (ORT, Ploegendienst) | E14: Factor overwerk | F14: Factor kostenvergoedingen
B15: Kandidaat met pensioen | C15: ='RG II (overig) fase A-1+2'!C46 -> 1.8107007 | D15: ='RG II (overig) fase A-1+2'!F46 -> 1.6202363 | E15: ='RG II (overig) fase A-1+2'!J46 -> 1.431395 | F15: ='RG II (overig) fase A-1+2'!L46 -> 1.431395
B16: Kandidaat t/m 17 jaar | C16: ='RG II (overig) fase A-1+2'!C48 -> 1.624346 | D16: ='RG II (overig) fase A-1+2'!F48 -> 1.3966862 | E16: ='RG II (overig) fase A-1+2'!J48 -> 1.2339 | F16: ='RG II (overig) fase A-1+2'!L48 -> 1.2339
B17: AOW-er | C17: ='RG II (overig) fase A-1+2'!C51 -> 1.4154282 | D17: ='RG II (overig) fase A-1+2'!F51 -> 1.2170492 | E17: ='RG II (overig) fase A-1+2'!J51 -> 1.0752 | F17: ='RG II (overig) fase A-1+2'!L51 -> 1.0752
B18: Transitievergoeding | C18: ='RG II (overig) fase A-1+2'!C55 -> 1.061
B20: Fase B
B21: Kandidaattype | C21: Factor normale uren | D21: Factor structurele toeslagen (ORT, Ploegendienst) | E21: Factor overwerk | F21: Factor kostenvergoedingen
B22: Kandidaat met pensioen | C22: ='Fase B-3'!C46 -> 1.8080679 | D22: ='Fase B-3'!F46 -> 1.6179724 | E22: ='Fase B-3'!J46 -> 1.429395 | F22: ='Fase B-3'!L46 -> 1.429395
B23: AOW-er | C23: ='Fase B-3'!C51 -> 1.4127953 | D23: ='Fase B-3'!F51 -> 1.2147853 | E23: ='Fase B-3'!J51 -> 1.0732 | F23: ='Fase B-3'!L51 -> 1.0732
B24: Transitievergoeding | C24: ='Fase B-3'!C55 -> 1.061
B26: Fase C
B27: Kandidaattype | C27: Factor normale uren | D27: Factor structurele toeslagen (ORT, Ploegendienst) | E27: Factor overwerk | F27: Factor kostenvergoedingen
B28: Kandidaat met pensioen | C28: ='Fase C- 4'!C46 -> 1.7422462 | D28: ='Fase C- 4'!F46 -> 1.561376 | E28: ='Fase C- 4'!J46 -> 1.379395 | F28: ='Fase C- 4'!L46 -> 1.379395
B29: AOW-er | C29: ='Fase C- 4'!C51 -> 1.4127953 | D29: ='Fase C- 4'!F51 -> 1.2147853 | E29: ='Fase C- 4'!J51 -> 1.0732 | F29: ='Fase C- 4'!L51 -> 1.0732
B30: Transitievergoeding | C30: ='Fase C- 4'!C55 -> 1.061
B34: Kandidaattype | C34: Factor normale uren | D34: Factor structurele toeslagen (ORT, Ploegendienst) | E34: Factor overwerk | F34: Factor kostenvergoedingen
B35: Fase A RG I, t/m 17 jaar | C35: ='RG I (adm-med) fase A-1+2'!C48 -> 1.624346 | D35: ='RG I (adm-med) fase A-1+2'!F48 -> 1.3966862 | E35: ='RG I (adm-med) fase A-1+2'!J48 -> 1.2339 | F35: ='RG I (adm-med) fase A-1+2'!L48 -> 1.2339
B36: Fase A RG I, 18 t/m 66 jaar | C36: ='RG I (adm-med) fase A-1+2'!C46 -> 1.8107007 | D36: ='RG I (adm-med) fase A-1+2'!F46 -> 1.6202363 | E36: ='RG I (adm-med) fase A-1+2'!J46 -> 1.3967613 | F36: ='RG I (adm-med) fase A-1+2'!L46 -> 1.431395
B37: Fase A RG I, vanaf 67 jaar | C37: ='RG I (adm-med) fase A-1+2'!C51 -> 1.4154282 | D37: ='RG I (adm-med) fase A-1+2'!F51 -> 1.2170492 | E37: ='RG I (adm-med) fase A-1+2'!J51 -> 1.0752 | F37: ='RG I (adm-med) fase A-1+2'!L51 -> 1.0752
B38: Fase A RG II, t/m 17 jaar | C38: ='RG II (overig) fase A-1+2'!C48 -> 1.624346 | D38: ='RG II (overig) fase A-1+2'!F48 -> 1.3966862 | E38: ='RG II (overig) fase A-1+2'!J48 -> 1.2339 | F38: ='RG II (overig) fase A-1+2'!L48 -> 1.2339
B39: Fase A RG II, 18 t/m 66 jaar | C39: ='RG II (overig) fase A-1+2'!C46 -> 1.8107007 | D39: ='RG II (overig) fase A-1+2'!F46 -> 1.6202363 | E39: ='RG II (overig) fase A-1+2'!J46 -> 1.431395 | F39: ='RG II (overig) fase A-1+2'!L46 -> 1.431395
B40: Fase A RG II, vanaf 67 jaar | C40: ='RG II (overig) fase A-1+2'!C51 -> 1.4154282 | D40: ='RG II (overig) fase A-1+2'!F51 -> 1.2170492 | E40: ='RG II (overig) fase A-1+2'!J51 -> 1.0752 | F40: ='RG II (overig) fase A-1+2'!L51 -> 1.0752
B41: Fase B, 18 t/m 66 jaar | C41: ='Fase B-3'!C46 -> 1.8080679 | D41: ='Fase B-3'!F46 -> 1.6179724 | E41: ='Fase B-3'!J46 -> 1.429395 | F41: ='Fase B-3'!L46 -> 1.429395
B42: Fase B, vanaf 67 jaar | C42: ='Fase B-3'!C51 -> 1.4127953 | D42: ='Fase B-3'!F51 -> 1.2147853 | E42: ='Fase B-3'!J51 -> 1.0732 | F42: ='Fase B-3'!L51 -> 1.0732
B43: Fase C, 18 t/m 66 jaar | C43: ='Fase C- 4'!C46 -> 1.7422462 | D43: ='Fase C- 4'!F46 -> 1.561376 | E43: ='Fase C- 4'!J46 -> 1.379395 | F43: ='Fase C- 4'!L46 -> 1.379395
B44: Fase C, vanaf 67 jaar | C44: ='Fase C- 4'!C51 -> 1.4127953 | D44: ='Fase C- 4'!F51 -> 1.2147853 | E44: ='Fase C- 4'!J51 -> 1.0732 | F44: ='Fase C- 4'!L51 -> 1.0732

Sheet RG I (adm-med) fase A-1+2
B1: Kostprijsberekening
B2: Organisatie | C2: ='Overzicht van invoer'!C3 -> Stichting Hanzehogeschool Groningen
B3: CAO | C3: ='Overzicht van invoer'!F4 -> ABU
B4: Fase en soort | C4: =IF(C3="ABU","Adminstratief/medisch fase A, MUB en ZUB",IF(C3="NBBU","Administratief/medisch fase 1/2, MUB en ZUB",)) -> Adminstratief/medisch fase A, MUB en ZUB
B5: Urensoort | C5: Normaal
B7: Component | D7: Percentage | E7: Grondslag | G7: Bijdrage | H7: Totaal
B8: Basis | D8: 1 | E8: 100 | G8: 100 | H8: 100
E9: =E8 -> 100 | F9: basis | G9: =D9*E9 -> 0 | H9: =H8+G9 -> 100
B10: Reserveringen | C10: Vakantiedagen, seniorendagen, etc. | D10: ='Vaste waarden'!$C$24 -> 0.13192818 | E10: =$H$9 -> 100 | F10: basis | G10: =D10*E10 -> 13.192818
C11: Feestdagen en doorbetaalde opleidingsdagen | D11: ='Vaste waarden'!$C$26 -> 0 | E11: =$H$9 -> 100 | F11: basis | G11: =D11*E11 -> 0
C12: Kort verzuim / Bijzonder verlof/extra verlofdagen | D12: ='Vaste waarden'!$C$31 -> 0 | E12: =$H$9 -> 100 | F12: basis | G12: =D12*E12 -> 0
C13: ADV in tijd | D13: ='Vaste waarden'!$C$27 -> 0 | E13: =$H$9 -> 100 | F13: basis | G13: =D13*E13 -> 0
C14: Totaal | D14: =SUM(D10:D13) -> 0.13192818 | E14: =$H$9 -> 100 | F14: basis | G14: =D14*E14 -> 13.192818 | H14: =H9+G14 -> 113.19282
B15: Alle componenten met dezelfde grondslag als het vakantiegeld. Denk aan EJU, 13e maand, 14e periode, IKB, etc. | D15: ='Overzicht van invoer'!F42 -> 0.083 | E15: =H14 -> 113.19282 | F15: basis+res | G15: =D15*E15 -> 9.3950039 | H15: =H14+G15 -> 122.58782
B16: Vakantiegeld | D16: ='Vaste waarden'!$C$32 -> 0.08 | E16: =H14 -> 113.19282 | F16: basis+res | G16: =D16*E16 -> 9.0554254 | H16: =H14+G16+G15 -> 131.64325
B17: Werkgeverslasten (CAO) | C17: ZW-aanvullend | D17: ='Overzicht van invoer'!$F$8 -> 0 | E17: =$H$16 -> 131.64325 | F17: basis+res | G17: =D17*E17 -> 0
C18: Pensioen* | D18: ='Overzicht van invoer'!$F$12 -> 0.10402828 | E18: =$H$16 -> 131.64325 | F18: basis+res | G18: =D18*E18 -> 13.69462
C19: Sociaal fonds | D19: ='Vaste waarden'!$B$20 -> 0.002 | E19: =$H$16 -> 131.64325 | F19: basis+res | G19: =D19*E19 -> 0.26328649
C20: Duurzame inzetbaarheid | D20: ='Vaste waarden'!$B$19 -> 0.0122 | E20: =$H$16 -> 131.64325 | F20: basis+res | G20: =D20*E20 -> 1.6060476
C21: PAWW compensatie | D21: ='Vaste waarden'!$B$10 -> 0 | E21: =$H$16 -> 131.64325 | F21: basis+res | G21: =D21*E21 -> 0
C22: Transitievergoeding | D22: ='Overzicht van invoer'!$F$43 -> 0 | E22: =$H$16 -> 131.64325 | F22: basis+res | G22: =D22*E22 -> 0
C23: Pensioencompensatie, incl. premie SV en pensioen | D23: ='Overzicht van invoer'!$F$44 -> 0.037532107 | E23: =$H$16 -> 131.64325 | F23: basis+res | G23: =D23*E23 -> 4.9408484
C24: Totaal | D24: =SUM(D17:D23) -> 0.15576038 | E24: =$H$16 -> 131.64325 | F24: basis+res | G24: =SUM(G17:G23) -> 20.504803 | H24: =H16+G24 -> 152.14805
B25: Werkgeverslasten (soc. premies) ** | C25: Werkloosheidswet AWF (WW premie) | D25: ='Vaste waarden'!$B$3 -> 0.0774 | E25: =$H$16 -> 131.64325 | F25: basis+res | G25: =D25*E25 -> 10.189187
C26: Basispremie WAO/WIA | D26: =Bedrijfswaardes!$C$15 -> 0.0763 | E26: =$H$16 -> 131.64325 | F26: basis+res | G26: =D26*E26 -> 10.04438
C27: Kinderopvang | D27: ='Vaste waarden'!$B$6 -> 0.005 | E27: =$H$16 -> 131.64325 | F27: basis+res | G27: =D27*E27 -> 0.65821624
C28: gediff. premie WGA na aftrek wn-deel | D28: ='Overzicht van invoer'!$F$22+'Overzicht van invoer'!F23 -> 0 | E28: =$H$16 -> 131.64325 | F28: basis+res | G28: =D28*E28 -> 0
C29: Kosten ZW-Flex of ERD Ziektewet | D29: ='Overzicht van invoer'!$F$24 -> 0 | E29: =$H$16 -> 131.64325 | F29: basis+res | G29: =D29*E29 -> 0
C30: Kosten verzuim eerste 4 weken, herverzekerd | D30: ='Overzicht van invoer'!$F$31 -> 0 | E30: =$H$16 -> 131.64325 | F30: basis+res | G30: =D30*E30 -> 0
C31: ZVW | D31: ='Vaste waarden'!$B$7 -> 0.061 | E31: =$H$16 -> 131.64325 | F31: basis+res | G31: =D31*E31 -> 8.0302381
C32: Totaal | D32: =SUM(D25:D31) -> 0.2197 | E32: =$H$16 -> 131.64325 | F32: basis+res | G32: =D32*E32 -> 28.922021 | H32: =H24+G32 -> 181.07007
B33: Contractverplichtingen | D33: ='Overzicht van invoer'!$F$27 -> 0 | E33: =$H$32 -> 181.07007 | F33: basis+res+wglasten | G33: =D33*E33 -> 0
C34: Kosten verzuim tijdens dienstverband | D34: =Variabelen!F32 -> 0 | E34: =$H$32 -> 181.07007 | F34: basis+res+wglasten | G34: =D34*E34 -> 0
C35: Doorbetaling bij WAB-leegloop | D35: =Variabelen!F46 -> 0 | E35: =$H$32 -> 181.07007 | F35: basis+res+wglasten | G35: =D35*E35 -> 0
B36: Overige directe kosten / niet direct in geld waardeerbare kosten | C36: Eventueel nog zelf toe te voegen kosten | D36: ='Overzicht van invoer'!F47 -> 0 | E36: =$H$32 -> 181.07007 | F36: basis+res+wglasten | G36: =D36*E36 -> 0
C37: Totaal | D37: =SUM(D33:D36) -> 0 | E37: =$H$32 -> 181.07007 | F37: basis+res+wglasten | G37: =D37*E37 -> 0
C38: Totaal | H38: =H32+G37 -> 181.07007
B40: * | C40: De kosten voor pensioen verschillen per kandidaat, afhankelijk van de regeling die geldt.
B41: ** | C41: Door de franchise op het werknemersdeel van de pensioenpremie en zw-aanvullend is de exacte grondslag afhankelijk van het feitelijke uurloon.
C42: Hier is geen generieke berekening mogelijk. De franchise is buiten beschouwing gelaten en leidt tot een klein voordeel in de nacalculatorische kostprijs.
B45: Kostprijsfactoren normale uren en ADV in geld | D45: Kostprijsfactoren structurele toeslagen (ORT en Ploegendienst) | H45: Kostprijsfactor overwerk | K45: Kostprijsfactor kostenvergoedingen
B46: Kandidaat met pensioen | C46: ='I '!G38 -> 1.8107007 | D46: Structurele toeslagen | F46: ='I '!M37/100 -> 1.6202363 | H46: Overwerk | J46: ='I '!S37/100 -> 1.3967613 | K46: Kostenvergoeding | L46: ='I '!Y38 -> 1.431395
B48: Jongere t/m 17 jaar | C48: ='I '!G160 -> 1.624346 | D48: Structurele toeslagen | F48: ='I '!M160 -> 1.3966862 | H48: Overwerk | J48: ='I '!S160 -> 1.2339 | K48: Kostenvergoeding | L48: ='I '!Y160 -> 1.2339
B49: AOW-er tot 67 jaar | C49: ='I '!G77 -> 1.6030504 | D49: Structurele toeslagen | F49: ='I '!M77 -> 1.4405993 | H49: Bruto vergoeding/overwerk | J49: ='I '!S77 -> 1.2177232 | K49: Bruto vergoeding/overwerk | L49: ='I '!AB77 -> 0
B51: AOW-er | C51: ='I '!G118 -> 1.4154282 | D51: Structurele toeslagen | F51: ='I '!M118 -> 1.2170492 | H51: Overwerk | J51: ='I '!S118 -> 1.0752 | K51: Kostenvergoeding | L51: ='I '!Y118 -> 1.0752
B52: Vakantiekracht zonder pensioen | C52: ='I '!G160 -> 1.624346 | D52: Structurele toeslagen | F52: ='I '!M160 -> 1.3966862 | H52: Overwerk | J52: ='I '!S160 -> 1.2339 | K52: Kostenvergoeding | L52: ='I '!Y160 -> 1.2339
B53: Vakantiekracht met pensioen | C53: ='I '!G201 -> 1.7550503 | D53: Structurele toeslagen | F53: ='I '!M201 -> 1.5712957 | H53: Overwerk | J53: ='I '!S201 -> 1.3379283 | K53: Kostenvergoeding | L53: ='I '!Y201 -> 1.3929
B55: Transitievergoeding | C55: =1+'Vaste waarden'!B7 -> 1.061
B57: Selecteer via de uitvallijst het gewenste contractype
B58: Kandidaat met pensioen | C58: =IFERROR(VLOOKUP($B$58,$B$46:$L$55,2,FALSE),0) -> 1.8107007 | D58: =D46 -> Structurele toeslagen | F58: =IFERROR(VLOOKUP($B$58,$B$46:$L$55,5,FALSE),0) -> 1.6202363 | H58: =H46 -> Overwerk | J58: =IFERROR(VLOOKUP($B$58,$B$46:$L$55,9,FALSE),0) -> 1.3967613 | K58: Vergoedingen | L58: =IFERROR(VLOOKUP($B$58,$B$46:$L$55,11,FALSE),0) -> 1.431395
B60: =B58 -> Kandidaat met pensioen | D60: Percentages | F60: Nominaal | G60: Kostprijs | I60: Tarief
B61: uurloon | F61: ='Overzicht van invoer'!F54 -> 22.98 | H61: =F61*C58 -> 41.609902 | I61: =H61/(1-'Overzicht van invoer'!D70) -> 41.609902
B62: aantal normale uren per week | D62: ='Overzicht van invoer'!D55 -> 1 | F62: ='Overzicht van invoer'!F55 -> 36 | H62: ='Overzicht van invoer'!F55*F61*C58 -> 1497.9565 | I62: =H62/(1-'Overzicht van invoer'!$D$70) -> 1497.9565
B63: ADV in geld als % van uurloon | D63: ='Overzicht van invoer'!D56 -> 0 | F63: ='Overzicht van invoer'!F56 -> 0 | H63: ='Overzicht van invoer'!F55*'Overzicht van invoer'!F56*F58 -> 0 | I63: =H63/(1-'Overzicht van invoer'!$D$70) -> 0
B64: Waarvan toeslaguren, percentage en aantal uur per week | D64: ='Overzicht van invoer'!D57 -> 0 | F64: ='Overzicht van invoer'!F57 -> 0 | H64: ='Overzicht van invoer'!F57*'Overzicht van invoer'!D57*F61*F58 -> 0 | I64: =H64/(1-'Overzicht van invoer'!$D$71) -> 0
B65: Waarvan toeslaguren, percentage en aantal uur per week | D65: ='Overzicht van invoer'!D58 -> 0 | F65: ='Overzicht van invoer'!F58 -> 0 | H65: ='Overzicht van invoer'!F58*'Overzicht van invoer'!D58*$F$61*F58 -> 0 | I65: =H65/(1-'Overzicht van invoer'!$D$71) -> 0
B66: Waarvan toeslaguren, percentage en aantal uur per week | D66: ='Overzicht van invoer'!D59 -> 0 | F66: ='Overzicht van invoer'!F59 -> 0 | H66: ='Overzicht van invoer'!F59*'Overzicht van invoer'!D59*$F$61*F58 -> 0 | I66: =H66/(1-'Overzicht van invoer'!$D$71) -> 0
B67: Overwerk, percentage en aantal uur per week | D67: ='Overzicht van invoer'!D60 -> 0 | F67: ='Overzicht van invoer'!F60 -> 0 | H67: =(1+'Overzicht van invoer'!D60)*'Overzicht van invoer'!F60*'Overzicht van invoer'!F54*J58 -> 0 | I67: =H67/(1-'Overzicht van invoer'!$D$72) -> 0
B68: Overwerk, percentage en aantal uur per week | D68: ='Overzicht van invoer'!D61 -> 0 | F68: ='Overzicht van invoer'!F61 -> 0 | H68: =(1+'Overzicht van invoer'!D61)*'Overzicht van invoer'!F61*'Overzicht van invoer'!$F$54*J58 -> 0 | I68: =H68/(1-'Overzicht van invoer'!$D$72) -> 0
B69: Overwerk, percentage en aantal uur per week | D69: ='Overzicht van invoer'!D62 -> 0 | F69: ='Overzicht van invoer'!F62 -> 0 | H69: =(1+'Overzicht van invoer'!D62)*'Overzicht van invoer'!F62*'Overzicht van invoer'!$F$54*J58 -> 0 | I69: =H69/(1-'Overzicht van invoer'!$D$72) -> 0
B70: Netto reiskostenvergoeding woon/werk per dag | H70: =5*$F$70 -> 0 | I70: =$H$70 -> 0
B71: Totaal van bruto vergoedingen per week | F71: ='Overzicht van invoer'!F64 -> 0 | H71: =F71*L58 -> 0 | I71: =$H$71/(1-'Overzicht van invoer'!D73) -> 0
B72: Totaal van netto vergoedingen per week | F72: ='Overzicht van invoer'!F65 -> 0 | H72: =$F$72 -> 0 | I72: =$H$72 -> 0
B73: Totale loonkosten resp. factuurbedrag per week | H73: =SUM(H62:H72) -> 1497.9565 | I73: =SUM(I62:I72) -> 1497.9565
B74: Totale loonkosten per uur | H74: =H73/('Overzicht van invoer'!F55+'Overzicht van invoer'!F60+'Overzicht van invoer'!F61+'Overzicht van invoer'!F62) -> 41.609902 | I74: =I73/('Overzicht van invoer'!F55+'Overzicht van invoer'!F60+'Overzicht van invoer'!F61+'Overzicht van invoer'!F62) -> 41.609902
B75: Gewogen factor | H75: =H74/$F$61 -> 1.8107007 | I75: =I74/$F$61 -> 1.8107007

Sheet I 
B2: Reguliere werknemers
A4: factor voor: | B4: Normale uren voor reguliere werknemers | H4: toeslagdeel van de structurele toeslagen | O4: Overwerk en toeslagdeel van niet-structurele toeslagen | U4: Bruto vergoedingen
A5: Component | C5: percentage | D5: grondslag | F5: bijdrage | G5: totaal | I5: percentage | J5: grondslag | L5: bijdrage | M5: totaal | O5: percentage | P5: grondslag | R5: bijdrage | S5: totaal | U5: percentage | V5: grondslag | X5: bijdrage | Y5: totaal | AD5: veld dat afhankelijk is van RG, zowel verwijzing als tekst
A6: basis | C6: 100 | D6: 100 | F6: 100 | G6: 100 | I6: 100 | J6: 100 | L6: 100 | M6: 100 | O6: 100 | P6: 100 | R6: 100 | S6: 100 | U6: 100 | V6: 100 | X6: 100 | Y6: 100 | AD6: veld dat afhankelijk is van fase
A7: wachtdag | D7: =D6 -> 100 | E7: basis | F7: =C7*D7 -> 0 | G7: =G6+F7 -> 100 | J7: =J6 -> 100 | K7: basis | L7: =I7*J7 -> 0 | M7: =M6+L7 -> 100 | P7: =P6 -> 100 | Q7: basis | R7: =O7*P7 -> 0 | S7: =S6+R7 -> 100 | V7: =V6 -> 100 | W7: basis | X7: =U7*V7 -> 0 | Y7: =Y6+X7 -> 100
A8: reserveringen | B8: Vakantiedagen, seniorendagen, etc. | C8: ='Vaste waarden'!$C$24 -> 0.13192818 | D8: =$G$7 -> 100 | E8: basis | F8: =C8*D8 -> 13.192818 | I8: =C8 -> 0.13192818 | J8: =$M$7 -> 100 | K8: basis | L8: =I8*J8 -> 13.192818 | P8: =$S$7 -> 100 | Q8: basis | R8: =O8*P8 -> 0 | V8: =$Y$7 -> 100 | W8: basis | X8: =U8*V8 -> 0 | AD8: grondslag nog te bepalen
B9: Feestdagen en doorbetaalde opleidingsdagen | C9: ='Vaste waarden'!$C$26 -> 0 | D9: =$G$7 -> 100 | E9: basis | F9: =C9*D9 -> 0 | J9: =$M$7 -> 100 | K9: basis | L9: =I9*J9 -> 0 | P9: =$S$7 -> 100 | Q9: basis | R9: =O9*P9 -> 0 | V9: =$Y$7 -> 100 | W9: basis | X9: =U9*V9 -> 0
B10: Kort verzuim / Bijzonder verlof/extra verlofdagen | C10: ='Vaste waarden'!$C$31 -> 0 | D10: =$G$7 -> 100 | E10: basis | F10: =C10*D10 -> 0 | I10: =C10 -> 0 | J10: =$M$7 -> 100 | K10: basis | L10: =I10*J10 -> 0 | P10: =$S$7 -> 100 | Q10: basis | R10: =O10*P10 -> 0 | V10: =$Y$7 -> 100 | W10: basis | X10: =U10*V10 -> 0
B11: ADV in tijd | C11: ='Vaste waarden'!$C$27 -> 0 | D11: =$G$7 -> 100 | E11: basis | F11: =C11*D11 -> 0 | J11: =$M$7 -> 100 | K11: basis | L11: =I11*J11 -> 0 | P11: =$S$7 -> 100 | Q11: basis | R11: =O11*P11 -> 0 | V11: =$Y$7 -> 100 | W11: basis | X11: =U11*V11 -> 0
B12: totaal | C12: =SUM(C8:C11) -> 0.13192818 | D12: =$G$7 -> 100 | E12: basis | F12: =C12*D12 -> 13.192818 | G12: =G7+F12 -> 113.19282 | I12: =SUM(I8:I11) -> 0.13192818 | J12: =$M$7 -> 100 | K12: basis | L12: =I12*J12 -> 13.192818 | M12: =M7+L12 -> 113.19282 | O12: =SUM(O8:O11) -> 0 | P12: =$S$7 -> 100 | Q12: basis | R12: =O12*P12 -> 0 | S12: =S7+R12 -> 100 | U12: =SUM(U8:U11) -> 0 | V12: =$Y$7 -> 100 | W12: basis | X12: =U12*V12 -> 0 | Y12: =Y7+X12 -> 100
A13: Eindejaarsuitkering | C13: ='Overzicht van invoer'!$F$42 -> 0.083 | D13: =G12 -> 113.19282 | E13: basis+res | F13: =C13*D13 -> 9.3950039 | G13: =G12+F13 -> 122.58782 | I13: =IF(Variabelen!$C$68 ="ja", Variabelen!$F$67, 0)+IF(Variabelen!$C$71 ="ja", Variabelen!$F$70, 0) -> 0 | J13: =M12 -> 113.19282 | K13: basis+res | L13: =I13*J13 -> 0 | M13: =M12+L13 -> 113.19282 | O13: =IF(Variabelen!$C$69 ="ja", Variabelen!$F$67, 0)+IF(Variabelen!$C$72 ="ja", Variabelen!$F$70, 0) -> 0 | P13: =S12 -> 100 | Q13: basis+res | R13: =O13*P13 -> 0 | S13: =S12+R13 -> 100 | V13: =Y12 -> 100 | W13: basis+res | X13: =U13*V13 -> 0 | Y13: =Y12+X13 -> 100
A14: vakantiegeld | C14: ='Vaste waarden'!$C$32 -> 0.08 | D14: =G12 -> 113.19282 | E14: basis+res | F14: =C14*D14 -> 9.0554254 | G14: =G12+F14+F13 -> 131.64325 | I14: =IF(Variabelen!$C$65 ="ja", Variabelen!$F$64, 0) -> 0 | J14: =M12 -> 113.19282 | K14: basis+res | L14: =I14*J14 -> 0 | M14: =M12+L14+L13 -> 113.19282 | O14: =IF(Variabelen!$C$66 ="ja", Variabelen!$F$64, 0) -> 0 | P14: =S12 -> 100 | Q14: basis+res | R14: =O14*P14 -> 0 | S14: =S12+R14+R13 -> 100 | V14: =Y12 -> 100 | W14: basis+res | X14: =U14*V14 -> 0 | Y14: =Y12+X14+X13 -> 100
A15: werkgeverslasten (CAO) | B15: zw-aanvullend | C15: ='Overzicht van invoer'!$F$8 -> 0 | D15: =$G$14 -> 131.64325 | E15: basis+res | F15: =C15*D15 -> 0 | I15: =C15 -> 0 | J15: =$M$14 -> 113.19282 | K15: basis+res | L15: =I15*J15 -> 0 | O15: =C15 -> 0 | P15: =$S$14 -> 100 | Q15: basis+res | R15: =O15*P15 -> 0 | U15: =I15 -> 0 | V15: =$Y$14 -> 100 | W15: basis+res | X15: =U15*V15 -> 0 | AC15: wel og geen werkgeversdeel ZW-A in overwerk? En hoe dan bij ZUB?
B16: pensioen | C16: ='Overzicht van invoer'!$F$12 -> 0.10402828 | D16: =$G$14 -> 131.64325 | E16: basis+res | F16: =C16*D16 -> 13.69462 | I16: ='Vaste waarden'!$B$36 -> 0.159 | J16: =$M$14 -> 113.19282 | K16: basis+res | L16: =I16*J16 -> 17.997658 | O16: ='Hulpblad pensioenpremie'!$B$33 -> 0.12436634 | P16: =$S$14 -> 100 | Q16: basis+res | R16: =O16*P16 -> 12.436634 | U16: =I16 -> 0.159 | V16: =$Y$14 -> 100 | W16: basis+res | X16: =U16*V16 -> 15.9
B17: sociaal fonds | C17: ='Vaste waarden'!$B$20 -> 0.002 | D17: =$G$14 -> 131.64325 | E17: basis+res | F17: =C17*D17 -> 0.26328649 | I17: =C17 -> 0.002 | J17: =$M$14 -> 113.19282 | K17: basis+res | L17: =I17*J17 -> 0.22638564 | O17: =I17 -> 0.002 | P17: =$S$14 -> 100 | Q17: basis+res | R17: =O17*P17 -> 0.2 | U17: =O17 -> 0.002 | V17: =$Y$14 -> 100 | W17: basis+res | X17: =U17*V17 -> 0.2
B18: Duurzame inzetbaarheid | C18: ='Vaste waarden'!$B$19 -> 0.0122 | D18: =$G$14 -> 131.64325 | E18: basis+res | F18: =C18*D18 -> 1.6060476 | I18: =C18 -> 0.0122 | J18: =$M$14 -> 113.19282 | K18: basis+res | L18: =I18*J18 -> 1.3809524 | O18: =C18 -> 0.0122 | P18: =$S$14 -> 100 | Q18: basis+res | R18: =O18*P18 -> 1.22 | U18: =I18 -> 0.0122 | V18: =$Y$14 -> 100 | W18: basis+res | X18: =U18*V18 -> 1.22
B19: PAWW compensatie | C19: ='Vaste waarden'!$B$10 -> 0 | D19: =$G$14 -> 131.64325 | E19: basis+res | F19: =C19*D19 -> 0 | I19: =C19 -> 0 | J19: =$M$14 -> 113.19282 | K19: basis+res | L19: =I19*J19 -> 0 | O19: =I19 -> 0 | P19: =$S$14 -> 100 | Q19: basis+res | R19: =O19*P19 -> 0 | U19: =O19 -> 0 | V19: =$Y$14 -> 100 | W19: basis+res | X19: =U19*V19 -> 0
B20: Transitievergoeding | C20: ='Overzicht van invoer'!$F$43 -> 0 | D20: =$G$14 -> 131.64325 | E20: basis+res | F20: =C20*D20 -> 0 | I20: =C20 -> 0 | J20: =$M$14 -> 113.19282 | K20: basis+res | L20: =I20*J20 -> 0 | O20: =C20 -> 0 | P20: =$S$14 -> 100 | Q20: basis+res | R20: =O20*P20 -> 0 | V20: =$Y$14 -> 100 | W20: basis+res | X20: =U20*V20 -> 0
B21: Pensioencompensatie, incl. premie SV en pensioen | C21: ='Overzicht van invoer'!F44 -> 0.037532107 | D21: =$G$14 -> 131.64325 | E21: basis+res | F21: =C21*D21 -> 4.9408484 | I21: ='Vaste waarden'!B40*Variabelen!$F$95 -> 0.038494952 | J21: =$M$14 -> 113.19282 | K21: basis+res | L21: =I21*J21 -> 4.3573521 | O21: =I21 -> 0.038494952 | P21: =$S$14 -> 100 | Q21: basis+res | R21: =O21*P21 -> 3.8494952 | U21: =I21 -> 0.038494952 | V21: =$Y$14 -> 100 | W21: basis+res | X21: =U21*V21 -> 3.8494952
B22: totaal | C22: =SUM(C15:C21) -> 0.15576038 | D22: =$G$14 -> 131.64325 | E22: basis+res | F22: =SUM(F15:F21) -> 20.504803 | G22: =G14+F22 -> 152.14805 | I22: =SUM(I15:I21) -> 0.21169495 | J22: =$M$14 -> 113.19282 | K22: basis+res | L22: =SUM(L15:L21) -> 23.962348 | M22: =M14+L22 -> 137.15517 | O22: =SUM(O15:O21) -> 0.17706129 | P22: =$S$14 -> 100 | Q22: basis+res | R22: =O22*P22 -> 17.706129 | S22: =S14+R22 -> 117.70613 | U22: =SUM(U15:U21) -> 0.21169495 | V22: =$Y$14 -> 100 | W22: basis+res | X22: =U22*V22 -> 21.169495 | Y22: =Y14+X22 -> 121.1695
A23: werkgeverslasten (soc. premies) 3) | B23: ww-premie | C23: ='Vaste waarden'!$B$3 -> 0.0774 | D23: =$G$14 -> 131.64325 | E23: basis+res | F23: =C23*D23 -> 10.189187 | I23: =C23 -> 0.0774 | J23: =$M$14 -> 113.19282 | K23: basis+res | L23: =I23*J23 -> 8.7611241 | O23: =I23 -> 0.0774 | P23: =$S$14 -> 100 | Q23: basis+res | R23: =O23*P23 -> 7.74 | U23: =O23 -> 0.0774 | V23: =$Y$14 -> 100 | W23: basis+res | X23: =U23*V23 -> 7.74
B24: basispremie WAO/WIA (AOF) | C24: =Bedrijfswaardes!$C$15 -> 0.0763 | D24: =$G$14 -> 131.64325 | E24: basis+res | F24: =C24*D24 -> 10.04438 | I24: =C24 -> 0.0763 | J24: =$M$14 -> 113.19282 | K24: basis+res | L24: =I24*J24 -> 8.636612 | O24: =I24 -> 0.0763 | P24: =$S$14 -> 100 | Q24: basis+res | R24: =O24*P24 -> 7.63 | U24: =O24 -> 0.0763 | V24: =$Y$14 -> 100 | W24: basis+res | X24: =U24*V24 -> 7.63
B25: kinderopvang | C25: ='Vaste waarden'!$B$6 -> 0.005 | D25: =$G$14 -> 131.64325 | E25: basis+res | F25: =C25*D25 -> 0.65821624 | I25: =C25 -> 0.005 | J25: =$M$14 -> 113.19282 | K25: basis+res | L25: =I25*J25 -> 0.56596409 | O25: =I25 -> 0.005 | P25: =$S$14 -> 100 | Q25: basis+res | R25: =O25*P25 -> 0.5 | U25: =O25 -> 0.005 | V25: =$Y$14 -> 100 | W25: basis+res | X25: =U25*V25 -> 0.5
B26: gediff. premie WGA na aftrek wn-deel | C26: ='Overzicht van invoer'!$F$22 -> 0 | D26: =$G$14 -> 131.64325 | E26: basis+res | F26: =C26*D26 -> 0 | I26: =C26 -> 0 | J26: =$M$14 -> 113.19282 | K26: basis+res | L26: =I26*J26 -> 0 | O26: =I26 -> 0 | P26: =$S$14 -> 100 | Q26: basis+res | R26: =O26*P26 -> 0 | U26: =O26 -> 0 | V26: =$Y$14 -> 100 | W26: basis+res | X26: =U26*V26 -> 0
B27: gediff. premie ZW-flex 5) | C27: ='Overzicht van invoer'!$F$23 -> 0 | D27: =$G$14 -> 131.64325 | E27: basis+res | F27: =C27*D27 -> 0 | I27: =C27 -> 0 | J27: =$M$14 -> 113.19282 | K27: basis+res | L27: =I27*J27 -> 0 | O27: =I27 -> 0 | P27: =$S$14 -> 100 | Q27: basis+res | R27: =O27*P27 -> 0 | U27: =O27 -> 0 | V27: =$Y$14 -> 100 | W27: basis+res | X27: =U27*V27 -> 0
B28: zvw | C28: ='Vaste waarden'!$B$7 -> 0.061 | D28: =$G$14 -> 131.64325 | E28: basis+res | F28: =C28*D28 -> 8.0302381 | I28: =C28 -> 0.061 | J28: =$M$14 -> 113.19282 | K28: basis+res | L28: =I28*J28 -> 6.9047619 | O28: =I28 -> 0.061 | P28: =$S$14 -> 100 | Q28: basis+res | R28: =O28*P28 -> 6.1 | U28: =O28 -> 0.061 | V28: =$Y$14 -> 100 | W28: basis+res | X28: =U28*V28 -> 6.1
B29: Kosten ZW-Flex of ERD Ziektewet | C29: ='Overzicht van invoer'!$F$24 -> 0 | D29: =$G$14 -> 131.64325 | E29: basis+res | F29: =C29*D29 -> 0 | I29: =C29 -> 0 | J29: =$M$14 -> 113.19282 | K29: basis+res | L29: =I29*J29 -> 0 | O29: =I29 -> 0 | P29: =$S$14 -> 100 | Q29: basis+res | R29: =O29*P29 -> 0 | U29: =O29 -> 0 | V29: =$Y$14 -> 100 | W29: basis+res | X29: =U29*V29 -> 0
B30: Kosten verzuim eerste 4 weken, herverzekerd | C30: ='Overzicht van invoer'!$F$31 -> 0 | D30: =$G$14 -> 131.64325 | E30: basis+res | F30: =C30*D30 -> 0 | I30: =C30 -> 0 | J30: =$M$14 -> 113.19282 | K30: basis+res | L30: =I30*J30 -> 0 | O30: =I30 -> 0 | P30: =$S$14 -> 100 | Q30: basis+res | R30: =O30*P30 -> 0 | U30: =O30 -> 0 | V30: =$Y$14 -> 100 | W30: basis+res | X30: =U30*V30 -> 0 | AC30: bij herverzekering premie gebaseerd op SV-loon, vandaar wel in de opbouw
B31: totaal | C31: =SUM(C23:C30) -> 0.2197 | D31: =$G$14 -> 131.64325 | E31: basis+res | F31: =C31*D31 -> 28.922021 | G31: =G22+F31 -> 181.07007 | I31: =SUM(I23:I30) -> 0.2197 | J31: =$M$14 -> 113.19282 | K31: basis+res | L31: =I31*J31 -> 24.868462 | M31: =M22+L31 -> 162.02363 | O31: =SUM(O23:O30) -> 0.2197 | P31: =$S$14 -> 100 | Q31: basis+res | R31: =O31*P31 -> 21.97 | S31: =S22+R31 -> 139.67613 | U31: =SUM(U23:U30) -> 0.2197 | V31: =$Y$14 -> 100 | W31: basis+res | X31: =U31*V31 -> 21.97 | Y31: =Y22+X31 -> 143.1395
A32: Contractverplichtingen | B32: reserveveld | C32: ='Overzicht van invoer'!$F$27 -> 0 | D32: =$G$31 -> 181.07007 | E32: basis+res+wg lasten | F32: =C32*D32 -> 0 | I32: =C32 -> 0 | J32: =$M$31 -> 162.02363 | K32: basis+res+wg lasten | L32: =I32*J32 -> 0 | O32: =I32 -> 0 | P32: =$S$31 -> 139.67613 | Q32: basis+res+wg lasten | R32: =O32*P32 -> 0 | U32: =O32 -> 0 | V32: =$Y$31 -> 143.1395 | W32: basis+res+wg lasten | X32: =U32*V32 -> 0
B33: Kosten verzuim tijdens dienstverband | C33: =Variabelen!F32 -> 0 | D33: =$G$31 -> 181.07007 | E33: basis+res+wg lasten | F33: =C33*D33 -> 0 | I33: =C33 -> 0 | J33: =$M$31 -> 162.02363 | K33: basis+res+wg lasten | L33: =I33*J33 -> 0 | P33: =$S$31 -> 139.67613 | Q33: basis+res+wg lasten | R33: =O33*P33 -> 0 | V33: =$Y$31 -> 143.1395 | W33: basis+res+wg lasten | X33: =U33*V33 -> 0
B34: Doorbetaling bij WAB-leegloop | C34: =Variabelen!F46 -> 0 | D34: =$G$31 -> 181.07007 | E34: basis+res+wg lasten | F34: =C34*D34 -> 0 | I34: =C34 -> 0 | J34: =$M$31 -> 162.02363 | K34: basis+res+wg lasten | L34: =I34*J34 -> 0 | P34: =$S$31 -> 139.67613 | Q34: basis+res+wg lasten | R34: =O34*P34 -> 0 | V34: =$Y$31 -> 143.1395 | W34: basis+res+wg lasten | X34: =U34*V34 -> 0
B35: Overige directe kosten | C35: ='Overzicht van invoer'!$F$47 -> 0 | D35: =$G$31 -> 181.07007 | E35: basis+res+wg lasten | F35: =C35*D35 -> 0 | J35: =$M$31 -> 162.02363 | K35: basis+res+wg lasten | L35: =I35*J35 -> 0 | P35: =$S$31 -> 139.67613 | Q35: basis+res+wg lasten | R35: =O35*P35 -> 0 | V35: =$Y$31 -> 143.1395 | W35: basis+res+wg lasten | X35: =U35*V35 -> 0
B36: totaal | C36: =SUM(C32:C35) -> 0 | D36: =$G$31 -> 181.07007 | E36: basis+res | F36: =C36*D36 -> 0 | I36: =SUM(I32:I35) -> 0 | J36: =$M$31 -> 162.02363 | K36: basis+res+wg lasten | L36: =I36*J36 -> 0 | O36: =SUM(O32:O35) -> 0 | P36: =$S$31 -> 139.67613 | Q36: basis+res+wg lasten | R36: =O36*P36 -> 0 | U36: =SUM(U32:U35) -> 0 | V36: =$Y$31 -> 143.1395 | W36: basis+res+wg lasten | X36: =U36*V36 -> 0
B37: totaal | G37: =G31+F36 -> 181.07007 | M37: =M31+L36 -> 162.02363 | S37: =S31+R36 -> 139.67613 | Y37: =Y31+X36 -> 143.1395
G38: =G37/100 -> 1.8107007 | M38: =M37/100 -> 1.6202363 | S38: =S37/100 -> 1.3967613 | Y38: =Y37/100 -> 1.431395
B42: AOW-gerechtigde werknemers met pensioenopbouw (tot 67)
A45: factor voor: | B45: Normale uren voor gepensioneerde medewerkers | H45: toeslagdeel van de structurele toeslagen 6) | O45: Overwerk | U45: Bruto vergoedingen | AB45: factor verzuimkosten | AD45: 1
A46: Component | C46: percentage | D46: grondslag | F46: bijdrage | G46: totaal | I46: percentage | J46: grondslag | L46: bijdrage | M46: totaal | O46: percentage | P46: grondslag | R46: bijdrage | S46: totaal | U46: percentage | V46: grondslag | X46: bijdrage | Y46: totaal
A47: basis | C47: 100 | D47: 100 | F47: 100 | G47: 100 | I47: 100 | J47: 100 | L47: 100 | M47: 100 | O47: 100 | P47: 100 | R47: 100 | S47: 100 | U47: 100 | V47: 100 | X47: 100 | Y47: 100
A48: wachtdag | D48: =D47 -> 100 | E48: basis | F48: =C48*D48 -> 0 | G48: =G47+F48 -> 100 | J48: =J47 -> 100 | K48: basis | L48: =I48*J48 -> 0 | M48: =M47+L48 -> 100 | P48: =P47 -> 100 | Q48: basis | R48: =O48*P48 -> 0 | S48: =S47+R48 -> 100 | V48: =V47 -> 100 | W48: basis | X48: =U48*V48 -> 0 | Y48: =Y47+X48 -> 100
A49: reserveringen | B49: vakantiedagen | C49: ='Vaste waarden'!$C$24 -> 0.13192818 | D49: =$G$48 -> 100 | E49: basis | F49: =C49*D49 -> 13.192818 | I49: =C49 -> 0.13192818 | J49: =$M$48 -> 100 | K49: basis | L49: =I49*J49 -> 13.192818 | P49: =$S$48 -> 100 | Q49: basis | R49: =O49*P49 -> 0 | V49: =$S$48 -> 100 | W49: basis | X49: =U49*V49 -> 0
B50: feestdagen | C50: ='Vaste waarden'!$C$26 -> 0 | D50: =$G$48 -> 100 | E50: basis | F50: =C50*D50 -> 0 | J50: =$M$48 -> 100 | K50: basis | L50: =I50*J50 -> 0 | P50: =$S$48 -> 100 | Q50: basis | R50: =O50*P50 -> 0 | V50: =$S$48 -> 100 | W50: basis | X50: =U50*V50 -> 0
B51: kv/bv | C51: ='Vaste waarden'!$C$31 -> 0 | D51: =$G$48 -> 100 | E51: basis | F51: =C51*D51 -> 0 | J51: =$M$48 -> 100 | K51: basis | L51: =I51*J51 -> 0 | P51: =$S$48 -> 100 | Q51: basis | R51: =O51*P51 -> 0 | V51: =$S$48 -> 100 | W51: basis | X51: =U51*V51 -> 0
B52: ADV in tijd | C52: ='Vaste waarden'!$C$27 -> 0 | D52: =$G$48 -> 100 | E52: basis | F52: =C52*D52 -> 0 | J52: =$M$48 -> 100 | K52: basis | L52: =I52*J52 -> 0 | P52: =$S$48 -> 100 | Q52: basis | R52: =O52*P52 -> 0 | V52: =$S$48 -> 100 | W52: basis | X52: =U52*V52 -> 0
B53: totaal | C53: =SUM(C49:C52) -> 0.13192818 | D53: =$G$48 -> 100 | E53: basis | F53: =C53*D53 -> 13.192818 | G53: =G48+F53 -> 113.19282 | I53: =SUM(I49:I52) -> 0.13192818 | J53: =$M$48 -> 100 | K53: basis | L53: =I53*J53 -> 13.192818 | M53: =M48+L53 -> 113.19282 | O53: =SUM(O49:O52) -> 0 | P53: =$S$48 -> 100 | Q53: basis | R53: =O53*P53 -> 0 | S53: =S48+R53 -> 100 | U53: =SUM(U49:U52) -> 0 | V53: =$S$48 -> 100 | W53: basis | X53: =U53*V53 -> 0 | Y53: =Y48+X53 -> 100
A54: Eindejaarsuitkering | C54: ='Overzicht van invoer'!$F$42 -> 0.083 | D54: =G53-F51 -> 113.19282 | E54: basis+res | F54: =C54*D54 -> 9.3950039 | G54: =G53+F54 -> 122.58782 | I54: =IF(Variabelen!$C$68 ="ja", Variabelen!$F$67, 0)+IF(Variabelen!$C$71 ="ja", Variabelen!$F$70, 0) -> 0 | J54: =M53-L51 -> 113.19282 | K54: basis+res | L54: =I54*J54 -> 0 | M54: =M53+L54 -> 113.19282 | O54: =IF(Variabelen!$C$69 ="ja", Variabelen!$F$67, 0)+IF(Variabelen!$C$72 ="ja", Variabelen!$F$70, 0) -> 0 | P54: =S53-R51 -> 100 | Q54: basis+res | R54: =O54*P54 -> 0 | S54: =S53+R54 -> 100 | V54: =Y53-X51 -> 100 | W54: basis+res | X54: =U54*V54 -> 0 | Y54: =Y53+X54 -> 100
A55: vakantiegeld | C55: ='Vaste waarden'!$C$32 -> 0.08 | D55: =G53-F51 -> 113.19282 | E55: basis+res | F55: =C55*D55 -> 9.0554254 | G55: =G53+F55+F54 -> 131.64325 | I55: =IF(Variabelen!$C$65 ="ja", Variabelen!$F$64, 0) -> 0 | J55: =M53-L51 -> 113.19282 | K55: basis+res | L55: =I55*J55 -> 0 | M55: =M53+L55+L54 -> 113.19282 | O55: =IF(Variabelen!$C$66 ="ja", Variabelen!$F$64, 0) -> 0 | P55: =S53-R51 -> 100 | Q55: basis+res | R55: =O55*P55 -> 0 | S55: =S53+R55+R54 -> 100 | V55: =Y53-X51 -> 100 | W55: basis+res | X55: =U55*V55 -> 0 | Y55: =Y53+X55+X54 -> 100
A56: werkgeverslasten (CAO) | B56: zw-aanvullend 1) | C56: ='Overzicht van invoer'!$F$8*AD45 -> 0 | D56: =$G$55 -> 131.64325 | E56: basis+res | F56: =C56*D56 -> 0 | I56: =C56 -> 0 | J56: =$M$55 -> 113.19282 | K56: basis+res | L56: =I56*J56 -> 0 | O56: =C56 -> 0 | P56: =$S$55 -> 100 | Q56: basis+res | R56: =O56*P56 -> 0 | U56: =I56 -> 0 | V56: =$S$55 -> 100 | W56: basis+res | X56: =U56*V56 -> 0
B57: pensioen 2) 7) | C57: ='Overzicht van invoer'!$F$12 -> 0.10402828 | D57: =$G$55 -> 131.64325 | E57: basis+res | F57: =C57*D57 -> 13.69462 | I57: ='Vaste waarden'!$B$36 -> 0.159 | J57: =$M$55 -> 113.19282 | K57: basis+res | L57: =I57*J57 -> 17.997658 | O57: =C57 -> 0.10402828 | P57: =$S$55 -> 100 | Q57: basis+res | R57: =O57*P57 -> 10.402828 | U57: =I57 -> 0.159 | V57: =$S$55 -> 100 | W57: basis+res | X57: =U57*V57 -> 15.9
B58: sociaal fonds | C58: ='Vaste waarden'!$B$20 -> 0.002 | D58: =$G$55 -> 131.64325 | E58: basis+res | F58: =C58*D58 -> 0.26328649 | I58: =C58 -> 0.002 | J58: =$M$55 -> 113.19282 | K58: basis+res | L58: =I58*J58 -> 0.22638564 | O58: =I58 -> 0.002 | P58: =$S$55 -> 100 | Q58: basis+res | R58: =O58*P58 -> 0.2 | U58: =O58 -> 0.002 | V58: =$S$55 -> 100 | W58: basis+res | X58: =U58*V58 -> 0.2 | AC58: Wel of niet SFU bij AOW-ers?
B59: PAWW compensatie en wg-premie voor WGA-hiaat, etc | C59: ='Vaste waarden'!$B$19 -> 0.0122 | D59: =$G$14 -> 131.64325 | E59: basis+res | F59: =C59*D59 -> 1.6060476 | I59: =C59 -> 0.0122 | J59: =$M$14 -> 113.19282 | K59: basis+res | L59: =I59*J59 -> 1.3809524 | O59: =C59 -> 0.0122 | P59: =$S$14 -> 100 | Q59: basis+res | R59: =O59*P59 -> 1.22 | U59: =I59 -> 0.0122 | V59: =$S$14 -> 100 | W59: basis+res | X59: =U59*V59 -> 1.22
B60: Transitievergoeding en pensioencompensatie | C60: =('Vaste waarden'!$B$40*Variabelen!$F$95) -> 0.038494952 | D60: =$G$14 -> 131.64325 | E60: basis+res | F60: =C60*D60 -> 5.0676005 | I60: =C60 -> 0.038494952 | J60: =$M$14 -> 113.19282 | K60: basis+res | L60: =I60*J60 -> 4.3573521 | O60: =I60 -> 0.038494952 | P60: =$S$14 -> 100 | Q60: basis+res | R60: =O60*P60 -> 3.8494952 | U60: =('Vaste waarden'!$B$40*Variabelen!$F$95) -> 0.038494952 | V60: =$S$14 -> 100 | W60: basis+res | X60: =U60*V60 -> 3.8494952
B61: totaal | C61: =SUM(C56:C60) -> 0.15672323 | D61: =$G$55 -> 131.64325 | E61: basis+res | F61: =SUM(F56:F60) -> 20.631555 | G61: =G55+F61 -> 152.2748 | I61: =SUM(I56:I60) -> 0.21169495 | J61: =$M$55 -> 113.19282 | K61: basis+res | L61: =SUM(L56:L60) -> 23.962348 | M61: =M55+L61 -> 137.15517 | O61: =SUM(O56:O60) -> 0.15672323 | P61: =$S$55 -> 100 | Q61: basis+res | R61: =O61*P61 -> 15.672323 | S61: =S55+R61 -> 115.67232 | U61: =SUM(U56:U60) -> 0.21169495 | V61: =$S$55 -> 100 | W61: basis+res | X61: =U61*V61 -> 21.169495 | Y61: =Y55+X61 -> 121.1695
A62: werkgeverslasten (soc. premies) 3) | B62: ww-premie | D62: =$G$55 -> 131.64325 | E62: basis+res | F62: =C62*D62 -> 0 | I62: =C62 -> 0 | J62: =$M$55 -> 113.19282 | K62: basis+res | L62: =I62*J62 -> 0 | O62: =I62 -> 0 | P62: =$S$55 -> 100 | Q62: basis+res | R62: =O62*P62 -> 0 | U62: =O62 -> 0 | V62: =$S$55 -> 100 | W62: basis+res | X62: =U62*V62 -> 0
B63: basispremie WAO/WIA (AOF) | D63: =$G$55 -> 131.64325 | E63: basis+res | F63: =C63*D63 -> 0 | I63: =C63 -> 0 | J63: =$M$55 -> 113.19282 | K63: basis+res | L63: =I63*J63 -> 0 | O63: =I63 -> 0 | P63: =$S$55 -> 100 | Q63: basis+res | R63: =O63*P63 -> 0 | U63: =O63 -> 0 | V63: =$S$55 -> 100 | W63: basis+res | X63: =U63*V63 -> 0
B64: kinderopvang | D64: =$G$55 -> 131.64325 | E64: basis+res | F64: =C64*D64 -> 0 | I64: =C64 -> 0 | J64: =$M$55 -> 113.19282 | K64: basis+res | L64: =I64*J64 -> 0 | O64: =I64 -> 0 | P64: =$S$55 -> 100 | Q64: basis+res | R64: =O64*P64 -> 0 | U64: =O64 -> 0 | V64: =$S$55 -> 100 | W64: basis+res | X64: =U64*V64 -> 0
B65: gediff. premie WGA na aftrek wn-deel 9) | D65: =$G$55 -> 131.64325 | E65: basis+res | F65: =C65*D65 -> 0 | I65: =C65 -> 0 | J65: =$M$55 -> 113.19282 | K65: basis+res | L65: =I65*J65 -> 0 | O65: =I65 -> 0 | P65: =$S$55 -> 100 | Q65: basis+res | R65: =O65*P65 -> 0 | U65: =O65 -> 0 | V65: =$S$55 -> 100 | W65: basis+res | X65: =U65*V65 -> 0
B66: gediff. premie ZW-flex 9) | D66: =$G$55 -> 131.64325 | E66: basis+res | F66: =C66*D66 -> 0 | I66: =C66 -> 0 | J66: =$M$55 -> 113.19282 | K66: basis+res | L66: =I66*J66 -> 0 | O66: =I66 -> 0 | P66: =$S$55 -> 100 | Q66: basis+res | R66: =O66*P66 -> 0 | U66: =O66 -> 0 | V66: =$S$55 -> 100 | W66: basis+res | X66: =U66*V66 -> 0
B67: zvw | C67: ='Vaste waarden'!$B$7 -> 0.061 | D67: =$G$55 -> 131.64325 | E67: basis+res | F67: =C67*D67 -> 8.0302381 | I67: =C67 -> 0.061 | J67: =$M$55 -> 113.19282 | K67: basis+res | L67: =I67*J67 -> 6.9047619 | O67: =I67 -> 0.061 | P67: =$S$55 -> 100 | Q67: basis+res | R67: =O67*P67 -> 6.1 | U67: =O67 -> 0.061 | V67: =$S$55 -> 100 | W67: basis+res | X67: =U67*V67 -> 6.1
B68: Kosten ERD Ziektewet, herverzekerd | C68: ='Overzicht van invoer'!$F$24*$AD$45 -> 0 | D68: =$G$14 -> 131.64325 | E68: basis+res | F68: =C68*D68 -> 0 | I68: =C68 -> 0 | J68: =$M$14 -> 113.19282 | K68: basis+res | L68: =I68*J68 -> 0 | O68: =I68 -> 0 | P68: =$S$14 -> 100 | Q68: basis+res | R68: =O68*P68 -> 0 | U68: =O68 -> 0 | V68: =$S$14 -> 100 | W68: basis+res | X68: =U68*V68 -> 0
B69: Kosten verzuim eerste 4 weken, herverzekerd | C69: ='Overzicht van invoer'!$F$31*$AD$45 -> 0 | D69: =$G$14 -> 131.64325 | E69: basis+res | F69: =C69*D69 -> 0 | I69: =C69 -> 0 | J69: =$M$14 -> 113.19282 | K69: basis+res | L69: =I69*J69 -> 0 | O69: =I69 -> 0 | P69: =$S$14 -> 100 | Q69: basis+res | R69: =O69*P69 -> 0 | U69: =O69 -> 0 | V69: =$S$14 -> 100 | W69: basis+res | X69: =U69*V69 -> 0
B70: totaal | C70: =SUM(C62:C69) -> 0.061 | D70: =$G$55 -> 131.64325 | E70: basis+res | F70: =C70*D70 -> 8.0302381 | G70: =G61+F70 -> 160.30504 | I70: =SUM(I62:I69) -> 0.061 | J70: =$M$55 -> 113.19282 | K70: basis+res | L70: =I70*J70 -> 6.9047619 | M70: =M61+L70 -> 144.05993 | O70: =SUM(O62:O69) -> 0.061 | P70: =$S$55 -> 100 | Q70: basis+res | R70: =O70*P70 -> 6.1 | S70: =S61+R70 -> 121.77232 | U70: =SUM(U62:U69) -> 0.061 | V70: =$S$55 -> 100 | W70: basis+res | X70: =U70*V70 -> 6.1 | Y70: =Y61+X70 -> 127.2695
A71: Contractverplichtingen | B71: Kosten ERD Ziektewet, niet herverzekerd | C71: ='Overzicht van invoer'!$F$27*$AD$45 -> 0 | D71: =$G$70 -> 160.30504 | E71: basis+res+wg lasten | F71: =C71*D71 -> 0 | I71: =C71 -> 0 | J71: =$M$70 -> 144.05993 | K71: basis+res+wg lasten | L71: =I71*J71 -> 0 | O71: =C71 -> 0 | P71: =$S70 -> 121.77232 | Q71: basis+res+wg lasten | R71: =O71*P71 -> 0 | U71: =I71 -> 0 | V71: =$S70 -> 121.77232 | W71: basis+res+wg lasten | X71: =U71*V71 -> 0
B72: Kosten verzuim eerste 4 weken, niet herverzekerd | C72: ='Overzicht van invoer'!$F$33*$AD$45 -> 0 | D72: =$G$70 -> 160.30504 | E72: basis+res+wg lasten | F72: =C72*D72 -> 0 | I72: =C72 -> 0 | J72: =$M$70 -> 144.05993 | K72: basis+res+wg lasten | L72: =I72*J72 -> 0 | P72: =$S71 -> 0 | Q72: basis+res+wg lasten | R72: =O72*P72 -> 0 | V72: =$S71 -> 0 | W72: basis+res+wg lasten | X72: =U72*V72 -> 0 | AC72: Overwerk hoef je niet door te betalen bij ziekte, dus niet in kostprijs
B73: Doorbetaling bij WAB-leegloop | C73: ='Overzicht van invoer'!$F$45 -> 0 | D73: =$G$70 -> 160.30504 | E73: basis+res+wg lasten | F73: =C73*D73 -> 0 | I73: =C73 -> 0 | J73: =$M$70 -> 144.05993 | K73: basis+res+wg lasten | L73: =I73*J73 -> 0 | P73: =$S72 -> 0 | Q73: basis+res+wg lasten | R73: =O73*P73 -> 0 | V73: =$S72 -> 0 | W73: basis+res+wg lasten | X73: =U73*V73 -> 0
A74: (bij contracten zonder beding) | B74: Overige directe kosten | C74: ='Overzicht van invoer'!$F$47 -> 0 | D74: =$G$70 -> 160.30504 | E74: basis+res+wg lasten | F74: =C74*D74 -> 0 | J74: =$M$70 -> 144.05993 | K74: basis+res+wg lasten | L74: =I74*J74 -> 0 | P74: =$S$70 -> 121.77232 | Q74: basis+res+wg lasten | R74: =O74*P74 -> 0 | V74: =$S$70 -> 121.77232 | W74: basis+res+wg lasten | X74: =U74*V74 -> 0
B75: totaal | C75: =SUM(C71:C74) -> 0 | D75: =$G$70 -> 160.30504 | E75: basis+res+wg lasten | F75: =C75*D75 -> 0 | I75: =SUM(I71:I74) -> 0 | J75: =$M$70 -> 144.05993 | K75: basis+res+wg lasten | L75: =I75*J75 -> 0 | O75: =SUM(O71:O74) -> 0 | P75: =$S$70 -> 121.77232 | Q75: basis+res+wg lasten | R75: =O75*P75 -> 0 | U75: =SUM(U71:U74) -> 0 | V75: =$S$70 -> 121.77232 | W75: basis+res+wg lasten | X75: =U75*V75 -> 0
B76: totaal | G76: =G70+F75 -> 160.30504 | M76: =M70+L75 -> 144.05993 | S76: =S70+R75 -> 121.77232 | Y76: =Y70+X75 -> 127.2695
G77: =G76/100 -> 1.6030504 | M77: =M76/100 -> 1.4405993 | S77: =S76/100 -> 1.2177232 | Y77: =Y76/100 -> 1.272695
B82: AOW-gerechtigde werknemers
A85: factor voor: | B85: Normale uren voor gepensioneerde medewerkers | H85: toeslagdeel van de structurele toeslagen | O85: Overwerk en toeslagdeel van niet-structurele toeslagen | U85: Bruto vergoedingen
A86: Component | C86: percentage | D86: grondslag | F86: bijdrage | G86: totaal | I86: percentage | J86: grondslag | L86: bijdrage | M86: totaal | O86: percentage | P86: grondslag | R86: bijdrage | S86: totaal | U86: percentage | V86: grondslag | X86: bijdrage | Y86: totaal
A87: basis | C87: 100 | D87: 100 | F87: 100 | G87: 100 | I87: 100 | J87: 100 | L87: 100 | M87: 100 | O87: 100 | P87: 100 | R87: 100 | S87: 100 | U87: 100 | V87: 100 | X87: 100 | Y87: 100
A88: wachtdag | D88: =D87 -> 100 | E88: basis | F88: =C88*D88 -> 0 | G88: =G87+F88 -> 100 | J88: =J87 -> 100 | K88: basis | L88: =I88*J88 -> 0 | M88: =M87+L88 -> 100 | P88: =P87 -> 100 | Q88: basis | R88: =O88*P88 -> 0 | S88: =S87+R88 -> 100 | V88: =V87 -> 100 | W88: basis | X88: =U88*V88 -> 0 | Y88: =Y87+X88 -> 100
A89: reserveringen | B89: vakantiedagen | C89: ='Vaste waarden'!$C$24 -> 0.13192818 | D89: =$G$48 -> 100 | E89: basis | F89: =C89*D89 -> 13.192818 | I89: =C89 -> 0.13192818 | J89: =$M$48 -> 100 | K89: basis | L89: =I89*J89 -> 13.192818 | P89: =$S$48 -> 100 | Q89: basis | R89: =O89*P89 -> 0 | V89: =$Y$87 -> 100 | W89: basis | X89: =U89*V89 -> 0
B90: feestdagen | C90: ='Vaste waarden'!$C$26 -> 0 | D90: =$G$48 -> 100 | E90: basis | F90: =C90*D90 -> 0 | J90: =$M$48 -> 100 | K90: basis | L90: =I90*J90 -> 0 | P90: =$S$48 -> 100 | Q90: basis | R90: =O90*P90 -> 0 | V90: =$Y$87 -> 100 | W90: basis | X90: =U90*V90 -> 0
B91: kv/bv | C91: ='Vaste waarden'!$C$31 -> 0 | D91: =$G$48 -> 100 | E91: basis | F91: =C91*D91 -> 0 | J91: =$M$48 -> 100 | K91: basis | L91: =I91*J91 -> 0 | P91: =$S$48 -> 100 | Q91: basis | R91: =O91*P91 -> 0 | V91: =$Y$87 -> 100 | W91: basis | X91: =U91*V91 -> 0
B92: ADV in tijd | C92: ='Vaste waarden'!$C$27 -> 0 | D92: =$G$48 -> 100 | E92: basis | F92: =C92*D92 -> 0 | J92: =$M$48 -> 100 | K92: basis | L92: =I92*J92 -> 0 | P92: =$S$48 -> 100 | Q92: basis | R92: =O92*P92 -> 0 | V92: =$Y$87 -> 100 | W92: basis | X92: =U92*V92 -> 0
B93: totaal | C93: =SUM(C89:C92) -> 0.13192818 | D93: =$G$48 -> 100 | E93: basis | F93: =C93*D93 -> 13.192818 | G93: =G88+F93 -> 113.19282 | I93: =SUM(I89:I92) -> 0.13192818 | J93: =$M$48 -> 100 | K93: basis | L93: =I93*J93 -> 13.192818 | M93: =M88+L93 -> 113.19282 | O93: =SUM(O89:O92) -> 0 | P93: =$S$48 -> 100 | Q93: basis | R93: =O93*P93 -> 0 | S93: =S88+R93 -> 100 | U93: =SUM(U89:U92) -> 0 | V93: =$Y$87 -> 100 | W93: basis | X93: =U93*V93 -> 0 | Y93: =Y88+X93 -> 100
A94: Eindejaarsuitkering | C94: ='Overzicht van invoer'!$F$42 -> 0.083 | D94: =G93 -> 113.19282 | E94: basis+res | F94: =C94*D94 -> 9.3950039 | G94: =G93+F94 -> 122.58782 | I94: =IF(Variabelen!$C$68 ="ja", Variabelen!$F$67, 0)+IF(Variabelen!$C$71 ="ja", Variabelen!$F$70, 0) -> 0 | J94: =M93 -> 113.19282 | K94: basis+res | L94: =I94*J94 -> 0 | M94: =M93+L94 -> 113.19282 | O94: =IF(Variabelen!$C$69 ="ja", Variabelen!$F$67, 0)+IF(Variabelen!$C$72 ="ja", Variabelen!$F$70, 0) -> 0 | P94: =S93 -> 100 | Q94: basis+res | R94: =O94*P94 -> 0 | S94: =S93+R94 -> 100 | V94: =Y93 -> 100 | W94: basis+res | X94: =U94*V94 -> 0 | Y94: =Y93+X94 -> 100
A95: vakantiegeld | C95: ='Vaste waarden'!$C$32 -> 0.08 | D95: =G93 -> 113.19282 | E95: basis+res | F95: =C95*D95 -> 9.0554254 | G95: =G93+F95+F94 -> 131.64325 | I95: =IF(Variabelen!$C$65 ="ja", Variabelen!$F$64, 0) -> 0 | J95: =M93 -> 113.19282 | K95: basis+res | L95: =I95*J95 -> 0 | M95: =M93+L95+L94 -> 113.19282 | O95: =IF(Variabelen!$C$66 ="ja", Variabelen!$F$64, 0) -> 0 | P95: =S93 -> 100 | Q95: basis+res | R95: =O95*P95 -> 0 | S95: =S93+R95+R94 -> 100 | V95: =Y93 -> 100 | W95: basis+res | X95: =U95*V95 -> 0 | Y95: =Y93+X95+X94 -> 100
A96: werkgeverslasten (CAO) | B96: zw-aanvullend | C96: ='Overzicht van invoer'!$F$8*AD45 -> 0 | D96: =$G$55 -> 131.64325 | E96: basis+res | F96: =C96*D96 -> 0 | I96: =C96 -> 0 | J96: =$M$55 -> 113.19282 | K96: basis+res | L96: =I96*J96 -> 0 | O96: =C96 -> 0 | P96: =$S$55 -> 100 | Q96: basis+res | R96: =O96*P96 -> 0 | U96: =I96 -> 0 | V96: =$Y$87 -> 100 | W96: basis+res | X96: =U96*V96 -> 0
B97: pensioen | D97: =$G$55 -> 131.64325 | E97: basis+res | F97: =C97*D97 -> 0 | I97: =C97 -> 0 | J97: =$M$55 -> 113.19282 | K97: basis+res | L97: =I97*J97 -> 0 | O97: =I97 -> 0 | P97: =$S$55 -> 100 | Q97: basis+res | R97: =O97*P97 -> 0 | U97: =O97 -> 0 | V97: =$Y$87 -> 100 | W97: basis+res | X97: =U97*V97 -> 0
B98: sociaal fonds | C98: ='Vaste waarden'!$B$20 -> 0.002 | D98: =$G$55 -> 131.64325 | E98: basis+res | F98: =C98*D98 -> 0.26328649 | I98: =C98 -> 0.002 | J98: =$M$55 -> 113.19282 | K98: basis+res | L98: =I98*J98 -> 0.22638564 | O98: =I98 -> 0.002 | P98: =$S$55 -> 100 | Q98: basis+res | R98: =O98*P98 -> 0.2 | U98: =O98 -> 0.002 | V98: =$Y$87 -> 100 | W98: basis+res | X98: =U98*V98 -> 0.2
B99: Duurzame inzetbaarheid | C99: ='Vaste waarden'!$B$19 -> 0.0122 | D99: =$G$14 -> 131.64325 | E99: basis+res | F99: =C99*D99 -> 1.6060476 | I99: =C99 -> 0.0122 | J99: =$M$14 -> 113.19282 | K99: basis+res | L99: =I99*J99 -> 1.3809524 | O99: =C99 -> 0.0122 | P99: =$S$55 -> 100 | Q99: basis+res | R99: =O99*P99 -> 1.22 | U99: =I99 -> 0.0122 | V99: =$Y$87 -> 100 | W99: basis+res | X99: =U99*V99 -> 1.22
B100: PAWW compensatie | D100: =$G$55 -> 131.64325 | E100: basis+res | F100: =C100*D100 -> 0 | I100: =C100 -> 0 | J100: =$M$55 -> 113.19282 | K100: basis+res | L100: =I100*J100 -> 0 | O100: =I100 -> 0 | P100: =$S$55 -> 100 | Q100: basis+res | R100: =O100*P100 -> 0 | U100: =O100 -> 0 | V100: =$Y$87 -> 100 | W100: basis+res | X100: =U100*V100 -> 0
B101: Transitievergoeding en pensioencompensatie incl. SV | D101: =$G$14 -> 131.64325 | E101: basis+res | F101: =C101*D101 -> 0 | I101: =C101 -> 0 | J101: =$M$14 -> 113.19282 | K101: basis+res | L101: =I101*J101 -> 0 | P101: =$S$14 -> 100 | Q101: basis+res | R101: =O101*P101 -> 0 | V101: =$Y$87 -> 100 | W101: basis+res | X101: =U101*V101 -> 0
B102: totaal | C102: =SUM(C96:C101) -> 0.0142 | D102: =$G$55 -> 131.64325 | E102: basis+res | F102: =SUM(F96:F101) -> 1.8693341 | G102: =G95+F102 -> 133.51258 | I102: =SUM(I96:I101) -> 0.0142 | J102: =$M$55 -> 113.19282 | K102: basis+res | L102: =SUM(L96:L101) -> 1.607338 | M102: =M95+L102 -> 114.80016 | O102: =SUM(O96:O101) -> 0.0142 | P102: =$S$55 -> 100 | Q102: basis+res | R102: =O102*P102 -> 1.42 | S102: =S95+R102 -> 101.42 | U102: =SUM(U96:U101) -> 0.0142 | V102: =$Y$87 -> 100 | W102: basis+res | X102: =U102*V102 -> 1.42 | Y102: =Y95+X102 -> 101.42
A103: werkgeverslasten (soc. premies) 3) | B103: ww-premie | D103: =$G$55 -> 131.64325 | E103: basis+res | F103: =C103*D103 -> 0 | I103: =C103 -> 0 | J103: =$M$55 -> 113.19282 | K103: basis+res | L103: =I103*J103 -> 0 | O103: =I103 -> 0 | P103: =$S$55 -> 100 | Q103: basis+res | R103: =O103*P103 -> 0 | U103: =O103 -> 0 | V103: =$Y$87 -> 100 | W103: basis+res | X103: =U103*V103 -> 0
B104: basispremie WAO/WIA (AOF) | D104: =$G$55 -> 131.64325 | E104: basis+res | F104: =C104*D104 -> 0 | I104: =C104 -> 0 | J104: =$M$55 -> 113.19282 | K104: basis+res | L104: =I104*J104 -> 0 | O104: =I104 -> 0 | P104: =$S$55 -> 100 | Q104: basis+res | R104: =O104*P104 -> 0 | U104: =O104 -> 0 | V104: =$Y$87 -> 100 | W104: basis+res | X104: =U104*V104 -> 0
B105: kinderopvang | D105: =$G$55 -> 131.64325 | E105: basis+res | F105: =C105*D105 -> 0 | I105: =C105 -> 0 | J105: =$M$55 -> 113.19282 | K105: basis+res | L105: =I105*J105 -> 0 | O105: =I105 -> 0 | P105: =$S$55 -> 100 | Q105: basis+res | R105: =O105*P105 -> 0 | U105: =O105 -> 0 | V105: =$Y$87 -> 100 | W105: basis+res | X105: =U105*V105 -> 0
B106: gediff. premie WGA na aftrek wn-deel | D106: =$G$55 -> 131.64325 | E106: basis+res | F106: =C106*D106 -> 0 | I106: =C106 -> 0 | J106: =$M$55 -> 113.19282 | K106: basis+res | L106: =I106*J106 -> 0 | O106: =I106 -> 0 | P106: =$S$55 -> 100 | Q106: basis+res | R106: =O106*P106 -> 0 | U106: =O106 -> 0 | V106: =$Y$87 -> 100 | W106: basis+res | X106: =U106*V106 -> 0
B107: gediff. premie ZW-flex | D107: =$G$55 -> 131.64325 | E107: basis+res | F107: =C107*D107 -> 0 | I107: =C107 -> 0 | J107: =$M$55 -> 113.19282 | K107: basis+res | L107: =I107*J107 -> 0 | O107: =I107 -> 0 | P107: =$S$55 -> 100 | Q107: basis+res | R107: =O107*P107 -> 0 | U107: =O107 -> 0 | V107: =$Y$87 -> 100 | W107: basis+res | X107: =U107*V107 -> 0
B108: zvw | C108: ='Vaste waarden'!$B$7 -> 0.061 | D108: =$G$55 -> 131.64325 | E108: basis+res | F108: =C108*D108 -> 8.0302381 | I108: =C108 -> 0.061 | J108: =$M$55 -> 113.19282 | K108: basis+res | L108: =I108*J108 -> 6.9047619 | O108: =I108 -> 0.061 | P108: =$S$55 -> 100 | Q108: basis+res | R108: =O108*P108 -> 6.1 | U108: =O108 -> 0.061 | V108: =$Y$87 -> 100 | W108: basis+res | X108: =U108*V108 -> 6.1
B109: Kosten ZW-Flex of ERD Ziektewet | D109: =$G$14 -> 131.64325 | E109: basis+res | F109: =C109*D109 -> 0 | I109: =C109 -> 0 | J109: =$M$14 -> 113.19282 | K109: basis+res | L109: =I109*J109 -> 0 | O109: =I109 -> 0 | P109: =$S$14 -> 100 | Q109: basis+res | R109: =O109*P109 -> 0 | U109: =O109 -> 0 | V109: =$Y$87 -> 100 | W109: basis+res | X109: =U109*V109 -> 0
B110: Kosten verzuim eerste 4 weken, herverzekerd | C110: ='Overzicht van invoer'!$F$31*$AD$45 -> 0 | D110: =$G$14 -> 131.64325 | E110: basis+res | F110: =C110*D110 -> 0 | I110: =C110 -> 0 | J110: =$M$14 -> 113.19282 | K110: basis+res | L110: =I110*J110 -> 0 | O110: =I110 -> 0 | P110: =$S$14 -> 100 | Q110: basis+res | R110: =O110*P110 -> 0 | U110: =O110 -> 0 | V110: =$Y$87 -> 100 | W110: basis+res | X110: =U110*V110 -> 0
B111: totaal | C111: =SUM(C103:C110) -> 0.061 | D111: =$G$55 -> 131.64325 | E111: basis+res | F111: =C111*D111 -> 8.0302381 | G111: =G102+F111 -> 141.54282 | I111: =SUM(I103:I110) -> 0.061 | J111: =$M$55 -> 113.19282 | K111: basis+res | L111: =I111*J111 -> 6.9047619 | M111: =M102+L111 -> 121.70492 | O111: =SUM(O103:O110) -> 0.061 | P111: =$S$55 -> 100 | Q111: basis+res | R111: =O111*P111 -> 6.1 | S111: =S102+R111 -> 107.52 | U111: =SUM(U103:U110) -> 0.061 | V111: =$Y$87 -> 100 | W111: basis+res | X111: =U111*V111 -> 6.1 | Y111: =Y102+X111 -> 107.52
A112: Contractverplichtingen | B112: reserveveld | C112: ='Overzicht van invoer'!$F$27*$AD$45 -> 0 | D112: =$G$111 -> 141.54282 | E112: basis+res+wg lasten | F112: =C112*D112 -> 0 | I112: =C112 -> 0 | J112: =$M$70 -> 144.05993 | K112: basis+res+wg lasten | L112: =I112*J112 -> 0 | O112: =C112 -> 0 | P112: =$S$111 -> 107.52 | Q112: basis+res+wg lasten | R112: =O112*P112 -> 0 | U112: =I112 -> 0 | V112: =$Y$111 -> 107.52 | W112: basis+res+wg lasten | X112: =U112*V112 -> 0
B113: Kosten verzuim, zowel tijdens als na dienstverband | C113: =Variabelen!F34 -> 0 | D113: =$G$111 -> 141.54282 | E113: basis+res+wg lasten | F113: =C113*D113 -> 0 | I113: =C113 -> 0 | J113: =$M$70 -> 144.05993 | K113: basis+res+wg lasten | L113: =I113*J113 -> 0 | P113: =$S$111 -> 107.52 | Q113: basis+res+wg lasten | R113: =O113*P113 -> 0 | V113: =$Y$111 -> 107.52 | W113: basis+res+wg lasten | X113: =U113*V113 -> 0
...

Sheet RG II (overig) fase A-1+2
B1: Kostprijsberekening
B2: Organisatie | C2: ='Overzicht van invoer'!C3 -> Stichting Hanzehogeschool Groningen
B3: CAO | C3: ='Overzicht van invoer'!F4 -> ABU
B4: Fase en soort | C4: =IF(C3="ABU","Productie/technisch fase A, MUB of ZUB ",IF(C3="NBBU","Productie/technisch fase 1/2, MUB of ZUB",)) -> Productie/technisch fase A, MUB of ZUB
B5: Urensoort | C5: Normaal
B7: Component | D7: Percentage | E7: Grondslag | G7: Bijdrage | H7: Totaal
B8: Basis | D8: 1 | E8: 100 | G8: 100 | H8: 100
E9: =E8 -> 100 | F9: basis | G9: =D9*E9 -> 0 | H9: =H8+G9 -> 100
B10: Reserveringen | C10: Vakantiedagen, seniorendagen, etc. | D10: ='Vaste waarden'!$C$24 -> 0.13192818 | E10: =$H$9 -> 100 | F10: basis | G10: =D10*E10 -> 13.192818
C11: Feestdagen en doorbetaalde opleidingsdagen | D11: ='Vaste waarden'!$C$26 -> 0 | E11: =$H$9 -> 100 | F11: basis | G11: =D11*E11 -> 0
C12: Kort verzuim / Bijzonder verlof/extra verlofdagen | D12: ='Vaste waarden'!$C$31 -> 0 | E12: =$H$9 -> 100 | F12: basis | G12: =D12*E12 -> 0
C13: ADV in tijd | D13: ='Vaste waarden'!$C$27 -> 0 | E13: =$H$9 -> 100 | F13: basis | G13: =D13*E13 -> 0
C14: Totaal | D14: =SUM(D10:D13) -> 0.13192818 | E14: =$H$9 -> 100 | F14: basis | G14: =D14*E14 -> 13.192818 | H14: =H9+G14 -> 113.19282
B15: Alle componenten met dezelfde grondslag als het vakantiegeld. Denk aan EJU, 13e maand, 14e periode, IKB, etc. | D15: ='Overzicht van invoer'!F42 -> 0.083 | E15: =H14 -> 113.19282 | F15: basis+res | G15: =D15*E15 -> 9.3950039 | H15: =H14+G15 -> 122.58782
B16: Vakantiegeld | D16: ='Vaste waarden'!$C$32 -> 0.08 | E16: =H14 -> 113.19282 | F16: basis+res | G16: =D16*E16 -> 9.0554254 | H16: =H14+G16+G15 -> 131.64325
B17: Werkgeverslasten (CAO) | C17: ZW-aanvullend | D17: ='Overzicht van invoer'!$F$11 -> 0 | E17: =$H$16 -> 131.64325 | F17: basis+res | G17: =D17*E17 -> 0
C18: Pensioen* | D18: ='Overzicht van invoer'!$F$12 -> 0.10402828 | E18: =$H$16 -> 131.64325 | F18: basis+res | G18: =D18*E18 -> 13.69462
C19: Sociaal fonds | D19: ='Vaste waarden'!$B$20 -> 0.002 | E19: =$H$16 -> 131.64325 | F19: basis+res | G19: =D19*E19 -> 0.26328649
C20: Duurzame inzetbaarheid | D20: ='Vaste waarden'!$B$19 -> 0.0122 | E20: =$H$16 -> 131.64325 | F20: basis+res | G20: =D20*E20 -> 1.6060476
C21: PAWW compensatie | D21: ='Vaste waarden'!$B$10 -> 0 | E21: =$H$16 -> 131.64325 | F21: basis+res | G21: =D21*E21 -> 0
C22: Transitievergoeding | D22: ='Overzicht van invoer'!$F$43 -> 0 | E22: =$H$16 -> 131.64325 | F22: basis+res | G22: =D22*E22 -> 0
C23: Pensioencompensatie, incl. premie SV en pensioen | D23: ='Overzicht van invoer'!$F$44 -> 0.037532107 | E23: =$H$16 -> 131.64325 | F23: basis+res | G23: =D23*E23 -> 4.9408484
C24: Totaal | D24: =SUM(D17:D23) -> 0.15576038 | E24: =$H$16 -> 131.64325 | F24: basis+res | G24: =SUM(G17:G23) -> 20.504803 | H24: =H16+G24 -> 152.14805
B25: Werkgeverslasten (soc. premies) ** | C25: Werkloosheidswet AWF (WW premie) | D25: ='Vaste waarden'!$B$3 -> 0.0774 | E25: =$H$16 -> 131.64325 | F25: basis+res | G25: =D25*E25 -> 10.189187
C26: Basispremie WAO/WIA | D26: =Bedrijfswaardes!$C$15 -> 0.0763 | E26: =$H$16 -> 131.64325 | F26: basis+res | G26: =D26*E26 -> 10.04438
C27: Kinderopvang | D27: ='Vaste waarden'!$B$6 -> 0.005 | E27: =$H$16 -> 131.64325 | F27: basis+res | G27: =D27*E27 -> 0.65821624
C28: gediff. premie WGA na aftrek wn-deel | D28: ='Overzicht van invoer'!$F$22+'Overzicht van invoer'!F23 -> 0 | E28: =$H$16 -> 131.64325 | F28: basis+res | G28: =D28*E28 -> 0
C29: Kosten ZW-Flex of ERD Ziektewet | D29: ='Overzicht van invoer'!$F$25 -> 0 | E29: =$H$16 -> 131.64325 | F29: basis+res | G29: =D29*E29 -> 0
C30: Kosten verzuim eerste 4 weken, herverzekerd | D30: ='Overzicht van invoer'!$F$32 -> 0 | E30: =$H$16 -> 131.64325 | F30: basis+res | G30: =D30*E30 -> 0
C31: ZVW | D31: ='Vaste waarden'!$B$7 -> 0.061 | E31: =$H$16 -> 131.64325 | F31: basis+res | G31: =D31*E31 -> 8.0302381
C32: Totaal | D32: =SUM(D25:D31) -> 0.2197 | E32: =$H$16 -> 131.64325 | F32: basis+res | G32: =D32*E32 -> 28.922021 | H32: =H24+G32 -> 181.07007
B33: Contractverplichtingen | D33: ='Overzicht van invoer'!$F$28 -> 0 | E33: =$H$32 -> 181.07007 | F33: basis+res+wglasten | G33: =D33*E33 -> 0
C34: Kosten verzuim tijdens dienstverband | D34: =Variabelen!F33 -> 0 | E34: =$H$32 -> 181.07007 | F34: basis+res+wglasten | G34: =D34*E34 -> 0
C35: Doorbetaling bij WAB-leegloop | D35: =Variabelen!F46 -> 0 | E35: =$H$32 -> 181.07007 | F35: basis+res+wglasten | G35: =D35*E35 -> 0
B36: Overige directe kosten / niet direct in geld waardeerbare kosten | C36: Eventueel nog zelf toe te voegen kosten | D36: ='Overzicht van invoer'!F47 -> 0 | E36: =$H$32 -> 181.07007 | F36: basis+res+wglasten | G36: =D36*E36 -> 0
C37: Totaal | D37: =SUM(D33:D36) -> 0 | E37: =$H$32 -> 181.07007 | F37: basis+res+wglasten | G37: =D37*E37 -> 0
C38: Totaal | H38: =H32+G37 -> 181.07007
B40: * | C40: De kosten voor pensioen verschillen per kandidaat, afhankelijk van de regeling die geldt.
B41: ** | C41: Door de franchise op het werknemersdeel van de pensioenpremie en zw-aanvullend is de exacte grondslag afhankelijk van het feitelijke uurloon.
C42: Hier is geen generieke berekening mogelijk. De franchise is buiten beschouwing gelaten en leidt tot een klein voordeel in de nacalculatorische kostprijs.
B45: Kostprijsfactoren normale uren en ADV in geld | D45: Kostprijsfactoren structurele toeslagen (ORT en Ploegendienst) | H45: Kostprijsfactor overwerk | K45: Kostprijsfactor kostenvergoedingen
B46: Kandidaat met pensioen | C46: =II!G39 -> 1.8107007 | D46: Structurele toeslagen | F46: =II!M39 -> 1.6202363 | H46: Overwerk | J46: =II!S39 -> 1.431395 | K46: Kostenvergoeding | L46: =II!Y39 -> 1.431395
B48: Jongere t/m 17 jaar | C48: =II!G162 -> 1.624346 | D48: Structurele toeslagen | F48: =II!M162 -> 1.3966862 | H48: Overwerk | J48: =II!S162 -> 1.2339 | K48: Kostenvergoeding | L48: =II!Y162 -> 1.2339
B49: AOW-er tot 67 jaar | C49: =II!G79 -> 1.5984598 | D49: Structurele toeslagen | F49: =II!M79 -> 1.4405993 | H49: Bruto vergoeding/overwerk | J49: =II!S79 -> 1.2177232 | K49: Bruto vergoeding/overwerk | L49: ='I '!AB77 -> 0
B51: AOW-er | C51: =II!G120 -> 1.4154282 | D51: Structurele toeslagen | F51: =II!M120 -> 1.2170492 | H51: Overwerk | J51: =II!S120 -> 1.0752 | K51: Kostenvergoeding | L51: =II!Y120 -> 1.0752
B52: Vakantiekracht zonder pensioen | C52: =II!G162 -> 1.624346 | D52: Structurele toeslagen | F52: =II!M162 -> 1.3966862 | H52: Overwerk | J52: =II!S162 -> 1.2339 | K52: Kostenvergoeding | L52: =II!Y162 -> 1.2339
B53: Vakantiekracht met pensioen | C53: =II!G203 -> 1.7539455 | D53: Structurele toeslagen | F53: =II!M203 -> 1.5712957 | H53: Overwerk | J53: =II!S203 -> 1.3379283 | K53: Kostenvergoeding | L53: =II!Y203 -> 1.3929
B55: Transitievergoeding | C55: =1+'Vaste waarden'!B7 -> 1.061
B57: Selecteer via de uitvallijst het gewenste contractype
B58: Kandidaat met pensioen | C58: =IFERROR(VLOOKUP($B$58,$B$46:$J$55,2,FALSE),0) -> 1.8107007 | D58: =D46 -> Structurele toeslagen | F58: =IFERROR(VLOOKUP($B$58,$B$46:$L$55,5,FALSE),0) -> 1.6202363 | H58: =H46 -> Overwerk | J58: =IFERROR(VLOOKUP($B$58,$B$46:$L$55,9,FALSE),0) -> 1.431395 | K58: Vergoedingen | L58: =IFERROR(VLOOKUP($B$58,$B$46:$L$55,11,FALSE),0) -> 1.431395
B60: =B58 -> Kandidaat met pensioen | D60: Percentages | F60: Nominaal | G60: Kostprijs | I60: Tarief
B61: uurloon | F61: ='Overzicht van invoer'!F54 -> 22.98 | H61: =F61*C58 -> 41.609902 | I61: =H61/(1-'Overzicht van invoer'!D70) -> 41.609902
B62: aantal normale uren per week | D62: ='Overzicht van invoer'!D55 -> 1 | F62: ='Overzicht van invoer'!F55 -> 36 | H62: ='Overzicht van invoer'!F55*F61*C58 -> 1497.9565 | I62: =H62/(1-'Overzicht van invoer'!$D$70) -> 1497.9565
B63: ADV in geld als % van uurloon | D63: ='Overzicht van invoer'!D56 -> 0 | F63: ='Overzicht van invoer'!F56 -> 0 | H63: ='Overzicht van invoer'!F55*'Overzicht van invoer'!F56*F58 -> 0 | I63: =H63/(1-'Overzicht van invoer'!$D$70) -> 0
B64: Waarvan toeslaguren, percentage en aantal uur per week | D64: ='Overzicht van invoer'!D57 -> 0 | F64: ='Overzicht van invoer'!F57 -> 0 | H64: ='Overzicht van invoer'!F57*'Overzicht van invoer'!D57*F61*F58 -> 0 | I64: =H64/(1-'Overzicht van invoer'!$D$71) -> 0
B65: Waarvan toeslaguren, percentage en aantal uur per week | D65: ='Overzicht van invoer'!D58 -> 0 | F65: ='Overzicht van invoer'!F58 -> 0 | H65: ='Overzicht van invoer'!F58*'Overzicht van invoer'!D58*$F$61*F58 -> 0 | I65: =H65/(1-'Overzicht van invoer'!$D$71) -> 0
B66: Waarvan toeslaguren, percentage en aantal uur per week | D66: ='Overzicht van invoer'!D59 -> 0 | F66: ='Overzicht van invoer'!F59 -> 0 | H66: ='Overzicht van invoer'!F59*'Overzicht van invoer'!D59*$F$61*F58 -> 0 | I66: =H66/(1-'Overzicht van invoer'!$D$71) -> 0
B67: Overwerk, percentage en aantal uur per week | D67: ='Overzicht van invoer'!D60 -> 0 | F67: ='Overzicht van invoer'!F60 -> 0 | H67: =(1+'Overzicht van invoer'!D60)*'Overzicht van invoer'!F60*'Overzicht van invoer'!F54*J58 -> 0 | I67: =H67/(1-'Overzicht van invoer'!$D$72) -> 0
B68: Overwerk, percentage en aantal uur per week | D68: ='Overzicht van invoer'!D61 -> 0 | F68: ='Overzicht van invoer'!F61 -> 0 | H68: =(1+'Overzicht van invoer'!D61)*'Overzicht van invoer'!F61*'Overzicht van invoer'!$F$54*J58 -> 0 | I68: =H68/(1-'Overzicht van invoer'!$D$72) -> 0
B69: Overwerk, percentage en aantal uur per week | D69: ='Overzicht van invoer'!D62 -> 0 | F69: ='Overzicht van invoer'!F62 -> 0 | H69: =(1+'Overzicht van invoer'!D62)*'Overzicht van invoer'!F62*'Overzicht van invoer'!$F$54*J58 -> 0 | I69: =H69/(1-'Overzicht van invoer'!$D$72) -> 0
B70: Netto reiskostenvergoeding woon/werk per dag | H70: =5*$F$70 -> 0 | I70: =$H$70 -> 0
B71: Totaal van bruto vergoedingen per week | F71: ='Overzicht van invoer'!F64 -> 0 | H71: =F71*L58 -> 0 | I71: =$H$71/(1-'Overzicht van invoer'!D73) -> 0
B72: Totaal van netto vergoedingen per week | F72: ='Overzicht van invoer'!F65 -> 0 | H72: =$F$72 -> 0 | I72: =$H$72 -> 0
B73: Totale loonkosten resp. factuurbedrag per week | H73: =SUM(H62:H72) -> 1497.9565 | I73: =SUM(I62:I72) -> 1497.9565
B74: Totale loonkosten per uur | H74: =H73/('Overzicht van invoer'!F55+'Overzicht van invoer'!F60+'Overzicht van invoer'!F61+'Overzicht van invoer'!F62) -> 41.609902 | I74: =I73/('Overzicht van invoer'!F55+'Overzicht van invoer'!F60+'Overzicht van invoer'!F61+'Overzicht van invoer'!F62) -> 41.609902
B75: Gewogen factor | H75: =H74/$F$61 -> 1.8107007 | I75: =I74/$F$61 -> 1.8107007

Sheet II
A2: Perceel | B2: 0
B3: Reguliere werknemers
A5: factor voor: | B5: Normale uren voor reguliere werknemers | H5: toeslagdeel van de structurele toeslagen | O5: Overwerk en toeslagdeel van niet-structurele toeslagen | U5: Bruto vergoedingen
A6: Component | C6: percentage | D6: grondslag | F6: bijdrage | G6: totaal | I6: percentage | J6: grondslag | L6: bijdrage | M6: totaal | O6: percentage | P6: grondslag | R6: bijdrage | S6: totaal | U6: percentage | V6: grondslag | X6: bijdrage | Y6: totaal | AD6: veld dat afhankelijk is van RG, zowel verwijzing als tekst
A7: basis | C7: 100 | D7: 100 | F7: 100 | G7: 100 | I7: 100 | J7: 100 | L7: 100 | M7: 100 | O7: 100 | P7: 100 | R7: 100 | S7: 100 | U7: 100 | V7: 100 | X7: 100 | Y7: 100 | AD7: veld dat afhankelijk is van fase
A8: wachtdag | D8: =D7 -> 100 | E8: basis | F8: =C8*D8 -> 0 | G8: =G7+F8 -> 100 | J8: =J7 -> 100 | K8: basis | L8: =I8*J8 -> 0 | M8: =M7+L8 -> 100 | P8: =P7 -> 100 | Q8: basis | R8: =O8*P8 -> 0 | S8: =S7+R8 -> 100 | V8: =V7 -> 100 | W8: basis | X8: =U8*V8 -> 0 | Y8: =Y7+X8 -> 100
A9: reserveringen | B9: Vakantiedagen, seniorendagen, etc. | C9: ='Vaste waarden'!$C$24 -> 0.13192818 | D9: =$G$8 -> 100 | E9: basis | F9: =C9*D9 -> 13.192818 | I9: =C9 -> 0.13192818 | J9: =$M$8 -> 100 | K9: basis | L9: =I9*J9 -> 13.192818 | P9: =$S$8 -> 100 | Q9: basis | R9: =O9*P9 -> 0 | V9: =$Y$8 -> 100 | W9: basis | X9: =U9*V9 -> 0 | AD9: grondslag nog te bepalen
B10: Feestdagen en doorbetaalde opleidingsdagen | C10: ='Vaste waarden'!$C$26 -> 0 | D10: =$G$8 -> 100 | E10: basis | F10: =C10*D10 -> 0 | J10: =$M$8 -> 100 | K10: basis | L10: =I10*J10 -> 0 | P10: =$S$8 -> 100 | Q10: basis | R10: =O10*P10 -> 0 | V10: =$Y$8 -> 100 | W10: basis | X10: =U10*V10 -> 0
B11: Kort verzuim / Bijzonder verlof/extra verlofdagen | C11: ='Vaste waarden'!$C$31 -> 0 | D11: =$G$8 -> 100 | E11: basis | F11: =C11*D11 -> 0 | I11: =C11 -> 0 | J11: =$M$8 -> 100 | K11: basis | L11: =I11*J11 -> 0 | P11: =$S$8 -> 100 | Q11: basis | R11: =O11*P11 -> 0 | V11: =$Y$8 -> 100 | W11: basis | X11: =U11*V11 -> 0
B12: ADV in tijd | C12: ='Vaste waarden'!$C$27 -> 0 | D12: =$G$8 -> 100 | E12: basis | F12: =C12*D12 -> 0 | J12: =$M$8 -> 100 | K12: basis | L12: =I12*J12 -> 0 | P12: =$S$8 -> 100 | Q12: basis | R12: =O12*P12 -> 0 | V12: =$Y$8 -> 100 | W12: basis | X12: =U12*V12 -> 0
B13: totaal | C13: =SUM(C9:C12) -> 0.13192818 | D13: =$G$8 -> 100 | E13: basis | F13: =C13*D13 -> 13.192818 | G13: =G8+F13 -> 113.19282 | I13: =SUM(I9:I12) -> 0.13192818 | J13: =$M$8 -> 100 | K13: basis | L13: =I13*J13 -> 13.192818 | M13: =M8+L13 -> 113.19282 | O13: =SUM(O9:O12) -> 0 | P13: =$S$8 -> 100 | Q13: basis | R13: =O13*P13 -> 0 | S13: =S8+R13 -> 100 | U13: =SUM(U9:U12) -> 0 | V13: =$Y$8 -> 100 | W13: basis | X13: =U13*V13 -> 0 | Y13: =Y8+X13 -> 100
A14: Eindejaarsuitkering | C14: ='Overzicht van invoer'!$F$42 -> 0.083 | D14: =G13 -> 113.19282 | E14: basis+res | F14: =C14*D14 -> 9.3950039 | G14: =G13+F14 -> 122.58782 | I14: =IF(Variabelen!$C$68 ="ja", Variabelen!$F$67, 0)+IF(Variabelen!$C$71 ="ja", Variabelen!$F$70, 0) -> 0 | J14: =M13 -> 113.19282 | K14: basis+res | L14: =I14*J14 -> 0 | M14: =M13+L14 -> 113.19282 | O14: =IF(Variabelen!$C$69 ="ja", Variabelen!$F$67, 0)+IF(Variabelen!$C$72 ="ja", Variabelen!$F$70, 0) -> 0 | P14: =S13 -> 100 | Q14: basis+res | R14: =O14*P14 -> 0 | S14: =S13+R14 -> 100 | V14: =Y13 -> 100 | W14: basis+res | X14: =U14*V14 -> 0 | Y14: =Y13+X14 -> 100
A15: vakantiegeld | C15: ='Vaste waarden'!$C$32 -> 0.08 | D15: =G13 -> 113.19282 | E15: basis+res | F15: =C15*D15 -> 9.0554254 | G15: =G13+F15+F14 -> 131.64325 | I15: =IF(Variabelen!$C$65 ="ja", Variabelen!$F$64, 0) -> 0 | J15: =M13 -> 113.19282 | K15: basis+res | L15: =I15*J15 -> 0 | M15: =M13+L15+L14 -> 113.19282 | O15: =IF(Variabelen!$C$66 ="ja", Variabelen!$F$64, 0) -> 0 | P15: =S13 -> 100 | Q15: basis+res | R15: =O15*P15 -> 0 | S15: =S13+R15+R14 -> 100 | V15: =Y13 -> 100 | W15: basis+res | X15: =U15*V15 -> 0 | Y15: =Y13+X15+X14 -> 100
A16: werkgeverslasten (CAO) | B16: zw-aanvullend | C16: ='Overzicht van invoer'!$F$11 -> 0 | D16: =$G$15 -> 131.64325 | E16: basis+res | F16: =C16*D16 -> 0 | I16: =C16 -> 0 | J16: =$M$15 -> 113.19282 | K16: basis+res | L16: =I16*J16 -> 0 | O16: =C16 -> 0 | P16: =$S$15 -> 100 | Q16: basis+res | R16: =O16*P16 -> 0 | U16: =I16 -> 0 | V16: =$Y$15 -> 100 | W16: basis+res | X16: =U16*V16 -> 0
B17: pensioen | C17: ='Overzicht van invoer'!$F$12 -> 0.10402828 | D17: =$G$15 -> 131.64325 | E17: basis+res | F17: =C17*D17 -> 13.69462 | I17: ='Vaste waarden'!$B$36 -> 0.159 | J17: =$M$15 -> 113.19282 | K17: basis+res | L17: =I17*J17 -> 17.997658 | O17: ='Vaste waarden'!$B$36 -> 0.159 | P17: =$S$15 -> 100 | Q17: basis+res | R17: =O17*P17 -> 15.9 | U17: =I17 -> 0.159 | V17: =$Y$15 -> 100 | W17: basis+res | X17: =U17*V17 -> 15.9
B18: sociaal fonds | C18: ='Vaste waarden'!$B$20 -> 0.002 | D18: =$G$15 -> 131.64325 | E18: basis+res | F18: =C18*D18 -> 0.26328649 | I18: =C18 -> 0.002 | J18: =$M$15 -> 113.19282 | K18: basis+res | L18: =I18*J18 -> 0.22638564 | O18: =I18 -> 0.002 | P18: =$S$15 -> 100 | Q18: basis+res | R18: =O18*P18 -> 0.2 | U18: =O18 -> 0.002 | V18: =$Y$15 -> 100 | W18: basis+res | X18: =U18*V18 -> 0.2
B19: Duurzame inzetbaarheid | C19: ='Vaste waarden'!$B$19 -> 0.0122 | D19: =$G$15 -> 131.64325 | E19: basis+res | F19: =C19*D19 -> 1.6060476 | I19: =C19 -> 0.0122 | J19: =$M$15 -> 113.19282 | K19: basis+res | L19: =I19*J19 -> 1.3809524 | O19: =C19 -> 0.0122 | P19: =$S$15 -> 100 | Q19: basis+res | R19: =O19*P19 -> 1.22 | U19: =I19 -> 0.0122 | V19: =$Y$15 -> 100 | W19: basis+res | X19: =U19*V19 -> 1.22
B20: PAWW compensatie | C20: ='Vaste waarden'!$B$10 -> 0 | D20: =$G$15 -> 131.64325 | E20: basis+res | F20: =C20*D20 -> 0 | I20: =C20 -> 0 | J20: =$M$15 -> 113.19282 | K20: basis+res | L20: =I20*J20 -> 0 | O20: =I20 -> 0 | P20: =$S$15 -> 100 | Q20: basis+res | R20: =O20*P20 -> 0 | U20: =O20 -> 0 | V20: =$Y$15 -> 100 | W20: basis+res | X20: =U20*V20 -> 0
B21: Transitievergoeding | C21: ='Overzicht van invoer'!$F$43 -> 0 | D21: =$G$15 -> 131.64325 | E21: basis+res | F21: =C21*D21 -> 0 | I21: =C21 -> 0 | J21: =$M$14 -> 113.19282 | K21: basis+res | L21: =I21*J21 -> 0 | O21: =C21 -> 0 | P21: =$S$14 -> 100 | Q21: basis+res | R21: =O21*P21 -> 0 | V21: =$Y$14 -> 100 | W21: basis+res | X21: =U21*V21 -> 0
B22: Pensioencompensatie, incl. premie SV en pensioen | C22: ='Overzicht van invoer'!$F$44 -> 0.037532107 | D22: =$G$15 -> 131.64325 | E22: basis+res | F22: =C22*D22 -> 4.9408484 | I22: ='Vaste waarden'!B40*Variabelen!$F$95 -> 0.038494952 | J22: =$M$15 -> 113.19282 | K22: basis+res | L22: =I22*J22 -> 4.3573521 | O22: =I22 -> 0.038494952 | P22: =$S$15 -> 100 | Q22: basis+res | R22: =O22*P22 -> 3.8494952 | U22: =I22 -> 0.038494952 | V22: =$Y$15 -> 100 | W22: basis+res | X22: =U22*V22 -> 3.8494952
B23: totaal | C23: =SUM(C16:C22) -> 0.15576038 | D23: =$G$15 -> 131.64325 | E23: basis+res | F23: =SUM(F16:F22) -> 20.504803 | G23: =G15+F23 -> 152.14805 | I23: =SUM(I16:I22) -> 0.21169495 | J23: =$M$15 -> 113.19282 | K23: basis+res | L23: =SUM(L16:L22) -> 23.962348 | M23: =M15+L23 -> 137.15517 | O23: =SUM(O16:O22) -> 0.21169495 | P23: =$S$15 -> 100 | Q23: basis+res | R23: =O23*P23 -> 21.169495 | S23: =S15+R23 -> 121.1695 | U23: =SUM(U16:U22) -> 0.21169495 | V23: =$Y$15 -> 100 | W23: basis+res | X23: =U23*V23 -> 21.169495 | Y23: =Y15+X23 -> 121.1695
A24: werkgeverslasten (soc. premies) 3) | B24: ww-premie | C24: ='Vaste waarden'!$B$3 -> 0.0774 | D24: =$G$15 -> 131.64325 | E24: basis+res | F24: =C24*D24 -> 10.189187 | I24: =C24 -> 0.0774 | J24: =$M$15 -> 113.19282 | K24: basis+res | L24: =I24*J24 -> 8.7611241 | O24: =I24 -> 0.0774 | P24: =$S$15 -> 100 | Q24: basis+res | R24: =O24*P24 -> 7.74 | U24: =O24 -> 0.0774 | V24: =$Y$15 -> 100 | W24: basis+res | X24: =U24*V24 -> 7.74
B25: basispremie WAO/WIA (AOF) | C25: =Bedrijfswaardes!$C$15 -> 0.0763 | D25: =$G$15 -> 131.64325 | E25: basis+res | F25: =C25*D25 -> 10.04438 | I25: =C25 -> 0.0763 | J25: =$M$15 -> 113.19282 | K25: basis+res | L25: =I25*J25 -> 8.636612 | O25: =I25 -> 0.0763 | P25: =$S$15 -> 100 | Q25: basis+res | R25: =O25*P25 -> 7.63 | U25: =O25 -> 0.0763 | V25: =$Y$15 -> 100 | W25: basis+res | X25: =U25*V25 -> 7.63
B26: kinderopvang | C26: ='Vaste waarden'!$B$6 -> 0.005 | D26: =$G$15 -> 131.64325 | E26: basis+res | F26: =C26*D26 -> 0.65821624 | I26: =C26 -> 0.005 | J26: =$M$15 -> 113.19282 | K26: basis+res | L26: =I26*J26 -> 0.56596409 | O26: =I26 -> 0.005 | P26: =$S$15 -> 100 | Q26: basis+res | R26: =O26*P26 -> 0.5 | U26: =O26 -> 0.005 | V26: =$Y$15 -> 100 | W26: basis+res | X26: =U26*V26 -> 0.5
B27: gediff. premie WGA na aftrek wn-deel | C27: ='Overzicht van invoer'!$F$22 -> 0 | D27: =$G$15 -> 131.64325 | E27: basis+res | F27: =C27*D27 -> 0 | I27: =C27 -> 0 | J27: =$M$15 -> 113.19282 | K27: basis+res | L27: =I27*J27 -> 0 | O27: =I27 -> 0 | P27: =$S$15 -> 100 | Q27: basis+res | R27: =O27*P27 -> 0 | U27: =O27 -> 0 | V27: =$Y$15 -> 100 | W27: basis+res | X27: =U27*V27 -> 0
B28: gediff. premie ZW-flex 5) | C28: ='Overzicht van invoer'!$F$23 -> 0 | D28: =$G$15 -> 131.64325 | E28: basis+res | F28: =C28*D28 -> 0 | I28: =C28 -> 0 | J28: =$M$15 -> 113.19282 | K28: basis+res | L28: =I28*J28 -> 0 | O28: =I28 -> 0 | P28: =$S$15 -> 100 | Q28: basis+res | R28: =O28*P28 -> 0 | U28: =O28 -> 0 | V28: =$Y$15 -> 100 | W28: basis+res | X28: =U28*V28 -> 0
B29: zvw | C29: ='Vaste waarden'!$B$7 -> 0.061 | D29: =$G$15 -> 131.64325 | E29: basis+res | F29: =C29*D29 -> 8.0302381 | I29: =C29 -> 0.061 | J29: =$M$15 -> 113.19282 | K29: basis+res | L29: =I29*J29 -> 6.9047619 | O29: =I29 -> 0.061 | P29: =$S$15 -> 100 | Q29: basis+res | R29: =O29*P29 -> 6.1 | U29: =O29 -> 0.061 | V29: =$Y$15 -> 100 | W29: basis+res | X29: =U29*V29 -> 6.1
B30: Kosten ZW-Flex of ERD Ziektewet | C30: ='Overzicht van invoer'!$F$25 -> 0 | D30: =$G$15 -> 131.64325 | E30: basis+res | F30: =C30*D30 -> 0 | I30: =C30 -> 0 | J30: =$M$15 -> 113.19282 | K30: basis+res | L30: =I30*J30 -> 0 | O30: =I30 -> 0 | P30: =$S$15 -> 100 | Q30: basis+res | R30: =O30*P30 -> 0 | U30: =O30 -> 0 | V30: =$Y$15 -> 100 | W30: basis+res | X30: =U30*V30 -> 0
B31: Kosten verzuim eerste 4 weken, herverzekerd | C31: ='Overzicht van invoer'!$F$32 -> 0 | D31: =$G$15 -> 131.64325 | E31: basis+res | F31: =C31*D31 -> 0 | I31: =C31 -> 0 | J31: =$M$15 -> 113.19282 | K31: basis+res | L31: =I31*J31 -> 0 | O31: =I31 -> 0 | P31: =$S$15 -> 100 | Q31: basis+res | R31: =O31*P31 -> 0 | U31: =O31 -> 0 | V31: =$Y$15 -> 100 | W31: basis+res | X31: =U31*V31 -> 0
B32: totaal | C32: =SUM(C24:C31) -> 0.2197 | D32: =$G$15 -> 131.64325 | E32: basis+res | F32: =C32*D32 -> 28.922021 | G32: =G23+F32 -> 181.07007 | I32: =SUM(I24:I31) -> 0.2197 | J32: =$M$15 -> 113.19282 | K32: basis+res | L32: =I32*J32 -> 24.868462 | M32: =M23+L32 -> 162.02363 | O32: =SUM(O24:O31) -> 0.2197 | P32: =$S$15 -> 100 | Q32: basis+res | R32: =O32*P32 -> 21.97 | S32: =S23+R32 -> 143.1395 | U32: =SUM(U24:U31) -> 0.2197 | V32: =$Y$15 -> 100 | W32: basis+res | X32: =U32*V32 -> 21.97 | Y32: =Y23+X32 -> 143.1395
A33: Contractverplichtingen | B33: reserveveld | C33: ='Overzicht van invoer'!$F$28 -> 0 | D33: =$G$32 -> 181.07007 | E33: basis+res+wg lasten | F33: =C33*D33 -> 0 | I33: =C33 -> 0 | J33: =$M$32 -> 162.02363 | K33: basis+res+wg lasten | L33: =I33*J33 -> 0 | O33: =I33 -> 0 | P33: =$S$32 -> 143.1395 | Q33: basis+res+wg lasten | R33: =O33*P33 -> 0 | U33: =O33 -> 0 | V33: =$Y$32 -> 143.1395 | W33: basis+res+wg lasten | X33: =U33*V33 -> 0
B34: Kosten verzuim tijdens dienstverband | C34: =Variabelen!F33 -> 0 | D34: =$G$32 -> 181.07007 | E34: basis+res+wg lasten | F34: =C34*D34 -> 0 | I34: =C34 -> 0 | J34: =$M$32 -> 162.02363 | K34: basis+res+wg lasten | L34: =I34*J34 -> 0 | P34: =$S$32 -> 143.1395 | Q34: basis+res+wg lasten | R34: =O34*P34 -> 0 | V34: =$Y$32 -> 143.1395 | W34: basis+res+wg lasten | X34: =U34*V34 -> 0
B35: Doorbetaling bij WAB-leegloop | C35: =Variabelen!F46 -> 0 | D35: =$G$32 -> 181.07007 | E35: basis+res+wg lasten | F35: =C35*D35 -> 0 | I35: =C35 -> 0 | J35: =$M$32 -> 162.02363 | K35: basis+res+wg lasten | L35: =I35*J35 -> 0 | P35: =$S$32 -> 143.1395 | Q35: basis+res+wg lasten | R35: =O35*P35 -> 0 | V35: =$Y$32 -> 143.1395 | W35: basis+res+wg lasten | X35: =U35*V35 -> 0
B36: Overige directe kosten | C36: ='Overzicht van invoer'!$F$47 -> 0 | D36: =$G$32 -> 181.07007 | E36: basis+res+wg lasten | F36: =C36*D36 -> 0 | J36: =$M$32 -> 162.02363 | K36: basis+res+wg lasten | L36: =I36*J36 -> 0 | P36: =$S$32 -> 143.1395 | Q36: basis+res+wg lasten | R36: =O36*P36 -> 0 | V36: =$Y$32 -> 143.1395 | W36: basis+res+wg lasten | X36: =U36*V36 -> 0
B37: totaal | C37: =SUM(C33:C36) -> 0 | D37: =$G$32 -> 181.07007 | E37: basis+res+wg lasten | F37: =C37*D37 -> 0 | I37: =SUM(I33:I36) -> 0 | J37: =$M$32 -> 162.02363 | K37: basis+res+wg lasten | L37: =I37*J37 -> 0 | O37: =SUM(O33:O36) -> 0 | P37: =$S$32 -> 143.1395 | Q37: basis+res+wg lasten | R37: =O37*P37 -> 0 | U37: =SUM(U33:U36) -> 0 | V37: =$Y$32 -> 143.1395 | W37: basis+res+wg lasten | X37: =U37*V37 -> 0
B38: totaal | G38: =G32+F37 -> 181.07007 | M38: =M32+L37 -> 162.02363 | S38: =S32+R37 -> 143.1395 | Y38: =Y32+X37 -> 143.1395
G39: =G38/100 -> 1.8107007 | M39: =M38/100 -> 1.6202363 | S39: =S38/100 -> 1.431395 | Y39: =Y38/100 -> 1.431395
B43: AOW-gerechtigde werknemers met pensioenopbouw (tot 67)
A46: factor voor: | B46: Normale uren voor gepensioneerde medewerkers | H46: toeslagdeel van de structurele toeslagen 6) | O46: Overwerk | U46: Bruto vergoedingen | AB46: factor verzuimkosten | AD46: 1
A47: Component | C47: percentage | D47: grondslag | F47: bijdrage | G47: totaal | I47: percentage | J47: grondslag | L47: bijdrage | M47: totaal | O47: percentage | P47: grondslag | R47: bijdrage | S47: totaal | U47: percentage | V47: grondslag | X47: bijdrage | Y47: totaal
A48: basis | C48: 100 | D48: 100 | F48: 100 | G48: 100 | I48: 100 | J48: 100 | L48: 100 | M48: 100 | O48: 100 | P48: 100 | R48: 100 | S48: 100 | U48: 100 | V48: 100 | X48: 100 | Y48: 100
A49: wachtdag | D49: =D48 -> 100 | E49: basis | F49: =C49*D49 -> 0 | G49: =G48+F49 -> 100 | J49: =J48 -> 100 | K49: basis | L49: =I49*J49 -> 0 | M49: =M48+L49 -> 100 | P49: =P48 -> 100 | Q49: basis | R49: =O49*P49 -> 0 | S49: =S48+R49 -> 100 | V49: =V48 -> 100 | W49: basis | X49: =U49*V49 -> 0 | Y49: =Y48+X49 -> 100
A50: reserveringen | B50: vakantiedagen | C50: ='Vaste waarden'!$C$24 -> 0.13192818 | D50: =$G$49 -> 100 | E50: basis | F50: =C50*D50 -> 13.192818 | I50: =C50 -> 0.13192818 | J50: =$M$49 -> 100 | K50: basis | L50: =I50*J50 -> 13.192818 | P50: =$S$49 -> 100 | Q50: basis | R50: =O50*P50 -> 0 | V50: =$S$49 -> 100 | W50: basis | X50: =U50*V50 -> 0
B51: feestdagen | C51: ='Vaste waarden'!$C$26 -> 0 | D51: =$G$49 -> 100 | E51: basis | F51: =C51*D51 -> 0 | J51: =$M$49 -> 100 | K51: basis | L51: =I51*J51 -> 0 | P51: =$S$49 -> 100 | Q51: basis | R51: =O51*P51 -> 0 | V51: =$S$49 -> 100 | W51: basis | X51: =U51*V51 -> 0
B52: kv/bv | C52: ='Vaste waarden'!$C$31 -> 0 | D52: =$G$49 -> 100 | E52: basis | F52: =C52*D52 -> 0 | J52: =$M$49 -> 100 | K52: basis | L52: =I52*J52 -> 0 | P52: =$S$49 -> 100 | Q52: basis | R52: =O52*P52 -> 0 | V52: =$S$49 -> 100 | W52: basis | X52: =U52*V52 -> 0
B53: ADV in tijd | C53: ='Vaste waarden'!$C$27 -> 0 | D53: =$G$49 -> 100 | E53: basis | F53: =C53*D53 -> 0 | J53: =$M$49 -> 100 | K53: basis | L53: =I53*J53 -> 0 | P53: =$S$49 -> 100 | Q53: basis | R53: =O53*P53 -> 0 | V53: =$S$49 -> 100 | W53: basis | X53: =U53*V53 -> 0
B54: totaal | C54: =SUM(C50:C53) -> 0.13192818 | D54: =$G$49 -> 100 | E54: basis | F54: =C54*D54 -> 13.192818 | G54: =G49+F54 -> 113.19282 | I54: =SUM(I50:I53) -> 0.13192818 | J54: =$M$49 -> 100 | K54: basis | L54: =I54*J54 -> 13.192818 | M54: =M49+L54 -> 113.19282 | O54: =SUM(O50:O53) -> 0 | P54: =$S$49 -> 100 | Q54: basis | R54: =O54*P54 -> 0 | S54: =S49+R54 -> 100 | U54: =SUM(U50:U53) -> 0 | V54: =$S$49 -> 100 | W54: basis | X54: =U54*V54 -> 0 | Y54: =Y49+X54 -> 100
A55: Eindejaarsuitkering | C55: ='Overzicht van invoer'!$F$42 -> 0.083 | D55: =G54-F52 -> 113.19282 | E55: basis+res | F55: =C55*D55 -> 9.3950039 | G55: =G54+F55 -> 122.58782 | I55: =IF(Variabelen!$C$68 ="ja", Variabelen!$F$67, 0)+IF(Variabelen!$C$71 ="ja", Variabelen!$F$70, 0) -> 0 | J55: =M54-L52 -> 113.19282 | K55: basis+res | L55: =I55*J55 -> 0 | M55: =M54+L55 -> 113.19282 | O55: =IF(Variabelen!$C$69 ="ja", Variabelen!$F$67, 0)+IF(Variabelen!$C$72 ="ja", Variabelen!$F$70, 0) -> 0 | P55: =S54-R52 -> 100 | Q55: basis+res | R55: =O55*P55 -> 0 | S55: =S54+R55 -> 100 | V55: =Y54-X52 -> 100 | W55: basis+res | X55: =U55*V55 -> 0 | Y55: =Y54+X55 -> 100
A56: vakantiegeld | C56: ='Vaste waarden'!$C$32 -> 0.08 | D56: =G54-F52 -> 113.19282 | E56: basis+res | F56: =C56*D56 -> 9.0554254 | G56: =G54+F56+F55 -> 131.64325 | I56: =IF(Variabelen!$C$65 ="ja", Variabelen!$F$64, 0) -> 0 | J56: =M54-L52 -> 113.19282 | K56: basis+res | L56: =I56*J56 -> 0 | M56: =M54+L56+L55 -> 113.19282 | O56: =IF(Variabelen!$C$66 ="ja", Variabelen!$F$64, 0) -> 0 | P56: =S54-R52 -> 100 | Q56: basis+res | R56: =O56*P56 -> 0 | S56: =S54+R56+R55 -> 100 | V56: =Y54-X52 -> 100 | W56: basis+res | X56: =U56*V56 -> 0 | Y56: =Y54+X56+X55 -> 100
A57: werkgeverslasten (CAO) | B57: zw-aanvullend 1) | C57: ='Overzicht van invoer'!$F$11*AD46 -> 0 | D57: =$G$56 -> 131.64325 | E57: basis+res | F57: =C57*D57 -> 0 | I57: =C57 -> 0 | J57: =$M$56 -> 113.19282 | K57: basis+res | L57: =I57*J57 -> 0 | O57: =C57 -> 0 | P57: =$S$56 -> 100 | Q57: basis+res | R57: =O57*P57 -> 0 | U57: =I57 -> 0 | V57: =$S$56 -> 100 | W57: basis+res | X57: =U57*V57 -> 0
B58: pensioen 2) 7) 10) | C58: ='Overzicht van invoer'!$F$12 -> 0.10402828 | D58: =$G$56 -> 131.64325 | E58: basis+res | F58: =C58*D58 -> 13.69462 | I58: ='Vaste waarden'!$B$36 -> 0.159 | J58: =$M$56 -> 113.19282 | K58: basis+res | L58: =I58*J58 -> 17.997658 | O58: =C58 -> 0.10402828 | P58: =$S$15 -> 100 | Q58: basis+res | R58: =O58*P58 -> 10.402828 | U58: =I58 -> 0.159 | V58: =$S$56 -> 100 | W58: basis+res | X58: =U58*V58 -> 15.9
B59: sociaal fonds | C59: ='Vaste waarden'!$B$20 -> 0.002 | D59: =$G$56 -> 131.64325 | E59: basis+res | F59: =C59*D59 -> 0.26328649 | I59: =C59 -> 0.002 | J59: =$M$56 -> 113.19282 | K59: basis+res | L59: =I59*J59 -> 0.22638564 | O59: =I59 -> 0.002 | P59: =$S$56 -> 100 | Q59: basis+res | R59: =O59*P59 -> 0.2 | U59: =O59 -> 0.002 | V59: =$S$56 -> 100 | W59: basis+res | X59: =U59*V59 -> 0.2
B60: Duurzame inzetbaarheid | C60: ='Vaste waarden'!$B$19 -> 0.0122 | D60: =$G$14 -> 122.58782 | E60: basis+res | F60: =C60*D60 -> 1.4955714 | I60: =C60 -> 0.0122 | J60: =$M$14 -> 113.19282 | K60: basis+res | L60: =I60*J60 -> 1.3809524 | O60: =C60 -> 0.0122 | P60: =$S$14 -> 100 | Q60: basis+res | R60: =O60*P60 -> 1.22 | U60: =I60 -> 0.0122 | V60: =$S$14 -> 100 | W60: basis+res | X60: =U60*V60 -> 1.22
B61: Transitievergoeding en pensioencompensatie | C61: =('Vaste waarden'!$B$40*Variabelen!$F$95) -> 0.038494952 | D61: =$G$14 -> 122.58782 | E61: basis+res | F61: =C61*D61 -> 4.7190123 | I61: =C61 -> 0.038494952 | J61: =$M$14 -> 113.19282 | K61: basis+res | L61: =I61*J61 -> 4.3573521 | O61: =I61 -> 0.038494952 | P61: =$S$14 -> 100 | Q61: basis+res | R61: =O61*P61 -> 3.8494952 | U61: =('Vaste waarden'!$B$40*Variabelen!$F$95) -> 0.038494952 | V61: =$S$14 -> 100 | W61: basis+res | X61: =U61*V61 -> 3.8494952
B62: PAWW | D62: =$G$15 -> 131.64325 | E62: basis+res | F62: =C62*D62 -> 0 | I62: =C62 -> 0 | J62: =$M$15 -> 113.19282 | K62: basis+res | L62: =I62*J62 -> 0 | O62: =I62 -> 0 | P62: =$S$15 -> 100 | Q62: basis+res | R62: =O62*P62 -> 0 | U62: =('Vaste waarden'!$B$40*Variabelen!$F$95) -> 0.038494952 | V62: =$S$15 -> 100 | W62: basis+res | X62: =U62*V62 -> 3.8494952
B63: totaal | C63: =SUM(C57:C62) -> 0.15672323 | D63: =$G$56 -> 131.64325 | E63: basis+res | F63: =SUM(F57:F62) -> 20.17249 | G63: =G56+F63 -> 151.81574 | I63: =SUM(I57:I62) -> 0.21169495 | J63: =$M$56 -> 113.19282 | K63: basis+res | L63: =SUM(L57:L62) -> 23.962348 | M63: =M56+L63 -> 137.15517 | O63: =SUM(O57:O62) -> 0.15672323 | P63: =$S$56 -> 100 | Q63: basis+res | R63: =O63*P63 -> 15.672323 | S63: =S56+R63 -> 115.67232 | U63: =SUM(U57:U62) -> 0.2501899 | V63: =$S$56 -> 100 | W63: basis+res | X63: =U63*V63 -> 25.01899 | Y63: =Y56+X63 -> 125.01899
A64: werkgeverslasten (soc. premies) 3) | B64: ww-premie | D64: =$G$56 -> 131.64325 | E64: basis+res | F64: =C64*D64 -> 0 | I64: =C64 -> 0 | J64: =$M$56 -> 113.19282 | K64: basis+res | L64: =I64*J64 -> 0 | O64: =I64 -> 0 | P64: =$S$56 -> 100 | Q64: basis+res | R64: =O64*P64 -> 0 | U64: =O64 -> 0 | V64: =$S$56 -> 100 | W64: basis+res | X64: =U64*V64 -> 0
B65: basispremie WAO/WIA (AOF) | D65: =$G$56 -> 131.64325 | E65: basis+res | F65: =C65*D65 -> 0 | I65: =C65 -> 0 | J65: =$M$56 -> 113.19282 | K65: basis+res | L65: =I65*J65 -> 0 | O65: =I65 -> 0 | P65: =$S$56 -> 100 | Q65: basis+res | R65: =O65*P65 -> 0 | U65: =O65 -> 0 | V65: =$S$56 -> 100 | W65: basis+res | X65: =U65*V65 -> 0
B66: kinderopvang | D66: =$G$56 -> 131.64325 | E66: basis+res | F66: =C66*D66 -> 0 | I66: =C66 -> 0 | J66: =$M$56 -> 113.19282 | K66: basis+res | L66: =I66*J66 -> 0 | O66: =I66 -> 0 | P66: =$S$56 -> 100 | Q66: basis+res | R66: =O66*P66 -> 0 | U66: =O66 -> 0 | V66: =$S$56 -> 100 | W66: basis+res | X66: =U66*V66 -> 0
B67: gediff. premie WGA na aftrek wn-deel 9) | D67: =$G$56 -> 131.64325 | E67: basis+res | F67: =C67*D67 -> 0 | I67: =C67 -> 0 | J67: =$M$56 -> 113.19282 | K67: basis+res | L67: =I67*J67 -> 0 | O67: =I67 -> 0 | P67: =$S$56 -> 100 | Q67: basis+res | R67: =O67*P67 -> 0 | U67: =O67 -> 0 | V67: =$S$56 -> 100 | W67: basis+res | X67: =U67*V67 -> 0
B68: gediff. premie ZW-flex 9) | C68: ='Overzicht van invoer'!$F$23*$AD$46 -> 0 | D68: =$G$56 -> 131.64325 | E68: basis+res | F68: =C68*D68 -> 0 | I68: =C68 -> 0 | J68: =$M$56 -> 113.19282 | K68: basis+res | L68: =I68*J68 -> 0 | O68: =I68 -> 0 | P68: =$S$56 -> 100 | Q68: basis+res | R68: =O68*P68 -> 0 | U68: =O68 -> 0 | V68: =$S$56 -> 100 | W68: basis+res | X68: =U68*V68 -> 0
B69: zvw | C69: ='Vaste waarden'!$B$7 -> 0.061 | D69: =$G$56 -> 131.64325 | E69: basis+res | F69: =C69*D69 -> 8.0302381 | I69: =C69 -> 0.061 | J69: =$M$56 -> 113.19282 | K69: basis+res | L69: =I69*J69 -> 6.9047619 | O69: =I69 -> 0.061 | P69: =$S$56 -> 100 | Q69: basis+res | R69: =O69*P69 -> 6.1 | U69: =O69 -> 0.061 | V69: =$S$56 -> 100 | W69: basis+res | X69: =U69*V69 -> 6.1
B70: Kosten ERD Ziektewet, herverzekerd | C70: ='Overzicht van invoer'!$F$25*$AD$46 -> 0 | D70: =$G$15 -> 131.64325 | E70: basis+res | F70: =C70*D70 -> 0 | I70: =C70 -> 0 | J70: =$M$15 -> 113.19282 | K70: basis+res | L70: =I70*J70 -> 0 | O70: =I70 -> 0 | P70: =$S$15 -> 100 | Q70: basis+res | R70: =O70*P70 -> 0 | U70: =O70 -> 0 | V70: =$S$15 -> 100 | W70: basis+res | X70: =U70*V70 -> 0
B71: Kosten verzuim eerste 4 weken, herverzekerd | C71: ='Overzicht van invoer'!$F$32*$AD$46 -> 0 | D71: =$G$15 -> 131.64325 | E71: basis+res | F71: =C71*D71 -> 0 | I71: =C71 -> 0 | J71: =$M$15 -> 113.19282 | K71: basis+res | L71: =I71*J71 -> 0 | O71: =I71 -> 0 | P71: =$S$15 -> 100 | Q71: basis+res | R71: =O71*P71 -> 0 | U71: =O71 -> 0 | V71: =$S$15 -> 100 | W71: basis+res | X71: =U71*V71 -> 0
B72: totaal | C72: =SUM(C64:C71) -> 0.061 | D72: =$G$56 -> 131.64325 | E72: basis+res | F72: =C72*D72 -> 8.0302381 | G72: =G63+F72 -> 159.84598 | I72: =SUM(I64:I71) -> 0.061 | J72: =$M$56 -> 113.19282 | K72: basis+res | L72: =I72*J72 -> 6.9047619 | M72: =M63+L72 -> 144.05993 | O72: =SUM(O64:O71) -> 0.061 | P72: =$S$56 -> 100 | Q72: basis+res | R72: =O72*P72 -> 6.1 | S72: =S63+R72 -> 121.77232 | U72: =SUM(U64:U71) -> 0.061 | V72: =$S$56 -> 100 | W72: basis+res | X72: =U72*V72 -> 6.1 | Y72: =Y63+X72 -> 131.11899
A73: Contractverplichtingen | B73: Kosten ERD Ziektewet, niet herverzekerd | C73: ='Overzicht van invoer'!$F$28*$AD$46 -> 0 | D73: =$G$72 -> 159.84598 | E73: basis+res+wg lasten | F73: =C73*D73 -> 0 | I73: =C73 -> 0 | J73: =$M$72 -> 144.05993 | K73: basis+res+wg lasten | L73: =I73*J73 -> 0 | O73: =C73 -> 0 | P73: =$S72 -> 121.77232 | Q73: basis+res+wg lasten | R73: =O73*P73 -> 0 | U73: =I73 -> 0 | V73: =$S72 -> 121.77232 | W73: basis+res+wg lasten | X73: =U73*V73 -> 0
B74: Kosten verzuim eerste 4 weken, niet herverzekerd | C74: ='Overzicht van invoer'!$F$34*$AD$46 -> 0 | D74: =$G$72 -> 159.84598 | E74: basis+res+wg lasten | F74: =C74*D74 -> 0 | I74: =C74 -> 0 | J74: =$M$72 -> 144.05993 | K74: basis+res+wg lasten | L74: =I74*J74 -> 0 | P74: =$S73 -> 0 | Q74: basis+res+wg lasten | R74: =O74*P74 -> 0 | V74: =$S73 -> 0 | W74: basis+res+wg lasten | X74: =U74*V74 -> 0
B75: Doorbetaling bij WAB-leegloop | C75: ='Overzicht van invoer'!$F$45 -> 0 | D75: =$G$72 -> 159.84598 | E75: basis+res+wg lasten | F75: =C75*D75 -> 0 | I75: =C75 -> 0 | J75: =$M$72 -> 144.05993 | K75: basis+res+wg lasten | L75: =I75*J75 -> 0 | P75: =$S74 -> 0 | Q75: basis+res+wg lasten | R75: =O75*P75 -> 0 | V75: =$S74 -> 0 | W75: basis+res+wg lasten | X75: =U75*V75 -> 0
A76: (bij contracten zonder beding) | B76: Overige directe kosten | C76: ='Overzicht van invoer'!$F$47 -> 0 | D76: =$G$72 -> 159.84598 | E76: basis+res+wg lasten | F76: =C76*D76 -> 0 | J76: =$M$72 -> 144.05993 | K76: basis+res+wg lasten | L76: =I76*J76 -> 0 | P76: =$S$72 -> 121.77232 | Q76: basis+res+wg lasten | R76: =O76*P76 -> 0 | V76: =$S$72 -> 121.77232 | W76: basis+res+wg lasten | X76: =U76*V76 -> 0
B77: totaal | C77: =SUM(C73:C76) -> 0 | D77: =$G$72 -> 159.84598 | E77: basis+res+wg lasten | F77: =C77*D77 -> 0 | I77: =SUM(I73:I76) -> 0 | J77: =$M$72 -> 144.05993 | K77: basis+res+wg lasten | L77: =I77*J77 -> 0 | O77: =SUM(O73:O76) -> 0 | P77: =$S$72 -> 121.77232 | Q77: basis+res+wg lasten | R77: =O77*P77 -> 0 | U77: =SUM(U73:U76) -> 0 | V77: =$S$72 -> 121.77232 | W77: basis+res+wg lasten | X77: =U77*V77 -> 0
B78: totaal | G78: =G72+F77 -> 159.84598 | M78: =M72+L77 -> 144.05993 | S78: =S72+R77 -> 121.77232 | Y78: =Y72+X77 -> 131.11899
G79: =G78/100 -> 1.5984598 | M79: =M78/100 -> 1.4405993 | S79: =S78/100 -> 1.2177232 | Y79: =Y78/100 -> 1.3111899
B84: AOW-gerechtigde werknemers
A87: factor voor: | B87: Normale uren voor gepensioneerde medewerkers | H87: toeslagdeel van de structurele toeslagen | O87: Overwerk en toeslagdeel van niet-structurele toeslagen | U87: Bruto vergoedingen
A88: Component | C88: percentage | D88: grondslag | F88: bijdrage | G88: totaal | I88: percentage | J88: grondslag | L88: bijdrage | M88: totaal | O88: percentage | P88: grondslag | R88: bijdrage | S88: totaal | U88: percentage | V88: grondslag | X88: bijdrage | Y88: totaal
A89: basis | C89: 100 | D89: 100 | F89: 100 | G89: 100 | I89: 100 | J89: 100 | L89: 100 | M89: 100 | O89: 100 | P89: 100 | R89: 100 | S89: 100 | U89: 100 | V89: 100 | X89: 100 | Y89: 100
A90: wachtdag | D90: =D89 -> 100 | E90: basis | F90: =C90*D90 -> 0 | G90: =G89+F90 -> 100 | J90: =J89 -> 100 | K90: basis | L90: =I90*J90 -> 0 | M90: =M89+L90 -> 100 | P90: =P89 -> 100 | Q90: basis | R90: =O90*P90 -> 0 | S90: =S89+R90 -> 100 | V90: =V89 -> 100 | W90: basis | X90: =U90*V90 -> 0 | Y90: =Y89+X90 -> 100
A91: reserveringen | B91: vakantiedagen | C91: ='Vaste waarden'!$C$24 -> 0.13192818 | D91: =$G$49 -> 100 | E91: basis | F91: =C91*D91 -> 13.192818 | I91: =C91 -> 0.13192818 | J91: =$M$49 -> 100 | K91: basis | L91: =I91*J91 -> 13.192818 | P91: =$S$49 -> 100 | Q91: basis | R91: =O91*P91 -> 0 | V91: =$Y$89 -> 100 | W91: basis | X91: =U91*V91 -> 0
B92: feestdagen | C92: ='Vaste waarden'!$C$26 -> 0 | D92: =$G$49 -> 100 | E92: basis | F92: =C92*D92 -> 0 | J92: =$M$49 -> 100 | K92: basis | L92: =I92*J92 -> 0 | P92: =$S$49 -> 100 | Q92: basis | R92: =O92*P92 -> 0 | V92: =$Y$89 -> 100 | W92: basis | X92: =U92*V92 -> 0
B93: kv/bv | C93: ='Vaste waarden'!$C$31 -> 0 | D93: =$G$49 -> 100 | E93: basis | F93: =C93*D93 -> 0 | J93: =$M$49 -> 100 | K93: basis | L93: =I93*J93 -> 0 | P93: =$S$49 -> 100 | Q93: basis | R93: =O93*P93 -> 0 | V93: =$Y$89 -> 100 | W93: basis | X93: =U93*V93 -> 0
B94: ADV in tijd | C94: ='Vaste waarden'!$C$27 -> 0 | D94: =$G$49 -> 100 | E94: basis | F94: =C94*D94 -> 0 | J94: =$M$49 -> 100 | K94: basis | L94: =I94*J94 -> 0 | P94: =$S$49 -> 100 | Q94: basis | R94: =O94*P94 -> 0 | V94: =$Y$89 -> 100 | W94: basis | X94: =U94*V94 -> 0
B95: totaal | C95: =SUM(C91:C94) -> 0.13192818 | D95: =$G$49 -> 100 | E95: basis | F95: =C95*D95 -> 13.192818 | G95: =G90+F95 -> 113.19282 | I95: =SUM(I91:I94) -> 0.13192818 | J95: =$M$49 -> 100 | K95: basis | L95: =I95*J95 -> 13.192818 | M95: =M90+L95 -> 113.19282 | O95: =SUM(O91:O94) -> 0 | P95: =$S$49 -> 100 | Q95: basis | R95: =O95*P95 -> 0 | S95: =S90+R95 -> 100 | U95: =SUM(U91:U94) -> 0 | V95: =$Y$89 -> 100 | W95: basis | X95: =U95*V95 -> 0 | Y95: =Y90+X95 -> 100
A96: Eindejaarsuitkering | C96: ='Overzicht van invoer'!$F$42 -> 0.083 | D96: =G95 -> 113.19282 | E96: basis+res | F96: =C96*D96 -> 9.3950039 | G96: =G95+F96 -> 122.58782 | I96: =IF(Variabelen!$C$68 ="ja", Variabelen!$F$67, 0)+IF(Variabelen!$C$71 ="ja", Variabelen!$F$70, 0) -> 0 | J96: =M95 -> 113.19282 | K96: basis+res | L96: =I96*J96 -> 0 | M96: =M95+L96 -> 113.19282 | O96: =IF(Variabelen!$C$69 ="ja", Variabelen!$F$67, 0)+IF(Variabelen!$C$72 ="ja", Variabelen!$F$70, 0) -> 0 | P96: =S95 -> 100 | Q96: basis+res | R96: =O96*P96 -> 0 | S96: =S95+R96 -> 100 | V96: =Y95 -> 100 | W96: basis+res | X96: =U96*V96 -> 0 | Y96: =Y95+X96 -> 100
A97: vakantiegeld | C97: ='Vaste waarden'!$C$32 -> 0.08 | D97: =G95 -> 113.19282 | E97: basis+res | F97: =C97*D97 -> 9.0554254 | G97: =G95+F97+F96 -> 131.64325 | I97: =IF(Variabelen!$C$65 ="ja", Variabelen!$F$64, 0) -> 0 | J97: =M95 -> 113.19282 | K97: basis+res | L97: =I97*J97 -> 0 | M97: =M95+L97+L96 -> 113.19282 | O97: =IF(Variabelen!$C$66 ="ja", Variabelen!$F$64, 0) -> 0 | P97: =S95 -> 100 | Q97: basis+res | R97: =O97*P97 -> 0 | S97: =S95+R97+R96 -> 100 | V97: =Y95 -> 100 | W97: basis+res | X97: =U97*V97 -> 0 | Y97: =Y95+X97+X96 -> 100
A98: werkgeverslasten (CAO) | B98: zw-aanvullend | C98: ='Overzicht van invoer'!$F$11*AD46 -> 0 | D98: =$G$56 -> 131.64325 | E98: basis+res | F98: =C98*D98 -> 0 | I98: =C98 -> 0 | J98: =$M$56 -> 113.19282 | K98: basis+res | L98: =I98*J98 -> 0 | O98: =C98 -> 0 | P98: =$S$56 -> 100 | Q98: basis+res | R98: =O98*P98 -> 0 | U98: =I98 -> 0 | V98: =$Y$89 -> 100 | W98: basis+res | X98: =U98*V98 -> 0
B99: pensioen | D99: =$G$56 -> 131.64325 | E99: basis+res | F99: =C99*D99 -> 0 | I99: =C99 -> 0 | J99: =$M$56 -> 113.19282 | K99: basis+res | L99: =I99*J99 -> 0 | O99: =I99 -> 0 | P99: =$S$56 -> 100 | Q99: basis+res | R99: =O99*P99 -> 0 | U99: =O99 -> 0 | V99: =$Y$89 -> 100 | W99: basis+res | X99: =U99*V99 -> 0
B100: sociaal fonds | C100: ='Vaste waarden'!$B$20 -> 0.002 | D100: =$G$56 -> 131.64325 | E100: basis+res | F100: =C100*D100 -> 0.26328649 | I100: =C100 -> 0.002 | J100: =$M$56 -> 113.19282 | K100: basis+res | L100: =I100*J100 -> 0.22638564 | O100: =I100 -> 0.002 | P100: =$S$56 -> 100 | Q100: basis+res | R100: =O100*P100 -> 0.2 | U100: =O100 -> 0.002 | V100: =$Y$89 -> 100 | W100: basis+res | X100: =U100*V100 -> 0.2
B101: Duurzame inzetbaarheid | C101: ='Vaste waarden'!$B$19 -> 0.0122 | D101: =$G$56 -> 131.64325 | E101: basis+res | F101: =C101*D101 -> 1.6060476 | I101: =C101 -> 0.0122 | J101: =$M$56 -> 113.19282 | K101: basis+res | L101: =I101*J101 -> 1.3809524 | O101: =C101 -> 0.0122 | P101: =$S$56 -> 100 | Q101: basis+res | R101: =O101*P101 -> 1.22 | U101: =I101 -> 0.0122 | V101: =$Y$89 -> 100 | W101: basis+res | X101: =U101*V101 -> 1.22
B102: PAWW compensatie | D102: =$G$56 -> 131.64325 | E102: basis+res | F102: =C102*D102 -> 0 | I102: =C102 -> 0 | J102: =$M$56 -> 113.19282 | K102: basis+res | L102: =I102*J102 -> 0 | O102: =I102 -> 0 | P102: =$S$56 -> 100 | Q102: basis+res | R102: =O102*P102 -> 0 | U102: =O102 -> 0 | V102: =$Y$89 -> 100 | W102: basis+res | X102: =U102*V102 -> 0
B103: Transitievergoeding en pensioencompensatie incl. SV | D103: =$G$14 -> 122.58782 | E103: basis+res | F103: =C103*D103 -> 0 | I103: =C103 -> 0 | J103: =$M$14 -> 113.19282 | K103: basis+res | L103: =I103*J103 -> 0 | O103: =I103 -> 0 | P103: =$S$14 -> 100 | Q103: basis+res | R103: =O103*P103 -> 0 | U103: =O103 -> 0 | V103: =$Y$89 -> 100 | W103: basis+res | X103: =U103*V103 -> 0
B104: totaal | C104: =SUM(C98:C103) -> 0.0142 | D104: =$G$56 -> 131.64325 | E104: basis+res | F104: =SUM(F98:F103) -> 1.8693341 | G104: =G97+F104 -> 133.51258 | I104: =SUM(I98:I103) -> 0.0142 | J104: =$M$56 -> 113.19282 | K104: basis+res | L104: =SUM(L98:L103) -> 1.607338 | M104: =M97+L104 -> 114.80016 | O104: =SUM(O98:O103) -> 0.0142 | P104: =$S$56 -> 100 | Q104: basis+res | R104: =O104*P104 -> 1.42 | S104: =S97+R104 -> 101.42 | U104: =SUM(U98:U103) -> 0.0142 | V104: =$Y$89 -> 100 | W104: basis+res | X104: =U104*V104 -> 1.42 | Y104: =Y97+X104 -> 101.42
A105: werkgeverslasten (soc. premies) 3) | B105: ww-premie | D105: =$G$56 -> 131.64325 | E105: basis+res | F105: =C105*D105 -> 0 | I105: =C105 -> 0 | J105: =$M$56 -> 113.19282 | K105: basis+res | L105: =I105*J105 -> 0 | O105: =I105 -> 0 | P105: =$S$56 -> 100 | Q105: basis+res | R105: =O105*P105 -> 0 | U105: =O105 -> 0 | V105: =$Y$89 -> 100 | W105: basis+res | X105: =U105*V105 -> 0
B106: basispremie WAO/WIA (AOF) | D106: =$G$56 -> 131.64325 | E106: basis+res | F106: =C106*D106 -> 0 | I106: =C106 -> 0 | J106: =$M$56 -> 113.19282 | K106: basis+res | L106: =I106*J106 -> 0 | O106: =I106 -> 0 | P106: =$S$56 -> 100 | Q106: basis+res | R106: =O106*P106 -> 0 | U106: =O106 -> 0 | V106: =$Y$89 -> 100 | W106: basis+res | X106: =U106*V106 -> 0
B107: kinderopvang | D107: =$G$56 -> 131.64325 | E107: basis+res | F107: =C107*D107 -> 0 | I107: =C107 -> 0 | J107: =$M$56 -> 113.19282 | K107: basis+res | L107: =I107*J107 -> 0 | O107: =I107 -> 0 | P107: =$S$56 -> 100 | Q107: basis+res | R107: =O107*P107 -> 0 | U107: =O107 -> 0 | V107: =$Y$89 -> 100 | W107: basis+res | X107: =U107*V107 -> 0
B108: gediff. premie WGA na aftrek wn-deel | D108: =$G$56 -> 131.64325 | E108: basis+res | F108: =C108*D108 -> 0 | I108: =C108 -> 0 | J108: =$M$56 -> 113.19282 | K108: basis+res | L108: =I108*J108 -> 0 | O108: =I108 -> 0 | P108: =$S$56 -> 100 | Q108: basis+res | R108: =O108*P108 -> 0 | U108: =O108 -> 0 | V108: =$Y$89 -> 100 | W108: basis+res | X108: =U108*V108 -> 0
B109: gediff. premie ZW-flex 9) | D109: =$G$56 -> 131.64325 | E109: basis+res | F109: =C109*D109 -> 0 | I109: =C109 -> 0 | J109: =$M$56 -> 113.19282 | K109: basis+res | L109: =I109*J109 -> 0 | O109: =I109 -> 0 | P109: =$S$56 -> 100 | Q109: basis+res | R109: =O109*P109 -> 0 | U109: =O109 -> 0 | V109: =$Y$89 -> 100 | W109: basis+res | X109: =U109*V109 -> 0
B110: zvw | C110: ='Vaste waarden'!$B$7 -> 0.061 | D110: =$G$56 -> 131.64325 | E110: basis+res | F110: =C110*D110 -> 8.0302381 | I110: =C110 -> 0.061 | J110: =$M$56 -> 113.19282 | K110: basis+res | L110: =I110*J110 -> 6.9047619 | O110: =I110 -> 0.061 | P110: =$S$56 -> 100 | Q110: basis+res | R110: =O110*P110 -> 6.1 | U110: =O110 -> 0.061 | V110: =$Y$89 -> 100 | W110: basis+res | X110: =U110*V110 -> 6.1
B111: Kosten ZW-Flex of ERD Ziektewet | D111: =$G$15 -> 131.64325 | E111: basis+res | F111: =C111*D111 -> 0 | I111: =C111 -> 0 | J111: =$M$15 -> 113.19282 | K111: basis+res | L111: =I111*J111 -> 0 | O111: =I111 -> 0 | P111: =$S$15 -> 100 | Q111: basis+res | R111: =O111*P111 -> 0 | U111: =O111 -> 0 | V111: =$Y$89 -> 100 | W111: basis+res | X111: =U111*V111 -> 0
B112: Kosten verzuim eerste 4 weken, herverzekerd | C112: ='Overzicht van invoer'!$F$32*$AD$46 -> 0 | D112: =$G$15 -> 131.64325 | E112: basis+res | F112: =C112*D112 -> 0 | I112: =C112 -> 0 | J112: =$M$15 -> 113.19282 | K112: basis+res | L112: =I112*J112 -> 0 | O112: =I112 -> 0 | P112: =$S$15 -> 100 | Q112: basis+res | R112: =O112*P112 -> 0 | U112: =O112 -> 0 | V112: =$Y$89 -> 100 | W112: basis+res | X112: =U112*V112 -> 0
B113: totaal | C113: =SUM(C105:C112) -> 0.061 | D113: =$G$56 -> 131.64325 | E113: basis+res | F113: =C113*D113 -> 8.0302381 | G113: =G104+F113 -> 141.54282 | I113: =SUM(I105:I112) -> 0.061 | J113: =$M$56 -> 113.19282 | K113: basis+res | L113: =I113*J113 -> 6.9047619 | M113: =M104+L113 -> 121.70492 | O113: =SUM(O105:O112) -> 0.061 | P113: =$S$56 -> 100 | Q113: basis+res | R113: =O113*P113 -> 6.1 | S113: =S104+R113 -> 107.52 | U113: =SUM(U105:U112) -> 0.061 | V113: =$Y$89 -> 100 | W113: basis+res | X113: =U113*V113 -> 6.1 | Y113: =Y104+X113 -> 107.52
...

Sheet Fase B-3
B1: Kostprijsberekening
B2: Organisatie | C2: ='Overzicht van invoer'!C3 -> Stichting Hanzehogeschool Groningen
B3: CAO | C3: ='Overzicht van invoer'!F4 -> ABU
B4: Fase en soort | C4: =IF(C3="ABU","Fase B",IF(C3="NBBU","Fase 3",)) -> Fase B
B5: Urensoort | C5: Normaal
B7: Component | D7: Percentage | E7: Grondslag | G7: Bijdrage | H7: Totaal
B8: Basis | D8: 1 | E8: 100 | G8: 100 | H8: 100
E9: =E8 -> 100 | F9: basis | G9: =D9*E9 -> 0 | H9: =H8+G9 -> 100
B10: Reserveringen | C10: Vakantiedagen, seniorendagen, etc. | D10: ='Vaste waarden'!$C$24 -> 0.13192818 | E10: =$H$9 -> 100 | F10: basis | G10: =D10*E10 -> 13.192818
C11: Feestdagen en doorbetaalde opleidingsdagen | D11: ='Vaste waarden'!$C$26 -> 0 | E11: =$H$9 -> 100 | F11: basis | G11: =D11*E11 -> 0
C12: Kort verzuim / Bijzonder verlof/extra verlofdagen | D12: ='Vaste waarden'!$C$31 -> 0 | E12: =$H$9 -> 100 | F12: basis | G12: =D12*E12 -> 0
C13: ADV in tijd | D13: ='Vaste waarden'!$C$27 -> 0 | E13: =$H$9 -> 100 | F13: basis | G13: =D13*E13 -> 0
C14: Totaal | D14: =SUM(D10:D13) -> 0.13192818 | E14: =$H$9 -> 100 | F14: basis | G14: =D14*E14 -> 13.192818 | H14: =H9+G14 -> 113.19282
B15: Alle componenten met dezelfde grondslag als het vakantiegeld. Denk aan EJU, 13e maand, 14e periode, IKB, etc. | D15: ='Overzicht van invoer'!F42 -> 0.083 | E15: =H14 -> 113.19282 | F15: basis+res | G15: =D15*E15 -> 9.3950039 | H15: =H14+G15 -> 122.58782
B16: Vakantiegeld | D16: ='Vaste waarden'!$C$32 -> 0.08 | E16: =H14 -> 113.19282 | F16: basis+res | G16: =D16*E16 -> 9.0554254 | H16: =H14+G16+G15 -> 131.64325
B17: Werkgeverslasten (CAO) | C17: ZW-aanvullend | E17: =$H$16 -> 131.64325 | F17: basis+res | G17: =D17*E17 -> 0
C18: Pensioen* | D18: ='Overzicht van invoer'!$F$13 -> 0.10402828 | E18: =$H$16 -> 131.64325 | F18: basis+res | G18: =D18*E18 -> 13.69462
C19: Sociaal fonds | E19: =$H$16 -> 131.64325 | F19: basis+res | G19: =D19*E19 -> 0
C20: Duurzame inzetbaarheid | D20: ='Vaste waarden'!$B$19 -> 0.0122 | E20: =$H$16 -> 131.64325 | F20: basis+res | G20: =D20*E20 -> 1.6060476
C21: PAWW compensatie | D21: ='Vaste waarden'!$B$10 -> 0 | E21: =$H$16 -> 131.64325 | F21: basis+res | G21: =D21*E21 -> 0
C22: Transitievergoeding | D22: ='Overzicht van invoer'!$F$43 -> 0 | E22: =$H$16 -> 131.64325 | F22: basis+res | G22: =D22*E22 -> 0
C23: Transitievergoeding en pensioencompensatie incl. SV | D23: ='Hulpblad pensioenpremie'!$N$3 -> 0.037532107 | E23: =$H$16 -> 131.64325 | F23: basis+res | G23: =D23*E23 -> 4.9408484
C24: Totaal | D24: =SUM(D17:D23) -> 0.15376038 | E24: =$H$16 -> 131.64325 | F24: basis+res | G24: =SUM(G17:G23) -> 20.241516 | H24: =H16+G24 -> 151.88476
B25: Werkgeverslasten (soc. premies) ** | C25: Werkloosheidswet AWF (WW premie) | D25: ='Vaste waarden'!$B$3 -> 0.0774 | E25: =$H$16 -> 131.64325 | F25: basis+res | G25: =D25*E25 -> 10.189187
C26: Basispremie WAO/WIA | D26: =Bedrijfswaardes!$C$15 -> 0.0763 | E26: =$H$16 -> 131.64325 | F26: basis+res | G26: =D26*E26 -> 10.04438
C27: Kinderopvang | D27: ='Vaste waarden'!$B$6 -> 0.005 | E27: =$H$16 -> 131.64325 | F27: basis+res | G27: =D27*E27 -> 0.65821624
C28: gediff. premie WGA na aftrek wn-deel | D28: ='Overzicht van invoer'!$F$22+'Overzicht van invoer'!F23 -> 0 | E28: =$H$16 -> 131.64325 | F28: basis+res | G28: =D28*E28 -> 0
C29: Kosten ZW-Flex of ERD Ziektewet | D29: =Variabelen!$F$24 -> 0 | E29: =$H$16 -> 131.64325 | F29: basis+res | G29: =D29*E29 -> 0
C30: Kosten verzuim, herverzekerd | D30: ='Overzicht van invoer'!$F$37 -> 0 | E30: =$H$16 -> 131.64325 | F30: basis+res | G30: =D30*E30 -> 0
C31: ZVW | D31: ='Vaste waarden'!$B$7 -> 0.061 | E31: =$H$16 -> 131.64325 | F31: basis+res | G31: =D31*E31 -> 8.0302381
C32: Totaal | D32: =SUM(D25:D31) -> 0.2197 | E32: =$H$16 -> 131.64325 | F32: basis+res | G32: =D32*E32 -> 28.922021 | H32: =H24+G32 -> 180.80679
B33: Contractverplichtingen | D33: ='Overzicht van invoer'!$F$29 -> 0 | E33: =$H$32 -> 180.80679 | F33: basis+res+wglasten | G33: =D33*E33 -> 0
C34: Kosten verzuim tijdens dienstverband | D34: =Variabelen!F38 -> 0 | E34: =$H$32 -> 180.80679 | F34: basis+res+wglasten | G34: =D34*E34 -> 0
C35: Doorbetaling bij leegloop | D35: =Variabelen!F47 -> 0 | E35: =$H$32 -> 180.80679 | F35: basis+res+wglasten | G35: =D35*E35 -> 0
B36: Overige directe kosten / niet direct in geld waardeerbare kosten | C36: Eventueel nog zelf toe te voegen kosten | D36: ='Overzicht van invoer'!F47 -> 0 | E36: =$H$32 -> 180.80679 | F36: basis+res+wglasten | G36: =D36*E36 -> 0
C37: Totaal | D37: =SUM(D33:D36) -> 0 | E37: =$H$32 -> 180.80679 | F37: basis+res+wglasten | G37: =D37*E37 -> 0
C38: Totaal | H38: =H32+G37 -> 180.80679
B40: * | C40: De kosten voor pensioen verschillen per kandidaat, afhankelijk van de regeling die geldt.
B41: ** | C41: Door de franchise op het werknemersdeel van de pensioenpremie en zw-aanvullend is de exacte grondslag afhankelijk van het feitelijke uurloon.
C42: Hier is geen generieke berekening mogelijk. De franchise is buiten beschouwing gelaten en leidt tot een klein voordeel in de nacalculatorische kostprijs.
B45: Kostprijsfactoren normale uren en ADV in geld | D45: Kostprijsfactoren structurele toeslagen (ORT en Ploegendienst) | H45: Kostprijsfactor overwerk | K45: Kostprijsfactor kostenvergoedingen
B46: Kandidaat met pensioen | C46: ='IB+IIB B-3'!G38 -> 1.8080679 | D46: Structurele toeslagen | F46: ='IB+IIB B-3'!M38 -> 1.6179724 | H46: Overwerk | J46: ='IB+IIB B-3'!S38 -> 1.429395 | K46: Kostenvergoeding | L46: ='IB+IIB B-3'!Y38 -> 1.429395
B49: AOW-er tot 67 jaar | C49: ='IB+IIB B-3'!G78 -> 1.6004175 | D49: Structurele toeslagen | F49: ='IB+IIB B-3'!M78 -> 1.4383354 | H49: Bruto vergoeding/overwerk | J49: ='IB+IIB B-3'!S78 -> 1.2157232 | K49: Bruto vergoeding/overwerk | L49: ='I '!AB77 -> 0
B51: AOW-er | C51: ='IB+IIB B-3'!G119 -> 1.4127953 | D51: Structurele toeslagen | F51: ='IB+IIB B-3'!M119 -> 1.2147853 | H51: Overwerk | J51: ='IB+IIB B-3'!S119 -> 1.0732 | K51: Kostenvergoeding | L51: ='IB+IIB B-3'!Y119 -> 1.0732
B52: Vakantiekracht zonder pensioen | C52: n.v.t. | D52: Structurele toeslagen | F52: n.v.t. | H52: Bruto vergoeding/overwerk | J52: n.v.t.
B53: Vakantiekracht met pensioen | C53: n.v.t. | D53: Structurele toeslagen | F53: n.v.t. | H53: Bruto vergoeding/overwerk | J53: n.v.t.
B55: Transitievergoeding | C55: =1+'Vaste waarden'!B7 -> 1.061
B57: Selecteer via de uitvallijst het gewenste contractype
B58: Kandidaat met pensioen | C58: =IFERROR(VLOOKUP($B$58,$B$46:$L$55,2,FALSE),0) -> 1.8080679 | D58: =D46 -> Structurele toeslagen | F58: =IFERROR(VLOOKUP($B$58,$B$46:$L$56,5,FALSE),0) -> 1.6179724 | H58: =H46 -> Overwerk | J58: =IFERROR(VLOOKUP($B$58,$B$46:$L$55,9,FALSE),0) -> 1.429395 | K58: Vergoedingen | L58: =IFERROR(VLOOKUP($B$58,$B$46:$L$55,11,FALSE),0) -> 1.429395
B60: =B58 -> Kandidaat met pensioen | D60: Percentages | F60: Nominaal | G60: Kostprijs | I60: Tarief
B61: uurloon | F61: ='Overzicht van invoer'!F54 -> 22.98 | H61: =F61*C58 -> 41.549399 | I61: =H61/(1-'Overzicht van invoer'!D70) -> 41.549399
B62: aantal normale uren per week | D62: ='Overzicht van invoer'!D55 -> 1 | F62: ='Overzicht van invoer'!F55 -> 36 | H62: ='Overzicht van invoer'!F55*F61*C58 -> 1495.7784 | I62: =H62/(1-'Overzicht van invoer'!$D$70) -> 1495.7784
B63: ADV in geld als % van uurloon | D63: ='Overzicht van invoer'!D56 -> 0 | F63: ='Overzicht van invoer'!F56 -> 0 | H63: ='Overzicht van invoer'!F55*'Overzicht van invoer'!F56*F58 -> 0 | I63: =H63/(1-'Overzicht van invoer'!$D$70) -> 0
B64: Waarvan toeslaguren, percentage en aantal uur per week | D64: ='Overzicht van invoer'!D57 -> 0 | F64: ='Overzicht van invoer'!F57 -> 0 | H64: ='Overzicht van invoer'!F57*'Overzicht van invoer'!D57*F61*F58 -> 0 | I64: =H64/(1-'Overzicht van invoer'!$D$71) -> 0
B65: Waarvan toeslaguren, percentage en aantal uur per week | D65: ='Overzicht van invoer'!D58 -> 0 | F65: ='Overzicht van invoer'!F58 -> 0 | H65: ='Overzicht van invoer'!F58*'Overzicht van invoer'!D58*$F$61*F58 -> 0 | I65: =H65/(1-'Overzicht van invoer'!$D$71) -> 0
B66: Waarvan toeslaguren, percentage en aantal uur per week | D66: ='Overzicht van invoer'!D59 -> 0 | F66: ='Overzicht van invoer'!F59 -> 0 | H66: ='Overzicht van invoer'!F59*'Overzicht van invoer'!D59*$F$61*F58 -> 0 | I66: =H66/(1-'Overzicht van invoer'!$D$71) -> 0
B67: Overwerk, percentage en aantal uur per week | D67: ='Overzicht van invoer'!D60 -> 0 | F67: ='Overzicht van invoer'!F60 -> 0 | H67: =(1+'Overzicht van invoer'!D60)*'Overzicht van invoer'!F60*'Overzicht van invoer'!F54*J58 -> 0 | I67: =H67/(1-'Overzicht van invoer'!$D$72) -> 0
B68: Overwerk, percentage en aantal uur per week | D68: ='Overzicht van invoer'!D61 -> 0 | F68: ='Overzicht van invoer'!F61 -> 0 | H68: =(1+'Overzicht van invoer'!D61)*'Overzicht van invoer'!F61*'Overzicht van invoer'!$F$54*J58 -> 0 | I68: =H68/(1-'Overzicht van invoer'!$D$72) -> 0
B69: Overwerk, percentage en aantal uur per week | D69: ='Overzicht van invoer'!D62 -> 0 | F69: ='Overzicht van invoer'!F62 -> 0 | H69: =(1+'Overzicht van invoer'!D62)*'Overzicht van invoer'!F62*'Overzicht van invoer'!$F$54*J58 -> 0 | I69: =H69/(1-'Overzicht van invoer'!$D$72) -> 0
B70: Netto reiskostenvergoeding woon/werk per dag | H70: =5*$F$70 -> 0 | I70: =$H$70 -> 0
B71: Totaal van bruto vergoedingen per week | F71: ='Overzicht van invoer'!F64 -> 0 | H71: =F71*L58 -> 0 | I71: =$H$71/(1-'Overzicht van invoer'!D73) -> 0
B72: Totaal van netto vergoedingen per week | F72: ='Overzicht van invoer'!F65 -> 0 | H72: =$F$72 -> 0 | I72: =$H$72 -> 0
B73: Totale loonkosten resp. factuurbedrag per week | H73: =SUM(H62:H72) -> 1495.7784 | I73: =SUM(I62:I72) -> 1495.7784
B74: Totale loonkosten per uur | H74: =H73/('Overzicht van invoer'!F55+'Overzicht van invoer'!F60+'Overzicht van invoer'!F61+'Overzicht van invoer'!F62) -> 41.549399 | I74: =I73/('Overzicht van invoer'!F55+'Overzicht van invoer'!F60+'Overzicht van invoer'!F61+'Overzicht van invoer'!F62) -> 41.549399
B75: Gewogen factor | H75: =H74/$F$61 -> 1.8080679 | I75: =I74/$F$61 -> 1.8080679

Sheet IB+IIB B-3
B2: Reguliere werknemers
A4: factor voor: | B4: Normale uren voor reguliere werknemers | H4: toeslagdeel van de structurele toeslagen | O4: Overwerk en toeslagdeel van niet-structurele toeslagen | U4: Bruto vergoedingen
A5: Component | C5: percentage | D5: grondslag | F5: bijdrage | G5: totaal | I5: percentage | J5: grondslag | L5: bijdrage | M5: totaal | O5: percentage | P5: grondslag | R5: bijdrage | S5: totaal | U5: percentage | V5: grondslag | X5: bijdrage | Y5: totaal | AD5: veld dat afhankelijk is van RG, zowel verwijzing als tekst
A6: basis | C6: 100 | D6: 100 | F6: 100 | G6: 100 | I6: 100 | J6: 100 | L6: 100 | M6: 100 | O6: 100 | P6: 100 | R6: 100 | S6: 100 | U6: 100 | V6: 100 | X6: 100 | Y6: 100 | AD6: veld dat afhankelijk is van fase
A7: wachtdag | D7: =D6 -> 100 | E7: basis | F7: =C7*D7 -> 0 | G7: =G6+F7 -> 100 | J7: =J6 -> 100 | K7: basis | L7: =I7*J7 -> 0 | M7: =M6+L7 -> 100 | P7: =P6 -> 100 | Q7: basis | R7: =O7*P7 -> 0 | S7: =S6+R7 -> 100 | V7: =V6 -> 100 | W7: basis | X7: =U7*V7 -> 0 | Y7: =Y6+X7 -> 100
A8: reserveringen | B8: Vakantiedagen, seniorendagen, etc. | C8: ='Vaste waarden'!$C$24 -> 0.13192818 | D8: =$G$7 -> 100 | E8: basis | F8: =C8*D8 -> 13.192818 | I8: =C8 -> 0.13192818 | J8: =$M$7 -> 100 | K8: basis | L8: =I8*J8 -> 13.192818 | P8: =$S$7 -> 100 | Q8: basis | R8: =O8*P8 -> 0 | V8: =$Y$7 -> 100 | W8: basis | X8: =U8*V8 -> 0 | AD8: grondslag nog te bepalen
B9: Feestdagen en doorbetaalde opleidingsdagen | C9: ='Vaste waarden'!$C$26 -> 0 | D9: =$G$7 -> 100 | E9: basis | F9: =C9*D9 -> 0 | J9: =$M$7 -> 100 | K9: basis | L9: =I9*J9 -> 0 | P9: =$S$7 -> 100 | Q9: basis | R9: =O9*P9 -> 0 | V9: =$Y$7 -> 100 | W9: basis | X9: =U9*V9 -> 0
B10: Kort verzuim / Bijzonder verlof/extra verlofdagen | C10: ='Vaste waarden'!$C$31 -> 0 | D10: =$G$7 -> 100 | E10: basis | F10: =C10*D10 -> 0 | I10: =C10 -> 0 | J10: =$M$7 -> 100 | K10: basis | L10: =I10*J10 -> 0 | P10: =$S$7 -> 100 | Q10: basis | R10: =O10*P10 -> 0 | V10: =$Y$7 -> 100 | W10: basis | X10: =U10*V10 -> 0
B11: ADV in tijd | C11: ='Vaste waarden'!$C$27 -> 0 | D11: =$G$7 -> 100 | E11: basis | F11: =C11*D11 -> 0 | J11: =$M$7 -> 100 | K11: basis | L11: =I11*J11 -> 0 | P11: =$S$7 -> 100 | Q11: basis | R11: =O11*P11 -> 0 | V11: =$Y$7 -> 100 | W11: basis | X11: =U11*V11 -> 0
B12: totaal | C12: =SUM(C8:C11) -> 0.13192818 | D12: =$G$7 -> 100 | E12: basis | F12: =C12*D12 -> 13.192818 | G12: =G7+F12 -> 113.19282 | I12: =SUM(I8:I11) -> 0.13192818 | J12: =$M$7 -> 100 | K12: basis | L12: =I12*J12 -> 13.192818 | M12: =M7+L12 -> 113.19282 | O12: =SUM(O8:O11) -> 0 | P12: =$S$7 -> 100 | Q12: basis | R12: =O12*P12 -> 0 | S12: =S7+R12 -> 100 | U12: =SUM(U8:U11) -> 0 | V12: =$Y$7 -> 100 | W12: basis | X12: =U12*V12 -> 0 | Y12: =Y7+X12 -> 100
A13: Eindejaarsuitkering | C13: ='Overzicht van invoer'!$F$42 -> 0.083 | D13: =G12 -> 113.19282 | E13: basis+res | F13: =C13*D13 -> 9.3950039 | G13: =G12+F13 -> 122.58782 | I13: =IF(Variabelen!$C$68 ="ja", Variabelen!$F$67, 0)+IF(Variabelen!$C$71 ="ja", Variabelen!$F$70, 0) -> 0 | J13: =M12 -> 113.19282 | K13: basis+res | L13: =I13*J13 -> 0 | M13: =M12+L13 -> 113.19282 | O13: =IF(Variabelen!$C$69 ="ja", Variabelen!$F$67, 0)+IF(Variabelen!$C$72 ="ja", Variabelen!$F$70, 0) -> 0 | P13: =S12 -> 100 | Q13: basis+res | R13: =O13*P13 -> 0 | S13: =S12+R13 -> 100 | V13: =Y12 -> 100 | W13: basis+res | X13: =U13*V13 -> 0 | Y13: =Y12+X13 -> 100
A14: vakantiegeld | C14: ='Vaste waarden'!$C$32 -> 0.08 | D14: =G12 -> 113.19282 | E14: basis+res | F14: =C14*D14 -> 9.0554254 | G14: =G12+F14+F13 -> 131.64325 | I14: =IF(Variabelen!$C$65 ="ja", Variabelen!$F$64, 0) -> 0 | J14: =M12 -> 113.19282 | K14: basis+res | L14: =I14*J14 -> 0 | M14: =M12+L14+L13 -> 113.19282 | O14: =IF(Variabelen!$C$66 ="ja", Variabelen!$F$64, 0) -> 0 | P14: =S12 -> 100 | Q14: basis+res | R14: =O14*P14 -> 0 | S14: =S12+R14+R13 -> 100 | V14: =Y12 -> 100 | W14: basis+res | X14: =U14*V14 -> 0 | Y14: =Y12+X14+X13 -> 100
A15: werkgeverslasten (CAO) | B15: zw-aanvullend | C15: =Variabelen!F24/0.7*0.3 -> 0 | D15: =$G$14 -> 131.64325 | E15: basis+res | F15: =C15*D15 -> 0 | I15: =C15 -> 0 | J15: =$M$14 -> 113.19282 | K15: basis+res | L15: =I15*J15 -> 0 | O15: =C15 -> 0 | P15: =$S$14 -> 100 | Q15: basis+res | R15: =O15*P15 -> 0 | U15: =I15 -> 0 | V15: =$Y$14 -> 100 | W15: basis+res | X15: =U15*V15 -> 0
B16: pensioen | C16: ='Overzicht van invoer'!$F$13 -> 0.10402828 | D16: =$G$14 -> 131.64325 | E16: basis+res | F16: =C16*D16 -> 13.69462 | I16: ='Vaste waarden'!$B$36 -> 0.159 | J16: =$M$14 -> 113.19282 | K16: basis+res | L16: =I16*J16 -> 17.997658 | O16: ='Vaste waarden'!$B$36 -> 0.159 | P16: =$S$14 -> 100 | Q16: basis+res | R16: =O16*P16 -> 15.9 | U16: =I16 -> 0.159 | V16: =$Y$14 -> 100 | W16: basis+res | X16: =U16*V16 -> 15.9
B17: sociaal fonds | D17: =$G$14 -> 131.64325 | E17: basis+res | F17: =C17*D17 -> 0 | I17: =C17 -> 0 | J17: =$M$14 -> 113.19282 | K17: basis+res | L17: =I17*J17 -> 0 | O17: =I17 -> 0 | P17: =$S$14 -> 100 | Q17: basis+res | R17: =O17*P17 -> 0 | U17: =O17 -> 0 | V17: =$Y$14 -> 100 | W17: basis+res | X17: =U17*V17 -> 0
B18: Duurzame inzetbaarheid | C18: ='Vaste waarden'!$B$19 -> 0.0122 | D18: =$G$14 -> 131.64325 | E18: basis+res | F18: =C18*D18 -> 1.6060476 | I18: =C18 -> 0.0122 | J18: =$M$14 -> 113.19282 | K18: basis+res | L18: =I18*J18 -> 1.3809524 | O18: =C18 -> 0.0122 | P18: =$S$14 -> 100 | Q18: basis+res | R18: =O18*P18 -> 1.22 | U18: =I18 -> 0.0122 | V18: =$Y$14 -> 100 | W18: basis+res | X18: =U18*V18 -> 1.22
B19: PAWW compensatie | C19: ='Vaste waarden'!$B$10 -> 0 | D19: =$G$14 -> 131.64325 | E19: basis+res | F19: =C19*D19 -> 0 | I19: =C19 -> 0 | J19: =$M$14 -> 113.19282 | K19: basis+res | L19: =I19*J19 -> 0 | O19: =I19 -> 0 | P19: =$S$14 -> 100 | Q19: basis+res | R19: =O19*P19 -> 0 | U19: =O19 -> 0 | V19: =$Y$14 -> 100 | W19: basis+res | X19: =U19*V19 -> 0
B20: Transitievergoeding | C20: ='Overzicht van invoer'!$F$43 -> 0 | D20: =$G$14 -> 131.64325 | E20: basis+res | F20: =C20*D20 -> 0 | I20: =C20 -> 0 | J20: =$M$14 -> 113.19282 | K20: basis+res | L20: =I20*J20 -> 0 | O20: =C20 -> 0 | P20: =$S$14 -> 100 | Q20: basis+res | R20: =O20*P20 -> 0 | V20: =$Y$14 -> 100 | W20: basis+res | X20: =U20*V20 -> 0
B21: Pensioencompensatie, incl. premie SV en pensioen | C21: ='Hulpblad pensioenpremie'!$N$3 -> 0.037532107 | D21: =$G$14 -> 131.64325 | E21: basis+res | F21: =C21*D21 -> 4.9408484 | I21: ='Vaste waarden'!B40*Variabelen!$F$95 -> 0.038494952 | J21: =$M$14 -> 113.19282 | K21: basis+res | L21: =I21*J21 -> 4.3573521 | O21: =I21 -> 0.038494952 | P21: =$S$14 -> 100 | Q21: basis+res | R21: =O21*P21 -> 3.8494952 | U21: =I21 -> 0.038494952 | V21: =$Y$14 -> 100 | W21: basis+res | X21: =U21*V21 -> 3.8494952
B22: totaal | C22: =SUM(C15:C21) -> 0.15376038 | D22: =$G$14 -> 131.64325 | E22: basis+res | F22: =SUM(F15:F21) -> 20.241516 | G22: =G14+F22 -> 151.88476 | I22: =SUM(I15:I21) -> 0.20969495 | J22: =$M$14 -> 113.19282 | K22: basis+res | L22: =SUM(L15:L21) -> 23.735963 | M22: =M14+L22 -> 136.92878 | O22: =SUM(O15:O21) -> 0.20969495 | P22: =$S$14 -> 100 | Q22: basis+res | R22: =O22*P22 -> 20.969495 | S22: =S14+R22 -> 120.9695 | U22: =SUM(U15:U21) -> 0.20969495 | V22: =$Y$14 -> 100 | W22: basis+res | X22: =U22*V22 -> 20.969495 | Y22: =Y14+X22 -> 120.9695
A23: werkgeverslasten (soc. premies) 3) | B23: ww-premie | C23: ='Vaste waarden'!$B$3 -> 0.0774 | D23: =$G$14 -> 131.64325 | E23: basis+res | F23: =C23*D23 -> 10.189187 | I23: =C23 -> 0.0774 | J23: =$M$14 -> 113.19282 | K23: basis+res | L23: =I23*J23 -> 8.7611241 | O23: =I23 -> 0.0774 | P23: =$S$14 -> 100 | Q23: basis+res | R23: =O23*P23 -> 7.74 | U23: =O23 -> 0.0774 | V23: =$Y$14 -> 100 | W23: basis+res | X23: =U23*V23 -> 7.74
B24: basispremie WAO/WIA (AOF) | C24: =Bedrijfswaardes!$C$15 -> 0.0763 | D24: =$G$14 -> 131.64325 | E24: basis+res | F24: =C24*D24 -> 10.04438 | I24: =C24 -> 0.0763 | J24: =$M$14 -> 113.19282 | K24: basis+res | L24: =I24*J24 -> 8.636612 | O24: =I24 -> 0.0763 | P24: =$S$14 -> 100 | Q24: basis+res | R24: =O24*P24 -> 7.63 | U24: =O24 -> 0.0763 | V24: =$Y$14 -> 100 | W24: basis+res | X24: =U24*V24 -> 7.63
B25: kinderopvang | C25: ='Vaste waarden'!$B$6 -> 0.005 | D25: =$G$14 -> 131.64325 | E25: basis+res | F25: =C25*D25 -> 0.65821624 | I25: =C25 -> 0.005 | J25: =$M$14 -> 113.19282 | K25: basis+res | L25: =I25*J25 -> 0.56596409 | O25: =I25 -> 0.005 | P25: =$S$14 -> 100 | Q25: basis+res | R25: =O25*P25 -> 0.5 | U25: =O25 -> 0.005 | V25: =$Y$14 -> 100 | W25: basis+res | X25: =U25*V25 -> 0.5
B26: gediff. premie WGA na aftrek wn-deel | C26: ='Overzicht van invoer'!$F$22 -> 0 | D26: =$G$14 -> 131.64325 | E26: basis+res | F26: =C26*D26 -> 0 | I26: =C26 -> 0 | J26: =$M$14 -> 113.19282 | K26: basis+res | L26: =I26*J26 -> 0 | O26: =I26 -> 0 | P26: =$S$14 -> 100 | Q26: basis+res | R26: =O26*P26 -> 0 | U26: =O26 -> 0 | V26: =$Y$14 -> 100 | W26: basis+res | X26: =U26*V26 -> 0
B27: gediff. premie ZW-flex 5) | C27: ='Overzicht van invoer'!$F$23 -> 0 | D27: =$G$14 -> 131.64325 | E27: basis+res | F27: =C27*D27 -> 0 | I27: =C27 -> 0 | J27: =$M$14 -> 113.19282 | K27: basis+res | L27: =I27*J27 -> 0 | O27: =I27 -> 0 | P27: =$S$14 -> 100 | Q27: basis+res | R27: =O27*P27 -> 0 | U27: =O27 -> 0 | V27: =$Y$14 -> 100 | W27: basis+res | X27: =U27*V27 -> 0
B28: zvw | C28: ='Vaste waarden'!$B$7 -> 0.061 | D28: =$G$14 -> 131.64325 | E28: basis+res | F28: =C28*D28 -> 8.0302381 | I28: =C28 -> 0.061 | J28: =$M$14 -> 113.19282 | K28: basis+res | L28: =I28*J28 -> 6.9047619 | O28: =I28 -> 0.061 | P28: =$S$14 -> 100 | Q28: basis+res | R28: =O28*P28 -> 6.1 | U28: =O28 -> 0.061 | V28: =$Y$14 -> 100 | W28: basis+res | X28: =U28*V28 -> 6.1
B29: Kosten ZW-Flex of ERD Ziektewet | C29: =Variabelen!$F$24 -> 0 | D29: =$G$14 -> 131.64325 | E29: basis+res | F29: =C29*D29 -> 0 | I29: =C29 -> 0 | J29: =$M$14 -> 113.19282 | K29: basis+res | L29: =I29*J29 -> 0 | O29: =I29 -> 0 | P29: =$S$14 -> 100 | Q29: basis+res | R29: =O29*P29 -> 0 | U29: =O29 -> 0 | V29: =$Y$14 -> 100 | W29: basis+res | X29: =U29*V29 -> 0
